Workbook

Sheet Summary

Sheet Student base
B1: Student Base
B2: Summary
B4: # of students | C4: 1Q18 | D4: 2Q18 | E4: 3Q18 | F4: 4Q18 | G4: 1Q19 | H4: 2Q19 | I4: 3Q19 | J4: 4Q19 | K4: 1Q20 | L4: 2Q20 | M4: 3Q20 | N4: 4Q20 | O4: 1Q21 | P4: 2Q21 | Q4: 3Q21 | R4: 4Q21 | S4: 1Q22 | T4: 2Q22 | U4: 3Q22 | V4: 4Q22 | W4: 1Q23 | X4: 2Q23 | Y4: 3Q23 | Z4: 4Q23 | AA4: 1Q24 | AB4: 2Q24 | AC4: 3Q24 | AD4: 4Q24 | AE4: 1Q25 | AF4: 2Q25 | AG4: 3Q25
B5: Undegraduate | C5: n/a | D5: n/a | E5: n/a | F5: n/a | G5: n/a | H5: n/a | I5: n/a | J5: n/a | K5: =SUM(K6:K8) -> 120447 | L5: =SUM(L6:L8) -> 113654 | M5: =SUM(M6:M8) -> 114257 | N5: =SUM(N6:N8) -> 108827 | O5: =SUM(O6:O8) -> 133791 | P5: =SUM(P6:P8) -> 316334 | Q5: =SUM(Q6:Q8) -> 306700 | R5: =SUM(R6:R8) -> 318323 | ... Z5: =SUM(Z6:Z8) -> 343168 | AA5: 336828 | AB5: =SUM(AB6:AB8) -> 342307 | AC5: 323127 | AD5: =SUM(AD6:AD8) -> 324846 | AE5: =SUM(AE6:AE8) -> 334069 | AF5: 332865 | AG5: 312408
B6: Ânima Core | C6: n/a | D6: n/a | E6: n/a | F6: n/a | G6: n/a | H6: n/a | I6: n/a | J6: n/a | K6: 118481 | L6: 111068 | M6: 111582 | N6: 106120 | O6: 125158 | P6: 247638 | Q6: 239722 | R6: 232890 | S6: 239282 | T6: 224013 | U6: 221827 | V6: 213697 | W6: 229419 | X6: 220287 | Y6: 213334 | Z6: 205273 | AA6: 208939 | AB6: 202681 | AC6: 196647 | AD6: 191351 | AE6: 207429 | AF6: 199991 | AG6: 194838
B7: Distance Learning | C7: n/a | D7: n/a | E7: n/a | F7: n/a | G7: n/a | H7: n/a | I7: n/a | J7: n/a | K7: 381 | L7: 441 | M7: 232 | N7: 283 | O7: 3793 | P7: 58711 | Q7: 57117 | R7: 75506 | S7: 80072 | T7: 91503 | U7: 94371 | V7: 107278 | W7: 107176 | X7: 120893 | Y7: 109547 | Z7: 126361 | AA7: 115906 | AB7: 127408 | AC7: 114854 | AD7: 121879 | AE7: 114564 | AF7: 120681 | AG7: 105349
B8: Inspirali | C8: n/a | D8: n/a | E8: n/a | F8: n/a | G8: n/a | H8: n/a | I8: n/a | J8: n/a | K8: 1585 | L8: 2145 | M8: 2443 | N8: 2424 | O8: 4840 | P8: 9985 | Q8: 9861 | R8: 9927 | S8: 10754 | T8: 11019 | U8: 10804 | V8: 10837 | W8: 11921 | X8: 12038 | Y8: 11445 | Z8: 11534 | AA8: 11983 | AB8: 12218 | AC8: 11626 | AD8: 11616 | AE8: 12076 | AF8: 12193 | AG8: 12221
B9: Others | C9: n/a | D9: n/a | E9: n/a | F9: n/a | G9: n/a | H9: n/a | I9: n/a | J9: n/a | K9: =SUM(K10:K10) -> 1409 | L9: =SUM(L10:L10) -> 1358 | M9: =SUM(M10:M10) -> 1420 | N9: =SUM(N10:N10) -> 1405 | O9: =SUM(O10:O10) -> 1822 | P9: =SUM(P10:P10) -> 3930 | Q9: =SUM(Q10:Q10) -> 3862 | R9: =SUM(R10:R10) -> 2698 | ... Z9: =SUM(Z10:Z10) -> 2080 | AA9: 2025 | AB9: =AB10 -> 1997 | AC9: 1707 | AD9: =AD10 -> 1718 | AE9: =AE10 -> 1853 | AF9: 1847 | AG9: 1580
B10: Ânima Core | C10: n/a | D10: n/a | E10: n/a | F10: n/a | G10: n/a | H10: n/a | I10: n/a | J10: n/a | K10: 1409 | L10: 1358 | M10: 1420 | N10: 1405 | O10: 1822 | P10: 3930 | Q10: 3862 | R10: 2698 | S10: 2701 | T10: 2651 | U10: 2542 | V10: 2159 | W10: 1864 | X10: 1848 | Y10: 1914 | Z10: 2080 | AA10: 2025 | AB10: 1997 | AC10: 1707 | AD10: 1718 | AE10: 1853 | AF10: 1847 | AG10: 1580
B11: Academic Education | C11: n/a | D11: n/a | E11: n/a | F11: n/a | G11: n/a | H11: n/a | I11: n/a | J11: n/a | K11: =K5+K9 -> 121856 | L11: =L5+L9 -> 115012 | M11: =M5+M9 -> 115677 | N11: =N5+N9 -> 110232 | O11: =O5+O9 -> 135613 | P11: =P5+P9 -> 320264 | Q11: =Q5+Q9 -> 310562 | R11: =R5+R9 -> 321021 | ... Z11: =Z5+Z9 -> 345248 | AA11: 338853 | AB11: =SUM(AB5,AB9) -> 344304 | AC11: 324834 | AD11: =AD5+AD9 -> 326564 | AE11: =SUM(AE5,AE9) -> 335922 | AF11: 334712 | AG11: 313988
B13: Ânima Core | C13: n/a | D13: n/a | E13: n/a | F13: n/a | G13: n/a | H13: n/a | I13: n/a | J13: n/a | K13: 18380 | L13: 18932 | M13: 23054 | N13: 31692 | O13: 30420 | P13: 36946 | Q13: 33181 | R13: 29974 | S13: 28985 | T13: 26037 | U13: 28353 | V13: 27493 | W13: 28033 | X13: 28041 | Y13: 29262 | Z13: 37131 | AA13: 22515 | AB13: 16261 | AC13: 28215.333 | AD13: 12196 | AE13: 10680 | AF13: 8562 | AG13: 7388
B14: Distance Learning | C14: n/a | D14: n/a | E14: n/a | F14: n/a | G14: n/a | H14: n/a | I14: n/a | J14: n/a | K14: 0 | L14: 0 | M14: 0 | N14: 0 | O14: 2172 | P14: 32567 | Q14: 26543 | R14: 38534 | S14: 31695 | T14: 36524 | U14: 28808 | V14: 31083 | W14: 21106 | X14: 30795 | Y14: 21920 | Z14: 25456 | AA14: 21943 | AB14: 24504 | AC14: 17619 | AD14: 23349 | AE14: 27140 | AF14: 31975 | AG14: 31384
B15: Inspirali | C15: n/a | D15: n/a | E15: n/a | F15: n/a | G15: n/a | H15: n/a | I15: n/a | J15: n/a | K15: 0 | L15: 0 | M15: 0 | N15: 0 | O15: 0 | P15: 0 | Q15: 0 | R15: 2258 | S15: 2420 | T15: 2398 | U15: 2582 | V15: 2797 | W15: 3096 | X15: 3399 | Y15: 3609 | Z15: 3169 | AA15: 3366 | AB15: 3492 | AC15: 3733 | AD15: 7151 | AE15: 7570 | AF15: 7574 | AG15: 8066
B16: Lifelong Learning | C16: n/a | D16: n/a | E16: n/a | F16: n/a | G16: n/a | H16: n/a | I16: n/a | J16: n/a | K16: =SUM(K13:K15) -> 18380 | L16: =SUM(L13:L15) -> 18932 | M16: =SUM(M13:M15) -> 23054 | N16: =SUM(N13:N15) -> 31692 | O16: =SUM(O13:O15) -> 32592 | P16: =SUM(P13:P15) -> 69513 | Q16: =SUM(Q13:Q15) -> 59724 | R16: =SUM(R13:R15) -> 70766 | ... Z16: =SUM(Z13:Z15) -> 65756 | AA16: 47824 | AB16: =SUM(AB13:AB15) -> 44257 | AC16: 49567.333 | AD16: =SUM(AD13:AD15) -> 42696 | AE16: =SUM(AE13:AE15) -> 45390 | AF16: 48111 | AG16: 46838
B18: Total Student Base | C18: n/a | D18: n/a | E18: n/a | F18: n/a | G18: n/a | H18: n/a | I18: n/a | J18: n/a | K18: =K11+K16 -> 140236 | L18: =L11+L16 -> 133944 | M18: =M11+M16 -> 138731 | N18: =N11+N16 -> 141924 | O18: =O11+O16 -> 168205 | P18: =P11+P16 -> 389777 | Q18: =Q11+Q16 -> 370286 | R18: =R11+R16 -> 391787 | ... Z18: =Z11+Z16 -> 411004 | AA18: 386677 | AB18: =SUM(AB11,AB16) -> 388561 | AC18: 374401.33 | AD18: =SUM(AD11,AD16) -> 369260 | AE18: =SUM(AE11,AE16) -> 381312 | AF18: 382823 | AG18: 360826

Sheet Undergraduate Student Flow
B1: Undergraduate Student Flow
B2: Summary
B4: # of students | C4: 1Q18 | D4: 2Q18 | E4: 3Q18 | F4: 4Q18 | G4: 1Q19 | H4: 2Q19 | I4: 3Q19 | J4: 4Q19 | K4: 1Q20 | L4: 2Q20 | M4: 3Q20 | N4: 4Q20 | O4: 1Q21 | P4: 2Q21 | Q4: 3Q21 | R4: 4Q21 | S4: 1Q22 | T4: 2Q22 | U4: 3Q22 | V4: 4Q22 | W4: 1Q23 | X4: 2Q23 | Y4: 3Q23 | Z4: 4Q23 | AA4: 1Q24 | AB4: 2Q24 | AC4: 3Q24 | AD4: 4Q24 | AE4: 1Q25 | AF4: 2Q25 | AG4: 3Q25
B5: Ânima Core | C5: =C4 -> 1Q18 | D5: =D4 -> 2Q18 | E5: =E4 -> 3Q18 | F5: =F4 -> 4Q18 | G5: =G4 -> 1Q19 | H5: =H4 -> 2Q19 | I5: =I4 -> 3Q19 | J5: =J4 -> 4Q19 | ... N5: =N4 -> 4Q20
B6: Previous Base | C6: n.a. | D6: n.a. | E6: n.a. | F6: n.a. | G6: n.a. | H6: n.a. | I6: n.a. | J6: n.a. | K6: n.a. | L6: n.a. | M6: n.a. | N6: n.a. | O6: 106120 | P6: 125158 | Q6: 247638 | R6: 239722 | S6: 232890 | T6: 239282 | U6: 224013 | V6: 221827 | W6: 213697 | X6: 229419 | Y6: 220287 | Z6: 213334 | AA6: 205273 | AB6: 208939 | AC6: 202681 | AD6: 196647 | AE6: =AD12 -> 191351 | AF6: =AE12 -> 207429 | AG6: =AF12 -> 199991
B7: Graduations | C7: n.a. | D7: n.a. | E7: n.a. | F7: n.a. | G7: n.a. | H7: n.a. | I7: n.a. | J7: n.a. | K7: n.a. | L7: n.a. | M7: n.a. | N7: n.a. | O7: -12481 | P7: 0 | Q7: -17548 | R7: 0 | S7: -28846 | T7: 0 | U7: -15216 | V7: 0 | W7: -28722 | X7: 0 | Y7: -15309 | Z7: 0 | AA7: -26716 | AB7: 0 | AC7: -13662 | AD7: 0 | AE7: -23863 | AF7: 0 | AG7: -13165
B8: Dropouts | C8: n.a. | D8: n.a. | E8: n.a. | F8: n.a. | G8: n.a. | H8: n.a. | I8: n.a. | J8: n.a. | K8: n.a. | L8: n.a. | M8: n.a. | N8: n.a. | O8: -7516 | P8: -7392 | Q8: -24345 | R8: -14801 | S8: -29035 | T8: -15269 | U8: -25267 | V8: -8130 | W8: -23909 | X8: -12197 | Y8: -29161 | Z8: -8386 | AA8: -25255 | AB8: -8706 | AC8: -23890 | AD8: -5588 | AE8: -20736 | AF8: -9537 | AG8: -25203
B9: % Dropouts | C9: n.a. | D9: n.a. | E9: n.a. | F9: n.a. | G9: n.a. | H9: n.a. | I9: n.a. | J9: n.a. | K9: n.a. | L9: n.a. | M9: n.a. | N9: n.a. | O9: -0.070825481 | P9: -0.059061346 | Q9: -0.098308822 | R9: -0.061742352 | S9: -0.12467259 | T9: -0.063811737 | U9: -0.11279256 | V9: -0.036650182 | W9: -0.11188271 | X9: -0.053164734 | Y9: -0.13237731 | Z9: -0.039309252 | AA9: -0.12303128 | AB9: -0.041667664 | AC9: =AC8/AC6 -> -0.11786995 | AD9: -0.028416401 | AE9: =AE8/AE6 -> -0.1083663 | AF9: =AF8/AF6 -> -0.045977178 | AG9: =AG8/AG6 -> -0.12602067
B10: New Students | C10: n.a. | D10: n.a. | E10: n.a. | F10: n.a. | G10: n.a. | H10: n.a. | I10: n.a. | J10: n.a. | K10: n.a. | L10: n.a. | M10: n.a. | N10: n.a. | O10: 30327 | P10: 0 | Q10: 33977 | R10: 7969 | S10: 64273 | T10: 0 | U10: 38297 | V10: 0 | W10: 68353 | X10: 3065 | Y10: 37517 | Z10: 325 | AA10: 55637 | AB10: 2448 | AC10: 31518 | AD10: 292 | AE10: 60677 | AF10: 2099 | AG10: 33215
B11: Acquisitions | C11: n.a. | D11: n.a. | E11: n.a. | F11: n.a. | G11: n.a. | H11: n.a. | I11: n.a. | J11: n.a. | K11: n.a. | L11: n.a. | M11: n.a. | N11: n.a. | O11: 8708 | P11: 129872 | Q11: 0 | R11: 0 | S11: 0 | T11: 0 | U11: 0 | V11: 0 | W11: 0 | X11: 0 | Y11: 0 | Z11: 0 | AA11: 0 | AB11: 0 | AC11: 0 | AD11: 0 | AE11: 0 | AF11: 0 | AG11: 0
B12: Current Base | C12: n.a. | D12: n.a. | E12: n.a. | F12: n.a. | G12: n.a. | H12: n.a. | I12: n.a. | J12: n.a. | K12: n.a. | L12: n.a. | M12: n.a. | N12: n.a. | O12: 125158 | P12: 247638 | Q12: 239722 | R12: 232890 | S12: 239282 | T12: 224013 | U12: 221827 | V12: 213697 | W12: 229419 | X12: 220287 | Y12: 213334 | Z12: 205273 | AA12: 208939 | AB12: 202681 | AC12: 196647 | AD12: 191351 | AE12: =SUM(AE6:AE8,AE10:AE11) -> 207429 | AF12: =SUM(AF6:AF8,AF10:AF11) -> 199991 | AG12: =SUM(AG6:AG8,AG10:AG11) -> 194838
B14: Distance Learning | C14: =C5 -> 1Q18 | D14: =D5 -> 2Q18 | E14: =E5 -> 3Q18 | F14: =F5 -> 4Q18 | G14: =G5 -> 1Q19 | H14: =H5 -> 2Q19 | I14: =I5 -> 3Q19 | J14: =J5 -> 4Q19 | ... N14: =N5 -> 4Q20
B15: Previous Base | C15: n.a. | D15: n.a. | E15: n.a. | F15: n.a. | G15: n.a. | H15: n.a. | I15: n.a. | J15: n.a. | K15: n.a. | L15: n.a. | M15: n.a. | N15: n.a. | O15: n.a. | P15: n.a. | Q15: 58711 | R15: 57117 | S15: 75506 | T15: 80072 | U15: 91503 | V15: 94371 | W15: 107278 | X15: 107176 | Y15: 120893 | Z15: 109547 | AA15: 126361 | AB15: 115906 | AC15: 127408 | AD15: 114854 | AE15: =AD21 -> 121879 | AF15: =AE21 -> 114564 | AG15: =AF21 -> 120681
B16: Graduations | C16: n.a. | D16: n.a. | E16: n.a. | F16: n.a. | G16: n.a. | H16: n.a. | I16: n.a. | J16: n.a. | K16: n.a. | L16: n.a. | M16: n.a. | N16: n.a. | O16: n.a. | P16: n.a. | Q16: -2083 | R16: 0 | S16: -3727 | T16: 0 | U16: -3067 | V16: 0 | W16: -4427 | X16: 0 | Y16: -5269 | Z16: 0 | AA16: -5909 | AB16: 0 | AC16: -7100 | AD16: 0 | AE16: -9520 | AF16: 0 | AG16: -10399
B17: Dropouts | C17: n.a. | D17: n.a. | E17: n.a. | F17: n.a. | G17: n.a. | H17: n.a. | I17: n.a. | J17: n.a. | K17: n.a. | L17: n.a. | M17: n.a. | N17: n.a. | O17: n.a. | P17: n.a. | Q17: -16496 | R17: -1348 | S17: -18781 | T17: -5118 | U17: -24583 | V17: -5137 | W17: -30437 | X17: -5685 | Y17: -31780 | Z17: -2065 | AA17: -32709 | AB17: -6814 | AC17: -30525 | AD17: -4103 | AE17: -29735 | AF17: -5066 | AG17: -26501
B18: % Dropouts | C18: n.a. | D18: n.a. | E18: n.a. | F18: n.a. | G18: n.a. | H18: n.a. | I18: n.a. | J18: n.a. | K18: n.a. | L18: n.a. | M18: n.a. | N18: n.a. | O18: n.a. | P18: n.a. | Q18: -0.28096949 | R18: -0.023600679 | S18: -0.2487352 | T18: -0.063917474 | U18: -0.26865786 | V18: -0.054434095 | W18: -0.2837208 | X18: -0.053043592 | Y18: -0.26287709 | Z18: -0.018850356 | AA18: -0.2588536 | AB18: -0.058789019 | AC18: =AC17/AC15 -> -0.23958464 | AD18: -0.035723614 | AE18: =AE17/AE15 -> -0.24397148 | AF18: =AF17/AF15 -> -0.044219825 | AG18: =AG17/AG15 -> -0.21959546
B19: New Students | C19: n.a. | D19: n.a. | E19: n.a. | F19: n.a. | G19: n.a. | H19: n.a. | I19: n.a. | J19: n.a. | K19: n.a. | L19: n.a. | M19: n.a. | N19: n.a. | O19: n.a. | P19: n.a. | Q19: 16985 | R19: 19737 | S19: 27074 | T19: 16549 | U19: 30518 | V19: 18044 | W19: 34762 | X19: 19402 | Y19: 25703 | Z19: 18879 | AA19: 28163 | AB19: 18316 | AC19: 25071 | AD19: 11128 | AE19: 31940 | AF19: 11183 | AG19: 21568
B20: Acquisitions | C20: n.a. | D20: n.a. | E20: n.a. | F20: n.a. | G20: n.a. | H20: n.a. | I20: n.a. | J20: n.a. | K20: n.a. | L20: n.a. | M20: n.a. | N20: n.a. | O20: n.a. | P20: n.a. | Q20: 0 | R20: 0 | S20: 0 | T20: 0 | U20: 0 | V20: 0 | W20: 0 | X20: 0 | Y20: 0 | Z20: 0 | AA20: 0 | AB20: 0 | AC20: 0 | AD20: 0 | AE20: 0 | AF20: 0 | AG20: 0
B21: Current Base | C21: n.a. | D21: n.a. | E21: n.a. | F21: n.a. | G21: n.a. | H21: n.a. | I21: n.a. | J21: n.a. | K21: n.a. | L21: n.a. | M21: n.a. | N21: n.a. | O21: n.a. | P21: n.a. | Q21: 57117 | R21: 75506 | S21: 80072 | T21: 91503 | U21: 94371 | V21: 107278 | W21: 107176 | X21: 120893 | Y21: 109547 | Z21: 126361 | AA21: 115906 | AB21: 127408 | AC21: 114854 | AD21: 121879 | AE21: =SUM(AE15:AE17,AE19:AE20) -> 114564 | AF21: =SUM(AF15:AF17,AF19:AF20) -> 120681 | AG21: =SUM(AG15:AG17,AG19:AG20) -> 105349

Sheet Balance Sheet
B1: Consolidated Balance Sheet - IFRS
B2: Summary
B4: R$ millions | C4: 1Q18 | D4: 2Q18 | E4: 3Q18 | F4: 4Q18 | G4: 1Q19 | H4: 2Q19 | I4: 3Q19 | J4: 4Q19 | K4: 1Q20 | L4: 2Q20 | M4: 3Q20 | N4: 4Q20 | O4: 1Q21 | P4: 2Q21 | Q4: 3Q21 | R4: 4Q21 | S4: 1Q22 | T4: 2Q22 | U4: 3Q22 | V4: 4Q22 | W4: 1Q23 | X4: 2Q23 | Y4: 3Q23 | Z4: 4Q23 | AA4: 1Q24 | AB4: 2Q24 | AC4: 3Q24 | AD4: 4Q24 | AE4: 1Q25 | AF4: 2Q25 | AG4: 3Q25
B5: Current Assets | C5: =SUM(C6:C17) -> 432.861 | D5: =SUM(D6:D17) -> 542.01115 | E5: =SUM(E6:E17) -> 498.98367 | F5: =SUM(F6:F17) -> 408.19357 | G5: =SUM(G6:G17) -> 389.25848 | H5: =SUM(H6:H17) -> 360.947 | I5: =SUM(I6:I17) -> 369.73111 | J5: =SUM(J6:J17) -> 455.92088 | ... AD5: =SUM(AD6:AD17) -> 2084.6531 | AE5: 2324.269 | AF5: 2358.349 | AG5: 2547.889
B6: Cash and cash equivalents | C6: 26.337 | D6: 246.552 | E6: 23.345 | F6: 99.507 | G6: 44.502 | H6: 30.307 | I6: 27.956 | J6: 31.552 | K6: 36.443 | L6: 41.915 | M6: 84.332 | N6: 73.183 | O6: 62.233 | P6: 141.182 | Q6: 174.919 | R6: 169.248 | S6: 229.109 | T6: 146.241 | U6: 192.315 | V6: 422.431 | W6: 419.777 | X6: 61.462 | Y6: 445.741 | Z6: 139.411 | AA6: 146.471 | AB6: 172.419 | AC6: 100.228 | AD6: 99.600576 | AE6: 125.35214 | AF6: 103.14965 | AG6: 112.989
B7: Financial investments | C7: 74.34 | D7: 46.941 | E7: 222.874 | F7: 85.924 | G7: 92.223 | H7: 55.402 | I7: 79.944 | J7: 151.042 | K7: 895.451 | L7: 751.389 | M7: 705.427 | N7: 1204.671 | O7: 1161.156 | P7: 496.839 | Q7: 584.552 | R7: 346.053 | S7: 1172.202 | T7: 1068.326 | U7: 912.282 | V7: 988.199 | W7: 840.518 | X7: 923.049 | Y7: 600.827 | Z7: 765.834 | AA7: 382.004 | AB7: 1007.622 | AC7: 1374.94 | AD7: 1152.3796 | AE7: 1266.569 | AF7: 1341.1299 | AG7: 1563.474
B8: Accounts receivable | C8: 290.528 | D8: 197.56 | E8: 203.574 | F8: 174.083 | G8: 210.759 | H8: 235.44 | I8: 224.399 | J8: 213.346 | K8: 272.865 | L8: 302.431 | M8: 318.364 | N8: 343.602 | O8: 365.439 | P8: 614.25 | Q8: 640.966 | R8: 603.855 | S8: 656.435 | T8: 724.655 | U8: 803.43607 | V8: 791.593 | W8: 873.866 | X8: 808.006 | Y8: 705.582 | Z8: 722.121 | AA8: 822.617 | AB8: 840.904 | AC8: 804.654 | AD8: 740.573 | AE8: 808.37109 | AF8: 784.47605 | AG8: 759.143
B9: Accounts receivables with related parties | C9: 0 | D9: 0 | E9: 0 | F9: 0 | G9: 0 | H9: 0 | I9: 0 | J9: 0 | K9: 0 | L9: 0 | M9: 0 | N9: 0 | O9: 0 | P9: 0 | Q9: 0 | R9: 0 | S9: 0 | T9: 0 | U9: 0 | V9: 0.33511558 | W9: 0.632 | X9: 0.336 | Y9: 0.336 | Z9: 0.336 | AA9: 0.336 | AB9: 0.76 | AC9: 0.76 | AD9: 0.76018843 | AE9: 0.94 | AF9: 0.43756744 | AG9: 0.441
B10: Advances and others | C10: 19.481 | D10: 27.465 | E10: 21.095 | F10: 31.559 | G10: 21.336 | H10: 20.153 | I10: 17.38 | J10: 27.77 | K10: 18.166 | L10: 19.462 | M10: 12.904 | N10: 24.985 | O10: 12.76 | P10: 23.436 | Q10: 17.57 | R10: 44.202 | S10: 24.303 | T10: 36.6 | U10: 28.258 | V10: 55.26 | W10: 17.465 | X10: 26.712 | Y10: 27.576 | Z10: 31.489 | AA10: 18.094 | AB10: 25.564 | AC10: 18.503 | AD10: 30.094734 | AE10: 25.309406 | AF10: 0 | AG10: 0
B11: Recoverable taxes | C11: 8.995 | D11: 9.807 | E11: 10.256 | F11: 9.669 | G11: 6.227 | H11: 7.614 | I11: 6.228 | J11: 4.087 | K11: 4.839 | L11: 6.011 | M11: 4.815 | N11: 5.88 | O11: 6.847 | P11: 78.294 | Q11: 81.588 | R11: 88.617 | S11: 83.441 | T11: 83.384 | U11: 81.562 | V11: 77.156 | W11: 74.695 | X11: 75.765 | Y11: 94.929 | Z11: 62.673 | AA11: 68.065 | AB11: 61.63 | AC11: 58.485 | AD11: 44.339104 | AE11: 47.121239 | AF11: 52.59745 | AG11: 52.84
B12: Derivatives | C12: 0.07000424 | D12: 2.5461454 | E12: 3.319673 | F12: 1.8495748 | G12: 1.5954784 | H12: 0 | I12: 4.0841053 | J12: 2.390878 | K12: 0 | L12: 0 | M12: 0 | N12: 0 | O12: 0.717 | P12: 0 | Q12: 0 | R12: 0 | S12: 0 | T12: 0 | U12: 0 | V12: 0 | W12: 0 | X12: 0 | Y12: 0 | Z12: 0 | AA12: 0 | AB12: 0 | AC12: 0 | AD12: 0 | AE12: 0 | AF12: 0 | AG12: 0
B13: Rights and loans to acquisitions | C13: 0 | D13: 0 | E13: 0 | F13: 0 | G13: 0 | H13: 0 | I13: 0 | J13: 20.05 | K13: 40.115 | L13: 177.13727 | M13: 172.0416 | N13: 0 | O13: 0 | P13: 0 | Q13: 0 | R13: 0 | S13: 0 | T13: 0 | U13: 0 | V13: 0 | W13: 0 | X13: 0 | Y13: 0 | Z13: 0 | AA13: 0 | AB13: 0 | AC13: 0 | AD13: 0 | AE13: 0 | AF13: 0 | AG13: 0
B14: Prepaid expenses | C14: 0 | D14: 0 | E14: 0 | F14: 0 | G14: 0 | H14: 0 | I14: 0 | J14: 0 | K14: 0 | L14: 0 | M14: 0 | N14: 0 | O14: 0 | P14: 0 | Q14: 0 | R14: 0 | S14: 0 | T14: 0 | U14: 0 | V14: 35.991 | W14: 60.37 | X14: 0 | Y14: 0 | Z14: 0 | AA14: 0 | AB14: 0 | AC14: 0 | AD14: 0 | AE14: 0 | AF14: 0 | AG14: 0
B15: Other current assets | C15: 13.11 | D15: 11.14 | E15: 14.52 | F15: 5.602 | G15: 12.616 | H15: 12.031 | I15: 9.74 | J15: 5.683 | K15: 13.184 | L15: 14.033 | M15: 10.192 | N15: 40.894 | O15: 71.502 | P15: 109.827 | Q15: 114.314 | R15: 58.559 | S15: 78.806 | T15: 54.23 | U15: 47.808797 | V15: 5.557 | W15: 1.662 | X15: 41.121 | Y15: 29.968 | Z15: 16.577 | AA15: 37.823 | AB15: 31.357 | AC15: 30.678 | AD15: 16.905884 | AE15: 50.606079 | AF15: =46.84458593+29.71378728 -> 76.558373 | AG15: 59.002
B16: Rights receivable from minority shareholders | C16: 0 | D16: 0 | E16: 0 | F16: 0 | G16: 0 | H16: 0 | I16: 0 | J16: 0 | K16: 0 | L16: 0 | M16: 1.323 | N16: 413.19854 | O16: 180.267 | P16: 1.649 | Q16: 1.248 | R16: 1.395 | S16: 1.668 | T16: 3.897 | U16: 2.028 | V16: 3.067 | W16: 1.76 | X16: 1.227 | Y16: 2.015 | Z16: 0.043 | AA16: 0 | AB16: 0 | AC16: 0 | AD16: 0 | AE16: 0 | AF16: 0 | AG16: 0
B17: Assets held for sale | C17: 0 | D17: 0 | E17: 0 | F17: 0 | G17: 0 | H17: 0 | I17: 0 | J17: 0 | K17: 0 | L17: 0 | M17: 0 | N17: 0 | O17: 0 | P17: 153.022 | Q17: 0 | R17: 0 | S17: 0 | T17: 0 | U17: 0 | V17: 0 | W17: 0 | X17: 0 | Y17: 0 | Z17: 32 | AA17: 32 | AB17: 0 | AC17: 0 | AD17: 0 | AE17: 0 | AF17: 0 | AG17: 0
B18: Non-Current Assets | C18: =SUM(C19:C34) -> 935.731 | D18: =SUM(D19:D34) -> 949.615 | E18: =SUM(E19:E34) -> 999.012 | F18: =SUM(F19:F34) -> 1038.276 | G18: =SUM(G19:G34) -> 1614.286 | H18: =SUM(H19:H34) -> 1609.671 | I18: =SUM(I19:I34) -> 1791.22 | J18: =SUM(J19:J34) -> 1944.1 | ... AD18: =SUM(AD19:AD34) -> 7604.2198 | AE18: 7641.7302 | AF18: 7641.6621 | AG18: 7542.388
B19: Financial investments | C19: 0 | D19: 0 | E19: 0 | F19: 0 | G19: 0 | H19: 0 | I19: 0 | J19: 0 | K19: 0 | L19: 0 | M19: 0 | N19: 0 | O19: 0 | P19: 0 | Q19: 0 | R19: 0 | S19: 0 | T19: 0 | U19: 0 | V19: 66 | W19: 66.011 | X19: 69.423 | Y19: 79.223 | Z19: 79.223 | AA19: 0 | AB19: 0 | AC19: 0 | AD19: 0 | AE19: 0 | AF19: 0 | AG19: 0
B20: Accounts receivable | C20: 0.135 | D20: 0.134 | E20: 0 | F20: 0 | G20: 0 | H20: 0 | I20: 0 | J20: 0 | K20: 0 | L20: 26.307 | M20: 35.056 | N20: 35.376 | O20: 39.058 | P20: 55.342 | Q20: 51.373 | R20: 56.092 | S20: 73.697 | T20: 57.203 | U20: 59.457 | V20: 57.486 | W20: 74.468 | X20: 67.237 | Y20: 46.799 | Z20: 44.4 | AA20: 73.047 | AB20: 68.071 | AC20: 87.012 | AD20: 96.289985 | AE20: 113.74734 | AF20: 140.92254 | AG20: 141.012
B21: Advances and others | C21: 10.613 | D21: 9.674 | E21: 8.521 | F21: 7.233 | G21: 5.968 | H21: 0.096 | I21: 0.013 | J21: 0 | K21: 0 | L21: 0 | M21: 0 | N21: 0 | O21: 0 | P21: 0 | Q21: 0 | R21: 0 | S21: 0 | T21: 0 | U21: 0 | V21: 0 | W21: 0 | X21: 0 | Y21: 0 | Z21: 0 | AA21: 0 | AB21: 0 | AC21: 0 | AD21: 0 | AE21: 0 | AF21: 0 | AG21: 0
B22: Judicial deposits | C22: 40.219 | D22: 43.637 | E22: 45.864 | F22: 50.324 | G22: 53.634 | H22: 55.96 | I22: 57.82 | J22: 61.062 | K22: 60.683 | L22: 63.462 | M22: 62.804 | N22: 63.359 | O22: 65.052 | P22: 142.97 | Q22: 140.408 | R22: 141.873 | S22: 144.14 | T22: 146.23 | U22: 139.954 | V22: 143.801 | W22: 146.887 | X22: 156.145 | Y22: 162.929 | Z22: 149.504 | AA22: 152.115 | AB22: 154.067 | AC22: 159.292 | AD22: 157.17188 | AE22: 158.13127 | AF22: 153.2774 | AG22: 147.59
B23: Rights and loans to acquisitions | C23: 0 | D23: 0 | E23: 0 | F23: 0 | G23: 0 | H23: 0 | I23: 0 | J23: 0 | K23: 0 | L23: 0 | M23: 102.015 | N23: 103.242 | O23: 0 | P23: 156.399 | Q23: 225.58 | R23: 229.925 | S23: 236.051 | T23: 238.025 | U23: 239.705 | V23: 248.616 | W23: 248.599 | X23: 254.377 | Y23: 257.391 | Z23: 256.322 | AA23: 248.413 | AB23: 247.493 | AC23: 232.639 | AD23: 224.28003 | AE23: 226.06208 | AF23: 231.95279 | AG23: 151.086
B24: Credit with related parties | C24: 0.159 | D24: 0.169 | E24: 0.539 | F24: 9.524 | G24: 9.689 | H24: 9.82 | I24: 9.967 | J24: 9.796 | K24: 9.951 | L24: 10.462 | M24: 10.571 | N24: 10.843 | O24: 11.468 | P24: 11.736 | Q24: 11.952 | R24: 12.46 | S24: 14.43 | T24: 23.263 | U24: 25.784688 | V24: 36.189 | W24: 38.822 | X24: 18.617 | Y24: 18.669 | Z24: 13.055 | AA24: 5.875 | AB24: 5.937 | AC24: 0.059 | AD24: 0.05251059 | AE24: 0.05269449 | AF24: 3.2400134 | AG24: 1.624
B25: Recoverable taxes | C25: 15.367 | D25: 14.017 | E25: 12.785 | F25: 12.239 | G25: 14.082 | H25: 11.99 | I25: 12.134 | J25: 12.849 | K25: 13.491 | L25: 13.192 | M25: 14.855 | N25: 15.243 | O25: 14.506 | P25: 17.087 | Q25: 15.795 | R25: 17.509 | S25: 18.188 | T25: 19.556 | U25: 26.208 | V25: 27.328 | W25: 32.924 | X25: 39.066 | Y25: 24.036 | Z25: 49.042 | AA25: 48.757 | AB25: 55.344 | AC25: 31.55 | AD25: 47.290686 | AE25: 41.752036 | AF25: 39.587999 | AG25: 29.029
B26: Deferred income tax and social contribution | C26: 1.584 | D26: 1.584 | E26: 1.584 | F26: 1.584 | G26: 1.584 | H26: 1.584 | I26: 1.584 | J26: 1.584 | K26: 1.54 | L26: 1.527 | M26: 1.514 | N26: 1.501 | O26: 1.488 | P26: 148.253 | Q26: 149.243 | R26: 1.462 | S26: 0 | T26: 0 | U26: 0 | V26: 0 | W26: 0 | X26: 0 | Y26: 0 | Z26: 0 | AA26: 0 | AB26: 0 | AC26: 0 | AD26: 0 | AE26: 0 | AF26: 0 | AG26: 0
B27: Derivatives | C27: 0 | D27: 2.613 | E27: 2.39 | F27: 0.901 | G27: 1.37 | H27: 0 | I27: 0 | J27: 0 | K27: 0 | L27: 0 | M27: 0 | N27: 0 | O27: 3.81 | P27: 0 | Q27: 0 | R27: 0 | S27: 0 | T27: 0 | U27: 0 | V27: 0 | W27: 0 | X27: 0 | Y27: 0 | Z27: 0 | AA27: 0 | AB27: 0 | AC27: 0 | AD27: 0 | AE27: 0 | AF27: 0 | AG27: 0
B28: Advance for future capital increase | C28: 0 | D28: 0 | E28: 0 | F28: 0 | G28: 0 | H28: 0 | I28: 0 | J28: 0 | K28: 0 | L28: 0 | M28: 0 | N28: 0 | O28: 0 | P28: 0 | Q28: 0 | R28: 0 | S28: 0 | T28: 0 | U28: 0 | V28: 0 | W28: 0 | X28: 0 | Y28: 0 | Z28: 0 | AA28: 0 | AB28: 0 | AC28: 0 | AD28: 0 | AE28: 0 | AF28: 0 | AG28: 0
B29: Rights receivable from minority shareholders | C29: 0 | D29: 0 | E29: 0 | F29: 0 | G29: 0 | H29: 0 | I29: 0 | J29: 100.126 | K29: 116.487 | L29: 0 | M29: 11.352 | N29: 0 | O29: 104.131 | P29: 0 | Q29: 0 | R29: 0 | S29: 0 | T29: 0 | U29: 0 | V29: 0 | W29: 0 | X29: 0 | Y29: 0 | Z29: 0 | AA29: 0 | AB29: 0 | AC29: 0 | AD29: 0 | AE29: 0 | AF29: 0 | AG29: 0
B30: Other non-current assets | C30: 31.458 | D30: 35.27 | E30: 35.615 | F30: 37.332 | G30: 36.573 | H30: 36.402 | I30: 39.675 | J30: 41.117 | K30: 39.739 | L30: 38.807 | M30: 4.996 | N30: 7.022 | O30: 7.091 | P30: 65.225 | Q30: 62.606 | R30: 50.82 | S30: 50.872 | T30: 6.318 | U30: 6.083 | V30: 5.779 | W30: 6.374 | X30: 6.52 | Y30: 6.67 | Z30: 6.773 | AA30: 8.022 | AB30: 6.935 | AC30: 10.513 | AD30: 9.2058422 | AE30: 11.032918 | AF30: 9.3062845 | AG30: 9.348
... B34: Intangible | C34: 570.667 | D34: 571.208 | E34: 607.607 | F34: 617.132 | G34: 645.415 | H34: 624.754 | I34: 758.977 | J34: 818.941 | K34: 885.901 | L34: 1033.977 | M34: 1172.947 | N34: 1249.008 | O34: 1721.398 | P34: 5995.381 | Q34: 5911.421 | R34: 5974.018 | S34: 5976.241 | T34: 5886.69 | U34: 5822.616 | V34: 5795.654 | W34: 5756.188 | X34: 5717.142 | Y34: 5674.594 | Z34: 5624.223 | AA34: 5578.887 | AB34: 5541.661 | AC34: 5520.456 | AD34: 5566.9942 | AE34: 5545.5181 | AF34: 5528.0665 | AG34: 5525.999
B35: Total Assets | C35: =SUM(C5,C18) -> 1368.592 | D35: =SUM(D5,D18) -> 1491.6261 | E35: =SUM(E5,E18) -> 1497.9957 | F35: =SUM(F5,F18) -> 1446.4696 | G35: =SUM(G5,G18) -> 2003.5445 | H35: =SUM(H5,H18) -> 1970.618 | I35: =SUM(I5,I18) -> 2160.9511 | J35: =SUM(J5,J18) -> 2400.0209 | ... AD35: =SUM(AD5,AD18) -> 9688.8729 | AE35: =AE18+AE5 -> 9965.9992 | AF35: 10000.011 | AG35: 10090.277
B38: R$ millions | C38: 1Q18 | D38: 2Q18 | E38: 3Q18 | F38: 4Q18 | G38: 1Q19 | H38: 2Q19 | I38: 3Q19 | J38: 4Q19 | K38: 1Q20 | L38: 2Q20 | M38: 3Q20 | N38: 4Q20 | O38: 1Q21 | P38: 2Q21 | Q38: 3Q21 | R38: 4Q21 | S38: 1Q22 | T38: 2Q22 | U38: 3Q22 | V38: 4Q22 | W38: 1Q23 | X38: 2Q23 | Y38: 3Q23 | Z38: 4Q23 | AA38: 1Q24 | AB38: 2Q24 | AC38: 3Q24 | AD38: =AD4 -> 4Q24 | AE38: =AE4 -> 1Q25 | AF38: =AF4 -> 2Q25 | AG38: =AG4 -> 3Q25
B39: Current Liabilities | C39: =SUM(C40:C51) -> 231.213 | D39: =SUM(D40:D51) -> 221.816 | E39: =SUM(E40:E51) -> 265.535 | F39: =SUM(F40:F51) -> 231.586 | G39: =SUM(G40:G51) -> 251.18736 | H39: =SUM(H40:H51) -> 258.78262 | I39: =SUM(I40:I51) -> 470.65624 | J39: =SUM(J40:J51) -> 339.925 | ... AD39: =SUM(AD40:AD51) -> 962.89245 | AE39: 1127.6254 | AF39: 1060.5609 | AG39: 1328.457
B40: Supplier | C40: 34.034 | D40: 28.306 | E40: 28.242 | F40: 30.99 | G40: 27.086 | H40: 28.925 | I40: 31.894 | J40: 31.983 | K40: 41.955 | L40: 44.382 | M40: 43.08 | N40: 48.83 | O40: 46.082 | P40: 137.394 | Q40: 141.535 | R40: 185.508 | S40: 196.413 | T40: 158.862 | U40: 188.12752 | V40: 209.813 | W40: 217.269 | X40: 207.91 | Y40: 222.827 | Z40: 176.692 | AA40: 221.567 | AB40: 202.655 | AC40: 195.981 | AD40: 210.39603 | AE40: 237.58896 | AF40: 203.41424 | AG40: 218.292
B41: Accounts payable with related parties | C41: 0 | D41: 0 | E41: 0 | F41: 0 | G41: 0 | H41: 0 | I41: 0 | J41: 0 | K41: 0 | L41: 0 | M41: 0 | N41: 0 | O41: 0 | P41: 0 | Q41: 0 | R41: 0.699 | S41: 0 | T41: 0 | U41: 0 | V41: 0.16710859 | W41: 0.166 | X41: 0.165 | Y41: 0.637 | Z41: 0.168 | AA41: 0.168 | AB41: 0.168 | AC41: 0.168 | AD41: 0.16773929 | AE41: 0.16773929 | AF41: 1.1978712e-14 | AG41: 0
B42: Loans | C42: 56.856 | D42: 63.059 | E42: 75.806 | F42: 80.539 | G42: 78.370253 | H42: 68.157052 | I42: 203.70884 | J42: 103.435 | K42: 90.415 | L42: 78.429 | M42: 87.914 | N42: 129.607 | O42: 130.636 | P42: 562.582 | Q42: 354.932 | R42: 360.449 | S42: 394.987 | T42: 920.969 | U42: 888.979 | V42: 885.446 | W42: 1333.839 | X42: 867.4 | Y42: 715.789 | Z42: 875.973 | AA42: 778.925 | AB42: 361.883 | AC42: 418.593 | AD42: 146.94745 | AE42: 214.14289 | AF42: 241.33499 | AG42: 411.35
B43: Right of use lease | C43: 0 | D43: 0 | E43: 0 | F43: 0 | G43: 27.173105 | H43: 20.594566 | I43: 23.243397 | J43: 24.688 | K43: 29.655 | L43: 32.732 | M43: 35.724 | N43: 40.431 | O43: 45.727 | P43: 148.116 | Q43: 162.221 | R43: 167.448 | S43: 179.051 | T43: 175.879 | U43: 170.761 | V43: 172.747 | W43: 169.589 | X43: 152.011 | Y43: 158.2 | Z43: 144.371 | AA43: 142.703 | AB43: 143.248 | AC43: 137.175 | AD43: 141.42673 | AE43: 139.86204 | AF43: 129.7594 | AG43: 121.56
B44: Personnel | C44: 61.317 | D44: 81.299 | E44: 95.646 | F44: 69.511 | G44: 62.507 | H44: 79.906 | I44: 96.34 | J44: 75.569 | K44: 83.734 | L44: 130.481 | M44: 142.704 | N44: 97.384 | O44: 115.971 | P44: 239.238 | Q44: 257.768 | R44: 209.086 | S44: 200.205 | T44: 216.547 | U44: 238.216 | V44: 168.336 | W44: 167.397 | X44: 256.912 | Y44: 276.821 | Z44: 204.724 | AA44: 228.864 | AB44: 240.414 | AC44: 268.386 | AD44: 175.65606 | AE44: 194.28864 | AF44: 236.03318 | AG44: 261.589
B45: Taxes payable | C45: 13.27 | D45: 15.652 | E45: 13.17 | F45: 18.82 | G45: 12.916 | H45: 14.806 | I45: 14.339 | J45: 20.594 | K45: 17.242 | L45: 21.868 | M45: 27.629 | N45: 25.316 | O45: 22.678 | P45: 42.496 | Q45: 43.944 | R45: 56.952 | S45: 58.773 | T45: 58.223 | U45: 59.226 | V45: 53.619 | W45: 52.578 | X45: 50.01 | Y45: 45.693 | Z45: 53.347 | AA45: 46.283 | AB45: 45.936 | AC45: 44.558 | AD45: 50.468742 | AE45: 41.502876 | AF45: 42.700252 | AG45: 43.053
B46: Advances from clients | C46: 29.53 | D46: 22.458 | E46: 35.73 | F46: 16.881 | G46: 25.199 | H46: 17.436 | I46: 29.995 | J46: 16.981 | K46: 25.95 | L46: 16.371 | M46: 28.097 | N46: 36.691 | O46: 60.943 | P46: 164.228 | Q46: 124.288 | R46: 80.704 | S46: 111.522 | T46: 92.119 | U46: 130.823 | V46: 108.992 | W46: 153.968 | X46: 89.382 | Y46: 139.828 | Z46: 114.477 | AA46: 169.227 | AB46: 127.394 | AC46: 199.877 | AD46: 105.39205 | AE46: 161.19093 | AF46: 98.323241 | AG46: 164.287
B47: Tax debt installments | C47: 0.097 | D47: 0 | E47: 0 | F47: 0 | G47: 0 | H47: 0 | I47: 0 | J47: 0 | K47: 0 | L47: 0 | M47: 6.414 | N47: 10.119 | O47: 12.701 | P47: 12.074 | Q47: 12.911 | R47: 13.185 | S47: 13.209 | T47: 13.246 | U47: 13.284 | V47: 13.7 | W47: 13.734 | X47: 13.434 | Y47: 13.544 | Z47: 13.54 | AA47: 14.407 | AB47: 16.614 | AC47: 15.876 | AD47: 14.677261 | AE47: 14.384051 | AF47: 14.846004 | AG47: 14.674
B48: Accounts payables | C48: 9.703 | D48: 9.259 | E48: 15.885 | F48: 13.33 | G48: 16.336 | H48: 16.719 | I48: 70.02 | J48: 65.331 | K48: 45.863 | L48: 51.307 | M48: 64.622 | N48: 46.309 | O48: 54.723 | P48: 209.678 | Q48: 85.288 | R48: 115.408 | S48: 119.736 | T48: 109.848 | U48: 123.933 | V48: 120.925 | W48: 130.79 | X48: 110.849 | Y48: 45.676 | Z48: 28.477 | AA48: 35.879 | AB48: 52.054 | AC48: 32.683 | AD48: 29.173553 | AE48: 30.166955 | AF48: 28.188319 | AG48: 29.403
B49: Dividends payables | C49: 20.244 | D49: 0.016 | E49: 0.016 | F49: 0.55 | G49: 0.55 | H49: 0 | I49: 0 | J49: 0 | K49: 0 | L49: 0 | M49: 0 | N49: 0 | O49: 0 | P49: 0 | Q49: 0 | R49: 0.012 | S49: 0.012 | T49: 0.012 | U49: 0.012 | V49: 30.209 | W49: 43.441 | X49: 0.659 | Y49: 54.409 | Z49: 21.708 | AA49: 21.708 | AB49: 21.708 | AC49: 0.577 | AD49: 41.809337 | AE49: 41.705881 | AF49: 4.8147267 | AG49: 0.401
B50: Derivatives | C50: 5.014 | D50: 0.682 | E50: 0 | F50: 0 | G50: 0.054 | H50: 11.286 | I50: 0.169 | J50: 0 | K50: 0 | L50: 0 | M50: 0.127 | N50: 0.276 | O50: 0 | P50: 3.68 | Q50: 1.228 | R50: 1.098 | S50: 4.852 | T50: 3.312 | U50: 1.596 | V50: 2.623 | W50: 1.502 | X50: 4.19 | Y50: 3.264 | Z50: 4.156 | AA50: 3.319 | AB50: 2.191 | AC50: 2.741 | AD50: 1.6580087 | AE50: 7.727483 | AF50: 11.529681 | AG50: 14.741
B51: Other current liabilities | C51: 1.148 | D51: 1.085 | E51: 1.04 | F51: 0.965 | G51: 0.996 | H51: 0.953 | I51: 0.947 | J51: 1.344 | K51: 1.373 | L51: 6.013 | M51: 6.358 | N51: 6.084 | O51: 6.063 | P51: 17.151 | Q51: 51.171 | R51: 44.569 | S51: 44.379 | T51: 44.007 | U51: 50.606339 | V51: 54.865007 | W51: 50.804 | X51: 53.649 | Y51: 55.448 | Z51: 54.544 | AA51: 61.869 | AB51: 53.276 | AC51: 43.222 | AD51: 45.119484 | AE51: 44.897 | AF51: 49.616865 | AG51: 49.107
B52: Non-Current Liabilities | C52: =SUM(C53:C63) -> 400.991 | D52: =SUM(D53:D63) -> 548.52 | E52: =SUM(E53:E63) -> 547.964 | F52: =SUM(F53:F63) -> 549.639 | G52: =SUM(G53:G63) -> 1048.9904 | H52: =SUM(H53:H63) -> 1025.387 | I52: =SUM(I53:I63) -> 1006.5337 | J52: =SUM(J53:J63) -> 1369.661 | ... AD52: =SUM(AD53:AD63) -> 5945.7454 | AE52: 5918.2427 | AF52: 5987.1214 | AG52: 5855.311
B53: Loans | C53: 200.331 | D53: 344.922 | E53: 323.922 | F53: 316.258 | G53: 294.60997 | H53: 789.519 | I53: 247.01832 | J53: 587.031 | K53: 538.846 | L53: 526.739 | M53: 587.994 | N53: 521.169 | O53: 502.426 | P53: 2942.771 | Q53: 3214.112 | R53: 3140.599 | S53: 3137.222 | T53: 2624.681 | U53: 2589.808 | V53: 3224.715 | W53: 2671.07 | X53: 2933.239 | Y53: 3011.425 | Z53: 2921.129 | AA53: 2438.133 | AB53: 3479.906 | AC53: 3781.521 | AD53: 3974.1193 | AE53: 3936.222 | AF53: 4019.7884 | AG53: 3886.995
B54: Right of use lease | C54: 0 | D54: 0 | E54: 0 | F54: 0 | G54: 523.51347 | H54: 0 | I54: 532.23141 | J54: 530.545 | K54: 565.2 | L54: 561.581 | M54: 617.652 | N54: 626.148 | O54: 780.694 | P54: 1268.298 | Q54: 1419.35 | R54: 1389.43 | S54: 1400.754 | T54: 1343.131 | U54: 1370.705 | V54: 1333.951 | W54: 1301.376 | X54: 1200.186 | Y54: 1161.836 | Z54: 1159.595 | AA54: 1131.41 | AB54: 1093.078 | AC54: 1071.344 | AD54: 1047.299 | AE54: 1083.7637 | AF54: 1076.2448 | AG54: 1091.586
B55: Accounts payables | C55: 62.537 | D55: 64.264 | E55: 79.339 | F55: 85.721 | G55: 84.244 | H55: 85.109 | I55: 76.259 | J55: 75.217 | K55: 75.545 | L55: 141.328 | M55: 169.153 | N55: 189.368 | O55: 241.568 | P55: 247.955 | Q55: 186.338 | R55: 199.332 | S55: 191.887 | T55: 254.054 | U55: 228.405 | V55: 233.92 | W55: 236.396 | X55: 175.085 | Y55: 68.956 | Z55: 65.362 | AA55: 55.097 | AB55: 35.973 | AC55: 34.213 | AD55: 64.7047 | AE55: 65.839116 | AF55: 66.403668 | AG55: 59.432
B56: Debit with related parties | C56: 0.009 | D56: 0.01 | E56: 0.01 | F56: 0.01 | G56: 0.01 | H56: 0.01 | I56: 0.012 | J56: 0.009 | K56: 0.009 | L56: 0.009 | M56: 0.084 | N56: 0.084 | O56: 0.084 | P56: 0.084 | Q56: 0.084 | R56: 0.085 | S56: 0.085 | T56: 0.078 | U56: 0.07468829 | V56: 0.148 | W56: 0.148 | X56: 0.074 | Y56: 0.073 | Z56: 0.073 | AA56: 0.073 | AB56: 0.074 | AC56: 0.074 | AD56: 0.07355 | AE56: 0.07355 | AF56: 0.07355 | AG56: 0.074
B57: Advances from clients | C57: 0 | D57: 0 | E57: 0 | F57: 0 | G57: 0 | H57: 0 | I57: 0 | J57: 0 | K57: 0 | L57: 0 | M57: 7.775 | N57: 6.985 | O57: 15.809 | P57: 15.809 | Q57: 15.809 | R57: 15.809 | S57: 15.809 | T57: 16.906 | U57: 17.893 | V57: 12.968 | W57: 17.007 | X57: 16.864 | Y57: 16.512 | Z57: 16.415 | AA57: 16.222 | AB57: 15.995 | AC57: 15.825 | AD57: 15.694777 | AE57: 15.503562 | AF57: 15.313934 | AG57: 17.083
B58: Tax debt installments | C58: 2.881 | D58: 2.635 | E58: 2.652 | F58: 2.703 | G58: 2.662 | H58: 2.68 | I58: 2.625 | J58: 2.591 | K58: 2.616 | L58: 2.631 | M58: 30.721 | N58: 39.908 | O58: 70.158 | P58: 70.06 | Q58: 64.636 | R58: 62.035 | S58: 59.971 | T58: 58.155 | U58: 56.259 | V58: 54.056 | W58: 52.216 | X58: 50.629 | Y58: 48.337 | Z58: 44.689 | AA58: 43.992 | AB58: 70.652 | AC58: 52.855 | AD58: 50.381549 | AE58: 48.547635 | AF58: 46.923208 | AG58: 45.081
B59: Deferred income tax and social contribution | C59: 40.049 | D59: 41.957 | E59: 43.732 | F59: 44.543 | G59: 44.816 | H59: 46.749 | I59: 48.637 | J59: 70.063 | K59: 71.023 | L59: 72.561 | M59: 74.117 | N59: 111.825 | O59: 169.842 | P59: 707.322 | Q59: 716.242 | R59: 610.761 | S59: 605.663 | T59: 477.244 | U59: 449.884 | V59: 74.44 | W59: 70.044 | X59: 69.362 | Y59: 64.67 | Z59: 64.974 | AA59: 63.838 | AB59: 62.936 | AC59: 62.967 | AD59: 71.736908 | AE59: 64.733542 | AF59: 66.0056 | AG59: 66.709
B60: Provision for risks | C60: 89.677 | D60: 90.471 | E60: 95.536 | F60: 97.856 | G60: 96.446 | H60: 95.258 | I60: 96.151 | J60: 98.77 | K60: 96.652 | L60: 96.151 | M60: 104.538 | N60: 115 | O60: 120.899 | P60: 753.368 | Q60: 821.35 | R60: 780.203 | S60: 786.324 | T60: 771.479 | U60: 751.429 | V60: 722.002 | W60: 702.422 | X60: 679.719 | Y60: 677.47 | Z60: 665.57 | AA60: 652.925 | AB60: 638.56 | AC60: 631.895 | AD60: 573.72696 | AE60: 548.2653 | AF60: 538.24975 | AG60: 523.181
B61: Derivatives | C61: 2.321 | D61: 1.353 | E61: 0 | F61: 0 | G61: 0 | H61: 2.814 | I61: 0 | J61: 0 | K61: 0 | L61: 0 | M61: 0.89 | N61: 1.929 | O61: 0 | P61: 25.76 | Q61: 8.593 | R61: 7.689 | S61: 33.961 | T61: 23.187 | U61: 11.17 | V61: 18.366 | W61: 10.518 | X61: 29.329 | Y61: 22.846 | Z61: 29.096 | AA61: 23.231 | AB61: 15.335 | AC61: 19.184 | AD61: 11.606061 | AE61: 16.098947 | AF61: 21.137745 | AG61: 23.339
B62: Other non-current liabilities | C62: 0 | D62: 0 | E62: 0 | F62: 0 | G62: 2.364 | H62: 2.139 | I62: 1.914 | J62: 3.155 | K62: 2.83 | L62: 2.505 | M62: 2.18 | N62: 2.502 | O62: 2.187 | P62: 31.176 | Q62: 29.387 | R62: 29.256 | S62: 29.13 | T62: 29.054 | U62: 24.02 | V62: 34.522 | W62: 33.525 | X62: 32.488 | Y62: 124.107 | Z62: 126.559 | AA62: 128.647 | AB62: 133.51 | AC62: 149.404 | AD62: 132.18816 | AE62: 134.1969 | AF62: 131.20073 | AG62: 135.358
B63: Provision for investment losses | C63: 3.186 | D63: 2.908 | E63: 2.773 | F63: 2.548 | G63: 0.325 | H63: 1.109 | I63: 1.686 | J63: 2.28 | K63: 2.854 | L63: 4.111 | M63: 2.293 | N63: 0 | O63: 0 | P63: 0 | Q63: 0 | R63: 0 | S63: 0 | T63: 0 | U63: 0 | V63: 0 | W63: 0 | X63: 9.383 | Y63: 10.201 | Z63: 12.495 | AA63: 2.319 | AB63: 3.402 | AC63: 3.787 | AD63: 4.214357 | AE63: 4.9984698 | AF63: 5.7799649 | AG63: 6.473
B64: Shareholder Equity | C64: =SUM(C65:C74) -> 736.388 | D64: =SUM(D65:D74) -> 721.2901 | E64: =SUM(E65:E74) -> 684.49721 | F64: =SUM(F65:F74) -> 665.24455 | G64: =SUM(G65:G74) -> 703.36668 | H64: =SUM(H65:H74) -> 686.44768 | I64: =SUM(I65:I74) -> 683.76071 | J64: =SUM(J65:J74) -> 690.4347 | ... AD64: =SUM(AD65:AD74) -> 2780.235 | AE64: 2920.13 | AF64: 2952.3288 | AG64: 2906.509
B65: Capital Stock | C65: 496.411 | D65: 496.411 | E65: 496.411 | F65: 496.411 | G65: 496.411 | H65: 496.411 | I65: 496.411 | J65: 531.41099 | K65: 1631.6246 | L65: 1651.6246 | M65: 1651.6246 | N65: 2569.6246 | O65: 2452.166 | P65: 2451.699 | Q65: 2451.699 | R65: 2451.667 | S65: 2451.66 | T65: 2451.66 | U65: 2451.66 | V65: 2451.66 | W65: 2451.66 | X65: 2451.66 | Y65: 2451.66 | Z65: 2451.66 | AA65: 2451.66 | AB65: 2451.66 | AC65: 2451.66 | AD65: 2451.6598 | AE65: 2451.6598 | AF65: 2451.6598 | AG65: 2451.66
B66: Expenditure with emission of stocks | C66: 0 | D66: 0 | E66: 0 | F66: 0 | G66: 0 | H66: 0 | I66: 0 | J66: -28.639 | K66: 34.314342 | L66: 38.966702 | M66: 34.84458 | N66: 35.23622 | O66: 41.36312 | P66: 0 | Q66: 0 | R66: 0 | S66: 0 | T66: 0 | U66: 0 | V66: 0 | W66: 0 | X66: 0 | Y66: 0 | Z66: 0 | AA66: 0 | AB66: 0 | AC66: 0 | AD66: 0 | AE66: 0 | AF66: 0 | AG66: 0
B67: Capital Reserve | C67: 6.625 | D67: 6.601 | E67: 6.6011146 | F67: 5.9414531 | G67: 5.9396802 | H67: 5.9396802 | I67: 5.6753416 | J67: 34.314342 | K67: 232.93613 | L67: 232.93392 | M67: 165.51493 | N67: 124.40693 | O67: 124.407 | P67: 35.533412 | Q67: 35.57 | R67: 33.421 | S67: 29.584 | T67: 29.584 | U67: 29.464 | V67: 39.079 | W67: 28.33 | X67: 28.082 | Y67: 25.237 | Z67: 25.163 | AA67: 25.163 | AB67: 25.163 | AC67: 23.137 | AD67: 23.137348 | AE67: 23.137348 | AF67: 23.137348 | AG67: 22.129
B68: Earnings reserve | C68: 277.191 | D68: 277.2051 | E68: 246.38343 | F68: 248.10043 | G68: 248.1 | H68: 248.1 | I68: 248.10557 | J68: 244.08809 | K68: -67.575646 | L68: -110.50892 | M68: -38.206252 | N68: -38.206252 | O68: -38.206 | P68: 124.407 | Q68: 124.407 | R68: 36.742 | S68: 36.742 | T68: 36.742 | U68: 36.742 | V68: 592.986 | W68: 592.986 | X68: 592.986 | Y68: 592.986 | Z68: 237.369 | AA68: 263.356 | AB68: 263.356 | AC68: 85.356 | AD68: =65.13430554+85.1456129599982 -> 150.27992 | AE68: 150.28 | AF68: 150.27992 | AG68: 150.28
B69: Shares in treasury | C69: -14.213 | D69: -26.325 | E69: -15.642333 | F69: -15.642333 | G69: -15.642 | H69: -15.642 | I69: -15.5982 | J69: -21.17418 | K69: -69.566 | L69: -69.566 | M69: -69.566 | N69: -69.566 | O69: -69.566 | P69: -31.108921 | Q69: -31.109 | R69: -71.152 | S69: -165.609 | T69: -183.491 | U69: -185.791 | V69: -184.271 | W69: -180.444 | X69: -180.444 | Y69: -178.357 | Z69: -178.283 | AA69: -178.283 | AB69: -178.283 | AC69: -176.257 | AD69: -176.25684 | AE69: -176.25684 | AF69: -176.25684 | AG69: -175.249
B70: Asset valuation adjustment | C70: -69.566 | D70: -69.566 | E70: -69.566 | F70: -69.566 | G70: -69.566 | H70: -69.566 | I70: -69.566 | J70: -69.566 | K70: -18.816549 | L70: -9.8315487 | M70: -8.0035487 | N70: 0 | O70: 49.996 | P70: -69.566 | Q70: -69.566 | R70: -69.566 | S70: 588.916 | T70: -132.543 | U70: -134.3 | V70: -136.107 | W70: -137.964 | X70: -133.325 | Y70: -130.979 | Z70: -131.424 | AA70: -173.536 | AB70: -174.009 | AC70: -174.996 | AD70: -174.5676 | AE70: -174.7956 | AF70: -175.03235 | AG70: -236.198
B71: Retained earnings | C71: 39.94 | D71: 36.964 | E71: 20.31 | F71: 0 | G71: 38.124 | H71: 21.205 | I71: 18.733 | J71: 0.00045133 | K71: 0 | L71: 0.99987011 | M71: 5.7092456 | N71: 20.956264 | O71: 23.052733 | P71: 52.97 | Q71: 66.154 | R71: 0 | S71: 0 | T71: 487.005 | U71: 440.28 | V71: 0 | W71: 0 | X71: 0 | Y71: -209.256 | Z71: 0 | AA71: 64.536 | AB71: 49.847 | AC71: 69.293 | AD71: 0 | AE71: 95.724 | AF71: 105.26304 | AG71: 141.806
B72: Retained losses | C72: 0 | D72: 0 | E72: 0 | F72: 0 | G72: 0 | H72: 0 | I72: 0 | J72: 0 | K72: 0 | L72: 0 | M72: 0 | N72: 0 | O72: 0 | P72: 0 | Q72: 0 | R72: 0 | S72: -90.113 | T72: 0 | U72: 0 | V72: 0 | W72: -77.21 | X72: -179.021 | Y72: 0 | Z72: 0 | AA72: 0 | AB72: 0 | AC72: 0 | AD72: 0 | AE72: 0 | AF72: 0 | AG72: 0
B73: Minority shareholders interest | C73: 0 | D73: 0 | E73: 0 | F73: 0 | G73: 0 | H73: 0 | I73: 0 | J73: 0 | K73: 0 | L73: 0 | M73: 0 | N73: 0 | O73: 0 | P73: 29.123 | Q73: 28.674 | R73: 31.249 | S73: 383.374 | T73: 397.883 | U73: 416.219 | V73: 438.121 | W73: 464.84267 | X73: 473.117 | Y73: 431.567 | Z73: 452.858 | AA73: 501.357 | AB73: 520.185 | AC73: 493.549 | AD73: 505.98238 | AE73: 550.38128 | AF73: 573.27785 | AG73: 552.081
B74: Obligations for investment purchase | C74: 0 | D74: 0 | E74: 0 | F74: 0 | G74: 0 | H74: 0 | I74: 0 | J74: 0 | K74: -77.779 | L74: -78.554 | M74: -79.382 | N74: -115.978 | O74: 0 | P74: 0 | Q74: 0 | R74: 0 | S74: 0 | T74: 0 | U74: 0 | V74: 0 | W74: 0 | X74: 0 | Y74: 0 | Z74: 0 | AA74: 0 | AB74: 0 | AC74: 0 | AD74: 0 | AE74: 0 | AF74: 0 | AG74: 0
B75: Total Liabilities and Shareholder Equity | C75: =C64+C52+C39 -> 1368.592 | D75: =D64+D52+D39 -> 1491.6261 | E75: =E64+E52+E39 -> 1497.9962 | F75: =F64+F52+F39 -> 1446.4696 | G75: =G64+G52+G39 -> 2003.5445 | H75: =H64+H52+H39 -> 1970.6173 | I75: =I64+I52+I39 -> 2160.9507 | J75: =J64+J52+J39 -> 2400.0207 | ... AD75: =AD64+AD52+AD39 -> 9688.8729 | AE75: 9965.9981 | AF75: 10000.011 | AG75: 10090.277

Sheet IS IFRS
B1: DRE IFRS
B2: Summary
B4: R$ milhões | C4: 1T18 | D4: 2T18 | E4: 3T18 | F4: 4T18 | G4: 1T19 | H4: 2T19 | I4: 3T19 | J4: 4T19 | K4: 1T20 | L4: 2T20 | M4: 3T20 | N4: 4T20 | O4: 1Q21 | P4: 2Q21 | Q4: 3Q21 | R4: 4Q21 | S4: 1Q22 | T4: 2Q22 | U4: 3Q22 | V4: 4Q22 | W4: 1Q23 | X4: 2Q23 | Y4: 3Q23 | Z4: 4Q23 | AA4: 1Q24 | AB4: 2Q24 | AC4: 3Q24 | AD4: 4Q24 | AE4: 1Q25 | AF4: 2Q25 | AG4: 3Q25 | AI4: 2021 | AJ4: 2022 | AK4: 2023 | AL4: 2024
B5: Net revenue | C5: 266.846 | D5: 282.379 | E5: 257.614 | F5: 295.618 | G5: 282.534 | H5: 285.401 | I5: 293.65 | J5: 319.914 | K5: 338.983 | L5: 356.135 | M5: 350.945 | N5: 375.926 | O5: 415.998 | P5: 585.946 | Q5: 816.681 | R5: 848.506 | S5: 902.38 | T5: 910.472 | U5: 905.237 | V5: 845.142 | W5: 954.422 | X5: 932.424 | Y5: 940.408 | Z5: 905.686 | AA5: 990.715 | AB5: 977.002 | AC5: 938.279 | AD5: 895.3825 | AE5: 1040.122 | AF5: 1005.34 | AG5: 1005.915 | AI5: =SUM(O5:R5) -> 2667.131 | AJ5: =SUM(S5:V5) -> 3563.231 | AK5: =SUM(W5:Z5) -> 3732.94 | AL5: 3801.3785
B6: Cost of services | C6: -140.509 | D6: -185.181 | E6: -172.523 | F6: -208.928 | G6: -134.265 | H6: -176.246 | I6: -168.272 | J6: -192.801 | K6: -149.246 | L6: -175.838 | M6: -172.05 | N6: -186.404 | O6: -180.415 | P6: -248.27 | Q6: -365.272 | R6: -455.987 | S6: -314.226 | T6: -387.888 | U6: -377.883 | V6: -428.844 | W6: -320.443 | X6: -422.017 | Y6: -372.318 | Z6: -404.038 | AA6: -316.88 | AB6: -392.956 | AC6: -385.781 | AD6: -354.369 | AE6: -339.137 | AF6: -409.373 | AG6: -366.58 | AI6: =SUM(O6:R6) -> -1249.944 | AJ6: =SUM(S6:V6) -> -1508.841 | AK6: =SUM(W6:Z6) -> -1518.816 | AL6: -1449.986
B7: Gross Profit | C7: 126.337 | D7: 97.198 | E7: 85.091 | F7: 86.69 | G7: 148.269 | H7: 109.155 | I7: 125.378 | J7: 127.113 | K7: 189.737 | L7: 180.297 | M7: 178.895 | N7: 189.522 | O7: 235.583 | P7: 337.676 | Q7: 451.409 | R7: 392.519 | S7: 588.154 | T7: 522.584 | U7: 527.354 | V7: 416.298 | W7: 633.979 | X7: 510.407 | Y7: 568.09 | Z7: 501.648 | AA7: 673.835 | AB7: 584.046 | AC7: 552.498 | AD7: 541.0135 | AE7: 700.985 | AF7: 595.967 | AG7: 639.335 | AI7: =SUM(O7:R7) -> 1417.187 | AJ7: =SUM(S7:V7) -> 2054.39 | AK7: =SUM(W7:Z7) -> 2214.124 | AL7: 2351.3925
B8: Operational (expenses) revenues | C8: -79.527 | D8: -88.15 | E8: -93.696 | F8: -95.287 | G8: -85.154 | H8: -91.352 | I8: -95.788 | J8: -117.651 | K8: -173.389 | L8: -131.899 | M8: -139.681 | N8: -175.303 | O8: -142.748 | P8: -270.774 | Q8: -308.255 | R8: -397.96304 | S8: -402.9583 | T8: -415.5067 | U8: -412.40001 | V8: -445.423 | W8: -476.765 | X8: -379.346 | Y8: -424.773 | Z8: -408.338 | AA8: -427.67134 | AB8: -385.99966 | AC8: -370.871 | AD8: -346.752 | AE8: -396.356 | AF8: -367.296 | AG8: -386.112 | AI8: =SUM(O8:R8) -> -1119.74 | AJ8: =SUM(S8:V8) -> -1676.288 | AK8: =SUM(W8:Z8) -> -1689.222 | AL8: -1531.294
B9: Sales Expenses | C9: -21.645 | D9: -23.051 | E9: -19.184 | F9: -32.784 | G9: -25.378 | H9: -24.546 | I9: -26.054 | J9: -34.005 | K9: -32.681 | L9: -43.954 | M9: -32.277 | N9: -58.374 | O9: -36.884 | P9: -62.08 | Q9: -58.373 | R9: -151.99704 | S9: -111.4113 | T9: -119.4427 | U9: -85.374006 | V9: -111.389 | W9: -122.081 | X9: -105.988 | Y9: -130.721 | Z9: -105.238 | AA9: -153.03362 | AB9: -104.63438 | AC9: -114.138 | AD9: -97.392 | AE9: -151.117 | AF9: -92.371 | AG9: -100.286 | AI9: =SUM(O9:R9) -> -309.33404 | AJ9: =SUM(S9:V9) -> -427.617 | AK9: =SUM(W9:Z9) -> -464.028 | AL9: -469.198
B10: General & Administrative Expenses | C10: -58.288 | D10: -66.919 | E10: -70.791 | F10: -63.262 | G10: -61.419 | H10: -67.175 | I10: -69.059 | J10: -84.245 | K10: -75.335 | L10: -79.42 | M10: -88.657 | N10: -94.859 | O10: -99.943 | P10: -192.176 | Q10: -299.559 | R10: -272.615 | S10: -271.761 | T10: -280.222 | U10: -324.941 | V10: -325.59 | W10: -310.617 | X10: -301.278 | Y10: -274.114 | Z10: -254.395 | AA10: -257.392 | AB10: -272.243 | AC10: -235.685 | AD10: -277.98 | AE10: -242 | AF10: -260.744 | AG10: -269.003 | AI10: =SUM(O10:R10) -> -864.293 | AJ10: =SUM(S10:V10) -> -1202.514 | AK10: =SUM(W10:Z10) -> -1140.404 | AL10: -1043.3
B11: Equity result | C11: -0.329 | D11: -0.561 | E11: -0.395 | F11: -1.263 | G11: -0.51 | H11: -0.783 | I11: -0.576 | J11: -0.594 | K11: -0.574 | L11: -1.271 | M11: -1.194 | N11: -0.546 | O11: 0.242 | P11: -0.552 | Q11: 0.35 | R11: -0.584 | S11: -4.247 | T11: -4.383 | U11: 0.187 | V11: -5.899 | W11: -2.154 | X11: -1.626 | Y11: -0.818 | Z11: -2.294 | AA11: -8.29272 | AB11: -1.17428 | AC11: -1.032 | AD11: -1.271 | AE11: -1.036 | AF11: -1.603 | AG11: -1.204 | AI11: =SUM(O11:R11) -> -0.544 | AJ11: =SUM(S11:V11) -> -14.342 | AK11: =SUM(W11:Z11) -> -6.892 | AL11: -11.77
B12: Other Operating Revenues (Expenses) | C12: 0.735 | D12: 2.381 | E12: -3.326 | F12: 2.022 | G12: 2.153 | H12: 1.152 | I12: -0.099 | J12: 1.193 | K12: -64.799 | L12: -7.254 | M12: -17.553 | N12: -21.524 | O12: -6.163 | P12: -15.966 | Q12: 49.327 | R12: 27.233 | S12: -15.539 | T12: -11.459 | U12: -2.272 | V12: -2.545 | W12: -41.913 | X12: 29.546 | Y12: -19.12 | Z12: -46.411 | AA12: -8.953 | AB12: -7.948 | AC12: -20.016 | AD12: 29.891 | AE12: -2.203 | AF12: -12.578 | AG12: -15.619 | AI12: =SUM(O12:R12) -> 54.431 | AJ12: =SUM(S12:V12) -> -31.815 | AK12: =SUM(W12:Z12) -> -77.898 | AL12: -7.026
B13: Operating result before financial result | C13: 46.81 | D13: 9.048 | E13: -8.605 | F13: -8.597 | G13: 63.115 | H13: 17.803 | I13: 29.59 | J13: 9.462 | K13: 16.348 | L13: 48.398 | M13: 39.214 | N13: 14.219 | O13: 92.835 | P13: 66.902 | Q13: 143.154 | R13: -5.4440423 | S13: 185.1957 | T13: 107.0773 | U13: 114.95399 | V13: -29.125 | W13: 157.214 | X13: 131.061 | Y13: 143.317 | Z13: 93.31 | AA13: 246.16366 | AB13: 198.04634 | AC13: 181.627 | AD13: 194.2615 | AE13: 304.629 | AF13: 228.671 | AG13: 253.223 | AI13: =SUM(O13:R13) -> 297.44696 | AJ13: =SUM(S13:V13) -> 378.102 | AK13: =SUM(W13:Z13) -> 524.902 | AL13: 820.0985
B14: Financial revenues | C14: 8.005 | D14: 12.259 | E14: 16.129 | F14: 2.805 | G14: 11.167 | H14: 6.109 | I14: 8.386 | J14: 1.463 | K14: 6.815 | L14: 10.362 | M14: 15.719 | N14: 12.689 | O14: 13.042 | P14: 44.557 | Q14: 21.296 | R14: 22.794 | S14: 23.454 | T14: 40.841 | U14: 51.422 | V14: 49.248 | W14: 49.627 | X14: 50.769 | Y14: 33.864 | Z14: 34.268 | AA14: 40.897 | AB14: 30.997 | AC14: 51.911 | AD14: 46.191958 | AE14: 53.776 | AF14: 53.893 | AG14: 75.393 | AI14: =SUM(O14:R14) -> 101.689 | AJ14: =SUM(S14:V14) -> 164.965 | AK14: =SUM(W14:Z14) -> 168.528 | AL14: 169.99696
B15: Financial expenses | C15: -13.122 | D15: -22.376 | E15: -22.401 | F15: -15.986 | G15: -36.286 | H15: -38.911 | I15: -38.56 | J15: -39.66 | K15: -41.286 | L15: -47.715 | M15: -52.453 | N15: -58.655 | O15: -53.999 | P15: -129.193 | Q15: -165.878 | R15: -182.547 | S15: -298.439 | T15: -213.326 | U15: -221.376 | V15: -225.876 | W15: -251.617 | X15: -239.864 | Y15: -193.887 | Z15: -225.937 | AA15: -190.093 | AB15: -225.126 | AC15: -195.224 | AD15: -193.5853 | AE15: -224.955 | AF15: -242.795 | AG15: -258.02 | AI15: =SUM(O15:R15) -> -531.617 | AJ15: =SUM(S15:V15) -> -959.017 | AK15: =SUM(W15:Z15) -> -911.305 | AL15: -804.0283
B16: Profit (Loss) before taxes | C16: 41.693 | D16: -1.069 | E16: -14.877 | F16: -21.778 | G16: 37.996 | H16: -14.999 | I16: -0.584 | J16: -28.735 | K16: -18.123 | L16: 11.045 | M16: 2.48 | N16: -31.747 | O16: 51.878 | P16: -17.734 | Q16: -1.428 | R16: -165.19704 | S16: -89.789299 | T16: -65.407695 | U16: -55.000006 | V16: -205.753 | W16: -44.776 | X16: -58.034 | Y16: -16.706 | Z16: -98.359 | AA16: 96.967663 | AB16: 3.9173366 | AC16: 38.314 | AD16: 46.868163 | AE16: 133.45 | AF16: 39.769 | AG16: 70.596 | AI16: =SUM(O16:R16) -> -132.48104 | AJ16: =SUM(S16:V16) -> -415.95 | AK16: =SUM(W16:Z16) -> -217.875 | AL16: 186.06716
... B19: (-) Non-controlling interest | C19: 0 | D19: 0 | E19: 0 | F19: 0 | G19: 0 | H19: 0 | I19: 0 | J19: 0 | K19: 0 | L19: -0.459 | M19: 0.007 | N19: 0.909 | O19: 2.1008362 | P19: 2.0058346 | Q19: 1.309 | R19: 0.92122627 | S19: 6.7572005 | T19: 35.500634 | U19: 17.953954 | V19: 53.494471 | W19: 35.861882 | X19: 43.99514 | Y19: 17.707047 | Z19: 18.893673 | AA19: 32.99 | AB19: 18.995 | AC19: 34.29 | AD19: 33.024493 | AE19: 44.479 | AF19: 27.385 | AG19: 31.998 | AI19: =SUM(O19:R19) -> 6.3368971 | AJ19: =SUM(S19:V19) -> 113.70626 | AK19: =SUM(W19:Z19) -> 116.45774 | AL19: 119.29949
B20: Net Profit (Loss) attributable to controlling shareholders | C20: 39.94 | D20: -2.976 | E20: -16.655 | F20: -18.058 | G20: 38.124 | H20: -16.92 | I20: -2.472 | J20: -28.325 | K20: -18.818 | L20: =L18-L19 -> 9.904 | M20: =M18-M19 -> 1.814 | N20: =N18-N19 -> -34.008 | O20: =O18-O19 -> 49.996164 | P20: =P18-P19 -> 2.9751654 | Q20: =Q18-Q19 -> 13.184 | R20: =R18-R19 -> -153.81927 | S20: =S18-S19 -> -90.113499 | ... V20: =V18-V19 -> 115.95053 | W20: -77.209882 | X20: -101.81114 | Y20: -30.235047 | Z20: -120.37367 | AA20: 64.535502 | AB20: -14.688502 | AC20: 19.445 | AD20: 15.852327 | AE20: 95.724 | AF20: 9.54 | AG20: 36.542 | AI20: =SUM(O20:R20) -> -87.663939 | AJ20: =SUM(S20:V20) -> -102.25126 | AK20: =SUM(W20:Z20) -> -329.62974 | AL20: 85.144327

Sheet Cons. Income Statment
B1: Consolidated Income Statment (IS)
B2: Summary
B4: R$ million (except in %) | C4: 1Q18 | D4: 2Q18 | E4: 3Q18 | F4: 4Q18 | G4: 1Q19 | H4: 2Q19 | I4: 3Q19 | J4: 4Q19 | K4: 1Q20 | L4: 2Q20 | M4: 3Q20 | N4: 4Q20 | O4: 1Q21 | P4: 2Q21 | Q4: 3Q21 | R4: 4Q21 | S4: 1Q22 | T4: 2Q22 | U4: 3Q22 | V4: 4Q22 | W4: 1Q23 | X4: 2Q23 | Y4: 3Q23 | Z4: 4Q23 | AA4: 1Q24 | AB4: 2Q24 | AC4: 3Q24 | AD4: 4Q24 | AE4: 1Q25 | AF4: 2Q25 | AG4: 3Q25 | AI4: 2021 | AJ4: 2022 | AK4: 2023 | AL4: 2024
B5: Gross Revenue | C5: n/a | D5: n/a | E5: n/a | F5: n/a | G5: n/a | H5: n/a | I5: n/a | J5: n/a | K5: 684.09378 | L5: 659.55375 | M5: 671.76386 | N5: 677.03762 | O5: 787.65308 | P5: 1096.5562 | Q5: 1614.3694 | R5: 1646.1373 | S5: 1761.517 | T5: 1822.5062 | U5: 1829.2289 | V5: 1665.3184 | W5: 1928.9026 | X5: 1963.2054 | Y5: 1886.0547 | Z5: 1868.8011 | AA5: 1986.0648 | AB5: 2018.5313 | AC5: 1885.0221 | AD5: 1882.4275 | AE5: 2134.9154 | AF5: 2173.4726 | AG5: 2051.855 | AI5: 5144.7159 | AJ5: 7078.5706 | AK5: 7646.9638 | AL5: 7772.0457
B6: Discounts, Deductions & Scholarships | C6: n/a | D6: n/a | E6: n/a | F6: n/a | G6: n/a | H6: n/a | I6: n/a | J6: n/a | K6: -334.55587 | L6: -292.10006 | M6: -308.85715 | N6: -288.4479 | O6: -365.91818 | P6: -497.4445 | Q6: -761.27124 | R6: -759.48642 | S6: -822.06907 | T6: -873.39935 | U6: -886.049 | V6: -785.90925 | W6: -937.79783 | X6: -994.2151 | Y6: -908.23511 | Z6: -927.23855 | AA6: -957.8653 | AB6: -1002.3157 | AC6: -907.66731 | AD6: -951.253 | AE6: -1054.8333 | AF6: -1127.5954 | AG6: -1004.9882 | AI6: -2384.1203 | AJ6: -3367.4267 | AK6: -3767.4866 | AL6: -3819.1013
B7: Taxes | C7: n/a | D7: n/a | E7: n/a | F7: n/a | G7: n/a | H7: n/a | I7: n/a | J7: n/a | K7: -10.920203 | L7: -11.319306 | M7: -11.961412 | N7: -12.664474 | O7: -13.023379 | P7: -22.2047 | Q7: -36.414778 | R7: -38.143347 | S7: -37.067803 | T7: -38.63428 | U7: -37.943466 | V7: -34.268245 | W7: -36.682497 | X7: -36.566126 | Y7: -37.412477 | Z7: -35.87643 | AA7: -37.48458 | AB7: -39.213442 | AC7: -39.076209 | AD7: -35.79635 | AE7: -39.960249 | AF7: -40.537377 | AG7: -40.951623 | AI7: -109.7862 | AJ7: -147.91379 | AK7: -146.53753 | AL7: -151.57058
B8: Net Revenue | C8: n/a | D8: n/a | E8: n/a | F8: n/a | G8: n/a | H8: n/a | I8: n/a | J8: n/a | K8: 338.61771 | L8: 356.13439 | M8: 350.94529 | N8: 375.92526 | O8: 408.71152 | P8: 576.90698 | Q8: 816.68335 | R8: 848.50754 | S8: 902.38017 | T8: 910.47256 | U8: 905.23647 | V8: 845.14093 | W8: 954.42228 | X8: 932.42419 | Y8: 940.40708 | Z8: 905.68608 | AA8: 990.71494 | AB8: 977.00212 | AC8: 938.27857 | AD8: 895.37816 | AE8: 1040.1218 | AF8: 1005.3398 | AG8: 1005.9152 | AI8: 2650.8094 | AJ8: 3563.2301 | AK8: 3732.9396 | AL8: 3801.3738
B9: Cost of Services | C9: n/a | D9: n/a | E9: n/a | F9: n/a | G9: n/a | H9: n/a | I9: n/a | J9: n/a | K9: -126.34225 | L9: -149.22736 | M9: -140.22714 | N9: -159.31322 | O9: -147.50822 | P9: -212.03025 | Q9: -279.115 | R9: -351.89354 | S9: -251.39403 | T9: -340.4339 | U9: -329.50778 | V9: -366.56084 | W9: -279.88371 | X9: -364.1859 | Y9: -303.16291 | Z9: -327.16843 | AA9: -264.17109 | AB9: -339.31924 | AC9: -314.4329 | AD9: -325.77669 | AE9: -287.6837 | AF9: -356.15638 | AG9: -329.36597 | AI9: -990.54701 | AJ9: -1287.8966 | AK9: -1274.4009 | AL9: -1243.6999
B10: Personnel | C10: n/a | D10: n/a | E10: n/a | F10: n/a | G10: n/a | H10: n/a | I10: n/a | J10: n/a | K10: -99.711858 | L10: -128.88365 | M10: -115.81541 | N10: -126.64645 | O10: -117.48282 | P10: -166.32749 | Q10: -216.48601 | R10: -255.8528 | S10: -179.121 | T10: -246.1214 | U10: -233.48886 | V10: -248.7201 | W10: -199.35124 | X10: -268.16725 | Y10: -216.11083 | Z10: -231.65556 | AA10: -182.78773 | AB10: -233.33448 | AC10: -205.36969 | AD10: -213.01521 | AE10: -186.30005 | AF10: -225.53765 | AG10: -203.45574 | AI10: -756.14912 | AJ10: -907.45136 | AK10: -915.28487 | AL10: -834.50712
B11: Services from Third Parties | C11: n/a | D11: n/a | E11: n/a | F11: n/a | G11: n/a | H11: n/a | I11: n/a | J11: n/a | K11: -10.418528 | L11: -7.5030255 | M11: -10.238296 | N11: -12.486848 | O11: -12.455093 | P11: -19.260709 | Q11: -28.082624 | R11: -34.212706 | S11: -24.764036 | T11: -29.105092 | U11: -29.983603 | V11: -35.354849 | W11: -25.156263 | X11: -30.920179 | Y11: -33.433903 | Z11: -25.038715 | AA11: -24.32809 | AB11: -29.971936 | AC11: -30.650377 | AD11: -35.525615 | AE11: -27.966892 | AF11: -36.841984 | AG11: -37.673636 | AI11: -94.011132 | AJ11: -119.20758 | AK11: -114.54906 | AL11: -120.47602
B12: Rental & Utilities | C12: n/a | D12: n/a | E12: n/a | F12: n/a | G12: n/a | H12: n/a | I12: n/a | J12: n/a | K12: -7.6337204 | L12: -5.9688824 | M12: -5.8405263 | N12: -5.8146302 | O12: -7.5145724 | P12: -10.993523 | Q12: -4.6450935 | R12: -15.491099 | S12: -20.323513 | T12: -21.376633 | U12: -19.135272 | V12: -27.890714 | W12: -15.457269 | X12: -20.229882 | Y12: -15.635794 | Z12: -18.647384 | AA12: -17.607867 | AB12: -21.268541 | AC12: -13.339145 | AD12: -17.616904 | AE12: -17.752548 | AF12: -21.204613 | AG12: -19.170569 | AI12: -38.644288 | AJ12: -88.726132 | AK12: -69.970329 | AL12: -69.832457
B13: Others | C13: n/a | D13: n/a | E13: n/a | F13: n/a | G13: n/a | H13: n/a | I13: n/a | J13: n/a | K13: -8.5781401 | L13: -6.8718012 | M13: -8.3329048 | N13: -14.365291 | O13: -10.05574 | P13: -15.448523 | Q13: -29.901272 | R13: -46.336942 | S13: -27.185482 | T13: -43.858986 | U13: -46.900044 | V13: -54.595174 | W13: -39.918936 | X13: -44.868587 | Y13: -37.98239 | Z13: -51.826768 | AA13: -39.4474 | AB13: -54.744277 | AC13: -65.073685 | AD13: -59.61896 | AE13: -55.664212 | AF13: -72.572127 | AG13: -69.06603 | AI13: -101.74248 | AJ13: -172.53969 | AK13: -174.59668 | AL13: -218.88432
B14: Gross Profit (exclud. deprec. /amort.) | C14: n/a | D14: n/a | E14: n/a | F14: n/a | G14: n/a | H14: n/a | I14: n/a | J14: n/a | K14: 212.27546 | L14: 206.90703 | M14: 210.71816 | N14: 216.61203 | O14: 261.2033 | P14: 364.87673 | Q14: 537.56835 | R14: 496.61399 | S14: 650.98614 | T14: 570.03866 | U14: 575.72869 | V14: 478.58009 | W14: 674.53858 | X14: 568.23829 | Y14: 637.24417 | Z14: 578.51765 | AA14: 726.54386 | AB14: 637.68288 | AC14: 623.84567 | AD14: 569.60147 | AE14: 752.43809 | AF14: 649.18347 | AG14: 676.5492 | AI14: 1660.2624 | AJ14: 2275.3336 | AK14: 2458.5387 | AL14: 2557.6739
B15: Sales Expenses | C15: n/a | D15: n/a | E15: n/a | F15: n/a | G15: n/a | H15: n/a | I15: n/a | J15: n/a | K15: -32.166872 | L15: -42.459465 | M15: -32.125605 | N15: -58.221677 | O15: -36.639755 | P15: -69.235663 | Q15: -37.709952 | R15: -159.3325 | S15: -109.15367 | T15: -117.98463 | U15: -91.345498 | V15: -113.77521 | W15: -122.27754 | X15: -105.45079 | Y15: -130.51435 | Z15: -106.05803 | AA15: -151.55915 | AB15: -106.06793 | AC15: -114.01336 | AD15: -97.53257 | AE15: -150.11949 | AF15: -91.81714 | AG15: -100.22023 | AI15: -302.91787 | AJ15: -432.25901 | AK15: -464.30071 | AL15: -469.17301
B16: Provision for Doubtful Accounts (PDA) | C16: n/a | D16: n/a | E16: n/a | F16: n/a | G16: n/a | H16: n/a | I16: n/a | J16: n/a | K16: -11.551257 | L16: -29.351727 | M16: -14.810335 | N16: -29.709951 | O16: -15.497137 | P16: -46.787124 | Q16: 7.9211429 | R16: -107.08086 | S16: -55.692032 | T16: -65.239284 | U16: -29.169024 | V16: -44.395121 | W16: -54.944804 | X16: -40.6346 | Y16: -54.529324 | Z16: -42.294855 | AA16: -52.547553 | AB16: -60.038212 | AC16: -41.231127 | AD16: -24.709148 | AE16: -52.134277 | AF16: -41.823039 | AG16: -29.44041 | AI16: -161.44398 | AJ16: -194.49546 | AK16: -192.40358 | AL16: -178.52604
... B41: (-) Non-Controlling Interest | C41: n/a | D41: n/a | E41: n/a | F41: n/a | G41: n/a | H41: n/a | I41: n/a | J41: n/a | K41: 0 | L41: 0.459 | M41: 0 | N41: 0 | O41: 2.1008362 | P41: 2.0058346 | Q41: 1.3095699 | R41: 0.92122627 | S41: 6.7572005 | T41: 35.500731 | U41: 17.953942 | V41: 53.494385 | W41: 35.861882 | X41: 43.99614 | Y41: 17.707047 | Z41: 18.893673 | AA41: 32.988208 | AB41: 18.995765 | AC41: 34.290846 | AD41: 33.025182 | AE41: 44.479 | AF41: 27.384541 | AG41: 31.998459 | AI41: 6.3374669 | AJ41: 113.70626 | AK41: 116.45874 | AL41: 119.3
B42: Adjusted Net Income | C42: n/a | D42: n/a | E42: n/a | F42: n/a | G42: n/a | H42: n/a | I42: n/a | J42: n/a | K42: =K40-K41 -> -18.844834 | L42: =L40-L41 -> 9.0262683 | M42: =M40-M41 -> 1.5168604 | N42: =N40-N41 -> -33.088318 | O42: =O40-O41 -> 49.995153 | P42: =P40-P41 -> 2.9046806 | Q42: =Q40-Q41 -> 13.148694 | R42: =R40-R41 -> -153.71359 | ... AC42: =AC40-AC41 -> 19.44517 | AD42: 15.850728 | AE42: 95.723678 | AF42: 9.5394325 | AG42: 36.543201 | AI42: -87.665061 | AJ42: -102.25439 | AK42: -329.62493 | AL42: 85.147284
B43: Non-Recurring Items - EBITDA | C43: n/a | D43: n/a | E43: n/a | F43: n/a | G43: n/a | H43: n/a | I43: n/a | J43: n/a | K43: 62.69216 | L43: 4.1179767 | M43: 18.286677 | N43: 10.610821 | O43: 6.3526971 | P43: 15.800321 | Q43: 45.447255 | R43: 13.277793 | S43: 0.74766756 | T43: 14.713981 | U43: 15.75695 | V43: 52.510151 | W43: 50.497208 | X43: 8.6965875 | Y43: 25.30909 | Z43: 33.657603 | AA43: 0.43086939 | AB43: 0.71220316 | AC43: 29.540679 | AD43: -21.591653 | AE43: 4.1372598 | AF43: 4.1848026 | AG43: 1.5920631 | AI43: 80.878065 | AJ43: 83.72875 | AK43: 118.16049 | AL43: 9.0920986
B44: Tax recoverable | C44: n/a | D44: n/a | E44: n/a | F44: n/a | G44: n/a | H44: n/a | I44: n/a | J44: n/a | K44: 0 | L44: 0 | M44: 0 | N44: 0 | O44: 0 | P44: 0 | Q44: 0 | R44: 0 | S44: 0 | T44: 0 | U44: 0 | V44: 0 | W44: 0 | X44: 0 | Y44: 0 | Z44: 0 | AA44: 0 | AB44: 0 | AC44: -16.024 | AD44: 0 | AE44: 0 | AF44: 0 | AG44: 0 | AI44: 0 | AJ44: 0 | AK44: 0 | AL44: -16.024
B45: Amortization of intangible assets¹ | C45: n/a | D45: n/a | E45: n/a | F45: n/a | G45: n/a | H45: n/a | I45: n/a | J45: n/a | O45: 4.656 | P45: 23.738 | Q45: 42.054 | R45: 48.166 | S45: 43.65 | T45: 42.65 | U45: 43.798 | V45: 42.267 | W45: 41.391 | X45: 42.899708 | Y45: 39.475292 | Z45: 41.287 | AA45: 39.688 | AB45: 20.21749 | AC45: 16.024225 | AD45: 14.592983 | AE45: 15.448284 | AF45: 15.439657 | AG45: 12.154808 | AI45: 118.614 | AJ45: 172.365 | AK45: 165.053 | AL45: 90.522698
B46: Penalty fee prepayment of debenture¹,² | C46: n/a | D46: n/a | E46: n/a | F46: n/a | G46: n/a | H46: n/a | I46: n/a | J46: n/a | O46: 0 | P46: 0 | Q46: 0 | R46: 0 | S46: 12.357 | T46: 0 | U46: 0 | V46: 0 | W46: 0 | X46: 0 | Y46: 0 | Z46: 0 | AA46: 0 | AB46: 1.680257 | AC46: 0 | AD46: 0 | AE46: 0 | AF46: 0 | AG46: 0 | AI46: 0 | AJ46: 12.357 | AK46: 0 | AL46: 1.680257
B47: Write-off of funding cost of the prepaid debenture¹,² | C47: n/a | D47: n/a | E47: n/a | F47: n/a | G47: n/a | H47: n/a | I47: n/a | J47: n/a | O47: 0 | P47: 0 | Q47: 0 | R47: 0 | S47: 84.384 | T47: 0 | U47: 0 | V47: 0 | W47: 0 | X47: 0 | Y47: 0 | Z47: 0 | AA47: 0 | AB47: 16.599371 | AC47: 0 | AD47: 0 | AE47: 0 | AF47: 0 | AG47: 0 | AI47: 0 | AJ47: 84.384 | AK47: 0 | AL47: 16.599371
B48: Adjusted Net Income | C48: n/a | D48: n/a | E48: n/a | F48: n/a | G48: n/a | H48: n/a | I48: n/a | J48: n/a | K48: =SUM(K42:K47) -> 43.847326 | L48: =SUM(L42:L47) -> 13.144245 | M48: =SUM(M42:M47) -> 19.803537 | N48: =SUM(N42:N47) -> -22.477497 | O48: =SUM(O42:O47) -> 61.00385 | P48: =SUM(P42:P47) -> 42.443001 | Q48: =SUM(Q42:Q47) -> 100.64995 | R48: =SUM(R42:R47) -> -92.269795 | ... AB48: =SUM(AB42:AB47) -> 24.526119 | AC48: 48.984074 | AD48: 8.8540574 | AE48: 115.30922 | AF48: 29.163892 | AG48: 50.290072 | AI48: 111.827 | AJ48: 250.58036 | AK48: -46.411442 | AL48: 187.01771
B50: 1) Amortization of intangible assets of acquired companies.
B51: 2) Since 2Q24, the amounts refers to Anima Holding participation (74,01%) in those adjustments.

Sheet Track Record LTM
B1: Track Record LTM
B2: Summary
B4: R$ million | C4: 1Q18 | D4: 2Q18 | E4: 3Q18 | F4: 4Q18 | G4: 1Q19 | H4: 2Q19 | I4: 3Q19 | J4: 4Q19 | K4: 1Q20 | L4: 2Q20 | M4: 3Q20 | N4: 4Q20 | O4: 1Q21 | P4: 2Q21 | Q4: 3Q21 | R4: 4Q21 | S4: 1Q22 | T4: 2Q22 | U4: 3Q22 | V4: 4Q22 | W4: 1Q23 | X4: 2Q23 | Y4: 3Q23 | Z4: 4Q23 | AA4: 1Q24 | AB4: 2Q24 | AC4: 3Q24 | AD4: 4Q24 | AE4: 1Q25 | AF4: 2Q25 | AG4: 3Q25
B5: Net Revenue | C5: 263.98947 | D5: 276.15209 | E5: 254.51204 | F5: 293.05132 | G5: 279.01408 | H5: 283.5292 | I5: 290.6928 | J5: 317.9001 | K5: 338.61771 | L5: 356.13439 | M5: 350.94529 | N5: 375.92526 | O5: ='IS IFRS'!O5 -> 415.998 | P5: ='IS IFRS'!P5 -> 585.946 | Q5: ='IS IFRS'!Q5 -> 816.681 | R5: ='IS IFRS'!R5 -> 848.506 | S5: ='IS IFRS'!S5 -> 902.38 | T5: ='IS IFRS'!T5 -> 910.472 | U5: ='IS IFRS'!U5 -> 905.237 | V5: ='IS IFRS'!V5 -> 845.142 | ... AE5: ='IS IFRS'!AE5 -> 1040.122 | AF5: 1005.3398 | AG5: 1005.9152
B6: EBITDA w/ IFRS | C6: 88.385131 | D6: 49.600872 | E6: 60.091064 | F6: 49.616144 | G6: 94.521297 | H6: 54.915884 | I6: 75.13346 | J6: 58.484101 | K6: 118.24933 | L6: 91.749452 | M6: 99.835709 | N6: 60.533909 | O6: ='Cons. Income Statment'!O30 -> 139.19539 | P6: ='Cons. Income Statment'!P30 -> 160.0974 | Q6: ='Cons. Income Statment'!Q30-118.7 -> 225.57143 | R6: ='Cons. Income Statment'!R30 -> 159.15128 | S6: ='Cons. Income Statment'!S30 -> 339.05435 | T6: ='Cons. Income Statment'!T30 -> 272.60468 | U6: ='Cons. Income Statment'!U30 -> 282.68605 | V6: ='Cons. Income Statment'!V30 -> 178.66732 | W6: ='Cons. Income Statment'!W30 -> 352.61209 | X6: ='Cons. Income Statment'!X30 -> 278.693 | Y6: ='Cons. Income Statment'!Y30 -> 308.15649 | ... AE6: ='Cons. Income Statment'!AE30 -> 431.63627 | AF6: 352.19542 | AG6: 374.34498
B7: Margin | C7: 0.33480551 | D7: 0.17961433 | E7: 0.23610303 | F7: 0.16930872 | G7: 0.33876891 | H7: 0.19368687 | I7: 0.25846344 | J7: 0.18397006 | K7: 0.3492119 | L7: 0.25762593 | M7: 0.28447656 | N7: 0.16102645 | O7: 0.34057123 | P7: 0.2775099 | Q7: 0.27620428 | R7: 0.18756614 | S7: 0.37573337 | T7: 0.2994101 | U7: 0.31234101 | V7: 0.21140536 | W7: 0.36945082 | X7: 0.29889079 | Y7: 0.32768414 | Z7: 0.29660235 | AA7: 0.39957017 | AB7: 0.34536738 | AC7: 0.35589902 | AD7: 0.35589902 | AE7: =IFERROR(AE6/AE$5,"n.a.") -> 0.41498619 | AF7: 0.35032474 | AG7: 0.37214369
B8: Rent expenses | C8: -19.077 | D8: -19.663 | E8: -21.316 | F8: -23.283 | G8: -19.996815 | H8: -21.194303 | I8: -25.687351 | J8: -23.871381 | K8: -23.17 | L8: -21.736 | M8: -24.635 | N8: -26.721 | O8: -31.95 | P8: -44.989 | Q8: -94.344 | R8: -82.804 | S8: -88.102 | T8: -83.716 | U8: -93.311 | V8: -78.282 | W8: -72.562899 | X8: -72.216201 | Y8: -72.158058 | Z8: -67.643186 | AA8: -68.919595 | AB8: -68.46713 | AC8: -69.094827 | AD8: -69.622443 | AE8: -71.138014 | AF8: -70.88316 | AG8: -71.306
B9: EBITDA ex. IFRS16 | C9: =SUM(C6,C8) -> 69.308131 | D9: =SUM(D6,D8) -> 29.937872 | E9: =SUM(E6,E8) -> 38.775064 | F9: =SUM(F6,F8) -> 26.333144 | G9: =SUM(G6,G8) -> 74.524482 | H9: =SUM(H6,H8) -> 33.721581 | I9: =SUM(I6,I8) -> 49.446109 | J9: =SUM(J6,J8) -> 34.61272 | ... AG9: =SUM(AG6,AG8) -> 303.03898
B10: Margin | C10: =C9/C5 -> 0.26254127 | D10: =D9/D5 -> 0.10841081 | E10: =E9/E5 -> 0.15235061 | F10: =F9/F5 -> 0.089858472 | G10: =G9/G5 -> 0.26709936 | H10: =H9/H5 -> 0.11893512 | I10: =I9/I5 -> 0.17009747 | J10: =J9/J5 -> 0.10887923 | ... AG10: =AG9/AG5 -> 0.30125699
B12: LTM:
B13: Net Revenue | C13: 1049.0959 | D13: 1066.0438 | E13: 1069.5508 | F13: 1087.7049 | G13: 1102.7295 | H13: 1110.1067 | I13: 1146.2874 | J13: 1171.1362 | K13: 1230.7398 | L13: 1303.345 | M13: 1363.5975 | N13: 1421.6226 | O13: 1491.7165 | P13: 1712.4891 | Q13: 2178.2271 | R13: 2650.8094 | S13: 3144.478 | T13: 3478.0436 | U13: 3566.5967 | V13: 3563.2301 | W13: 3615.2722 | X13: 3637.2239 | Y13: 3672.3945 | Z13: 3732.9396 | AA13: 3769.2323 | AB13: 3813.8102 | AC13: 3811.6817 | AD13: =SUM(AA5:AD5) -> 3801.3785 | AE13: =SUM(AB5:AE5) -> 3850.7855 | AF13: =SUM(AC5:AF5) -> 3879.1234 | AG13: =SUM(AD5:AG5) -> 3946.7595
B14: EBITDA | C14: 167.05103 | D14: 161.44146 | E14: 160.65401 | F14: 164.35421 | G14: 169.57056 | H14: 173.35427 | I14: 184.02532 | J14: 192.30489 | K14: 212.85974 | L14: 249.15162 | M14: 274.90622 | N14: 274.1064 | O14: 286.27246 | P14: 331.3674 | Q14: 387.39412 | R14: 429.9285 | S14: 573.63546 | T14: 647.41574 | U14: 705.61978 | V14: 729.65781 | W14: 758.75466 | X14: 776.34278 | Y14: 822.90974 | Z14: 923.50986 | AA14: 970.40121 | AB14: 1032.8819 | AC14: 1061.7211 | AD14: =SUM(AA9:AD9) -> 1084.858 | AE14: =SUM(AB9:AE9) -> 1118.4157 | AF14: =SUM(AC9:AF9) -> 1130.7704 | AG14: =SUM(AD9:AG9) -> 1168.9718
B15: LTM Margin | C15: 0.15923334 | D15: 0.1514398 | E15: 0.150207 | F15: 0.15110184 | G15: 0.15377348 | H15: 0.15616002 | I15: 0.16054029 | J15: 0.1642037 | K15: 0.17061292 | L15: 0.18742874 | M15: 0.19537718 | N15: 0.18743317 | O15: 0.18868301 | P15: 0.19190196 | Q15: 0.17825311 | R15: 0.16218763 | S15: 0.18242629 | T15: 0.18614365 | U15: 0.1978412 | V15: 0.20477426 | W15: 0.20987483 | X15: 0.21344377 | Y15: 0.22407989 | Z15: 0.2473948 | AA15: 0.25745328 | AB15: 0.27082678 | AC15: 0.27854401 | AD15: =AD14/AD13 -> 0.28538541 | AE15: =AE14/AE13 -> 0.29043832 | AF15: =AF14/AF13 -> 0.29150154 | AG15: =AG14/AG13 -> 0.29618521
B16: LTM Margin YoY | G16: =(ROUND(G15,3)-ROUND(C15,3))*100 -> -0.5 | H16: =(ROUND(H15,3)-ROUND(D15,3))*100 -> 0.5 | I16: =(ROUND(I15,3)-ROUND(E15,3))*100 -> 1.1 | J16: =(ROUND(J15,3)-ROUND(F15,3))*100 -> 1.3 | K16: =(ROUND(K15,3)-ROUND(G15,3))*100 -> 1.7 | L16: =(ROUND(L15,3)-ROUND(H15,3))*100 -> 3.1 | M16: =(ROUND(M15,3)-ROUND(I15,3))*100 -> 3.4 | N16: =(ROUND(N15,3)-ROUND(J15,3))*100 -> 2.3 | ... AG16: =(ROUND(AG15,3)-ROUND(AC15,3))*100 -> 1.7

Sheet IS by Segment
B1: IS by Segments - New
B2: Summary
B4: R$ millions, excepQ in % | C4: 1Q18 | D4: 2Q18 | E4: 3Q18 | F4: 4Q18 | G4: 1Q19 | H4: 2Q19 | I4: 3Q19 | J4: 4Q19 | K4: 1Q20 | L4: 2Q20 | M4: 3Q20 | N4: 4Q20 | O4: 1Q21 | P4: 2Q21 | Q4: 3Q21 | R4: 4Q21 | S4: 1Q22 | T4: 2Q22 | U4: 3Q22 | V4: 4Q22 | W4: 1Q23 | X4: 2Q23 | Y4: 3Q23 | Z4: 4Q23 | AA4: 1Q24 | AB4: 2Q24 | AC4: 3Q24 | AD4: 4Q24 | AE4: 1Q25 | AF4: 2Q25 | AG4: 3Q25 | AI4: 2021 | AJ4: 2022 | AK4: 2023 | AL4: 2024
B5: Ânima Core
B6: Gross Revenue | C6: n/a | D6: n/a | E6: n/a | F6: n/a | G6: n/a | H6: n/a | I6: n/a | J6: n/a | K6: n/a | L6: n/a | M6: n/a | N6: n/a | O6: n/a | P6: n/a | Q6: n/a | R6: n/a | S6: 1275.9566 | T6: 1271.1527 | U6: 1303.2832 | V6: 1165.2917 | W6: 1331.1109 | X6: 1314.5403 | Y6: 1271.7909 | Z6: 1240.2932 | AA6: 1303.2522 | AB6: 1300.5676 | AC6: 1229.375 | AD6: 1205.9811 | AE6: 1369.3698 | AF6: 1380.0665 | AG6: 1291.3734 | AI6: n.a. | AJ6: =SUM(S6:V6) -> 5015.6841 | AK6: =SUM(W6:Z6) -> 5157.7353 | AL6: =SUM(AA6:AD6) -> 5039.1758
B7: Discounts, Deductions & Scholarships | C7: n/a | D7: n/a | E7: n/a | F7: n/a | G7: n/a | H7: n/a | I7: n/a | J7: n/a | K7: n/a | L7: n/a | M7: n/a | N7: n/a | O7: n/a | P7: n/a | Q7: n/a | R7: n/a | S7: -664.49192 | T7: -677.86703 | U7: -706.68531 | V7: -611.01978 | W7: -736.80251 | X7: -744.68012 | Y7: -688.23731 | Z7: -695.11473 | AA7: -716.08979 | AB7: -748.03303 | AC7: -677.85483 | AD7: -708.43773 | AE7: -772.38366 | AF7: -826.66131 | AG7: -716.83187 | AI7: n.a. | AJ7: =SUM(S7:V7) -> -2660.064 | AK7: =SUM(W7:Z7) -> -2864.8347 | AL7: =SUM(AA7:AD7) -> -2850.4154
B8: Taxes | C8: n/a | D8: n/a | E8: n/a | F8: n/a | G8: n/a | H8: n/a | I8: n/a | J8: n/a | K8: n/a | L8: n/a | M8: n/a | N8: n/a | O8: n/a | P8: n/a | Q8: n/a | R8: n/a | S8: -24.868798 | T8: -25.459798 | U8: -24.442288 | V8: -21.83668 | W8: -21.876526 | X8: -21.494559 | Y8: -22.323513 | Z8: -20.654847 | AA8: -20.71623 | AB8: -20.903404 | AC8: -20.332415 | AD8: -20.419246 | AE8: -20.941964 | AF8: -20.50228 | AG8: -21.947506 | AI8: n.a. | AJ8: =SUM(S8:V8) -> -96.607564 | AK8: =SUM(W8:Z8) -> -86.349446 | AL8: =SUM(AA8:AD8) -> -82.371295
B9: Net Revenue | C9: n/a | D9: n/a | E9: n/a | F9: n/a | G9: n/a | H9: n/a | I9: n/a | J9: n/a | K9: n/a | L9: n/a | M9: n/a | N9: n/a | O9: n/a | P9: n/a | Q9: n/a | R9: n/a | S9: 586.59591 | T9: 567.82583 | U9: 572.15557 | V9: 532.43521 | W9: 572.43184 | X9: 548.36567 | Y9: 561.23012 | Z9: 524.5236 | AA9: 566.44614 | AB9: 531.63115 | AC9: 531.18772 | AD9: 477.1241 | AE9: 576.04419 | AF9: 532.90295 | AG9: 552.59407 | AI9: n.a. | AJ9: =SUM(S9:V9) -> 2259.0125 | AK9: =SUM(W9:Z9) -> 2206.5512 | AL9: =SUM(AA9:AD9) -> 2106.3891
B10: Cost of Services | C10: n/a | D10: n/a | E10: n/a | F10: n/a | G10: n/a | H10: n/a | I10: n/a | J10: n/a | K10: n/a | L10: n/a | M10: n/a | N10: n/a | O10: n/a | P10: n/a | Q10: n/a | R10: n/a | S10: -197.62911 | T10: -257.32897 | U10: -253.83434 | V10: -272.70784 | W10: -208.91545 | X10: -263.79234 | Y10: -207.12048 | Z10: -213.83505 | AA10: -173.88456 | AB10: -210.04543 | AC10: -200.1543 | AD10: -207.85332 | AE10: -184.17793 | AF10: -228.18694 | AG10: -211.06436 | AI10: n.a. | AJ10: =SUM(S10:V10) -> -981.50025 | AK10: =SUM(W10:Z10) -> -893.66332 | AL10: =SUM(AA10:AD10) -> -791.93761
B11: Personnel | C11: n/a | D11: n/a | E11: n/a | F11: n/a | G11: n/a | H11: n/a | I11: n/a | J11: n/a | K11: n/a | L11: n/a | M11: n/a | N11: n/a | O11: n/a | P11: n/a | Q11: n/a | R11: n/a | S11: -143.10576 | T11: -185.29417 | U11: -184.74396 | V11: -184.8972 | W11: -152.81362 | X11: -202.24539 | Y11: -150.13032 | Z11: -157.63896 | AA11: -128.63604 | AB11: -155.44671 | AC11: -145.21915 | AD11: -149.24105 | AE11: -133.14942 | AF11: -164.19494 | AG11: -149.98066 | AI11: n.a. | AJ11: =SUM(S11:V11) -> -698.04109 | AK11: =SUM(W11:Z11) -> -662.82829 | AL11: =SUM(AA11:AD11) -> -578.54295
B12: Services from Third Parties | C12: n/a | D12: n/a | E12: n/a | F12: n/a | G12: n/a | H12: n/a | I12: n/a | J12: n/a | K12: n/a | L12: n/a | M12: n/a | N12: n/a | O12: n/a | P12: n/a | Q12: n/a | R12: n/a | S12: -19.290113 | T12: -22.529763 | U12: -24.318428 | V12: -27.519817 | W12: -18.468821 | X12: -19.372257 | Y12: -20.370839 | Z12: -16.326791 | AA12: -14.411304 | AB12: -17.146286 | AC12: -19.002771 | AD12: -17.507561 | AE12: -14.071071 | AF12: -19.045777 | AG12: -19.442986 | AI12: n.a. | AJ12: =SUM(S12:V12) -> -93.65812 | AK12: =SUM(W12:Z12) -> -74.538707 | AL12: =SUM(AA12:AD12) -> -68.067923
B13: Rental & Utilities | C13: n/a | D13: n/a | E13: n/a | F13: n/a | G13: n/a | H13: n/a | I13: n/a | J13: n/a | K13: n/a | L13: n/a | M13: n/a | N13: n/a | O13: n/a | P13: n/a | Q13: n/a | R13: n/a | S13: -17.132379 | T13: -17.809541 | U13: -16.619221 | V13: -20.734937 | W13: -13.183843 | X13: -16.588335 | Y13: -12.716361 | Z13: -14.242311 | AA13: -13.830172 | AB13: -16.897887 | AC13: -10.286649 | AD13: -13.243273 | AE13: -13.523737 | AF13: -17.039349 | AG13: -15.544515 | AI13: n.a. | AJ13: =SUM(S13:V13) -> -72.296079 | AK13: =SUM(W13:Z13) -> -56.73085 | AL13: =SUM(AA13:AD13) -> -54.257981
B14: Others | C14: n/a | D14: n/a | E14: n/a | F14: n/a | G14: n/a | H14: n/a | I14: n/a | J14: n/a | K14: n/a | L14: n/a | M14: n/a | N14: n/a | O14: n/a | P14: n/a | Q14: n/a | R14: n/a | S14: -18.100862 | T14: -31.695488 | U14: -28.152729 | V14: -39.555886 | W14: -24.449165 | X14: -25.586366 | Y14: -23.902954 | Z14: -25.626989 | AA14: -17.00704 | AB14: -20.554549 | AC14: -25.645729 | AD14: -27.861439 | AE14: -23.433706 | AF14: -27.906867 | AG14: -26.096201 | AI14: n.a. | AJ14: =SUM(S14:V14) -> -117.50496 | AK14: =SUM(W14:Z14) -> -99.565473 | AL14: =SUM(AA14:AD14) -> -91.068757
B15: Gross Profit (exclud. deprec. /amort.) | C15: n/a | D15: n/a | E15: n/a | F15: n/a | G15: n/a | H15: n/a | I15: n/a | J15: n/a | K15: n/a | L15: n/a | M15: n/a | N15: n/a | O15: n/a | P15: n/a | Q15: n/a | R15: n/a | S15: 388.9668 | T15: 310.49686 | U15: 318.32123 | V15: 259.72737 | W15: 363.51639 | X15: 284.57332 | Y15: 354.10964 | Z15: 310.68855 | AA15: 392.56158 | AB15: 321.58572 | AC15: 331.03342 | AD15: 269.27078 | AE15: 391.86626 | AF15: 304.71601 | AG15: 341.5297 | AI15: n.a. | AJ15: =SUM(S15:V15) -> 1277.5123 | AK15: =SUM(W15:Z15) -> 1312.8879 | AL15: =SUM(AA15:AD15) -> 1314.4515
B16: Sales Expenses | C16: n/a | D16: n/a | E16: n/a | F16: n/a | G16: n/a | H16: n/a | I16: n/a | J16: n/a | K16: n/a | L16: n/a | M16: n/a | N16: n/a | O16: n/a | P16: n/a | Q16: n/a | R16: n/a | S16: -85.020463 | T16: -76.950168 | U16: -74.795062 | V16: -73.040686 | W16: -99.455127 | X16: -63.191264 | Y16: -93.250156 | Z16: -57.737478 | AA16: -107.5102 | AB16: -62.85099 | AC16: -83.949722 | AD16: -60.577707 | AE16: -105.47823 | AF16: -40.808718 | AG16: -72.971382 | AI16: n.a. | AJ16: =SUM(S16:V16) -> -309.80638 | AK16: =SUM(W16:Z16) -> -313.63402 | AL16: =SUM(AA16:AD16) -> -314.88862
B17: Provision for Doubtful Accounts (PDA) | C17: n/a | D17: n/a | E17: n/a | F17: n/a | G17: n/a | H17: n/a | I17: n/a | J17: n/a | K17: n/a | L17: n/a | M17: n/a | N17: n/a | O17: n/a | P17: n/a | Q17: n/a | R17: n/a | S17: -46.899084 | T17: -44.318313 | U17: -30.347601 | V17: -28.389301 | W17: -48.078268 | X17: -16.723558 | Y17: -44.390593 | Z17: -17.308716 | AA17: -39.41155 | AB17: -35.861062 | AC17: -40.709855 | AD17: -11.190643 | AE17: -35.479004 | AF17: -12.898194 | AG17: -24.199172 | AI17: n.a. | AJ17: =SUM(S17:V17) -> -149.9543 | AK17: =SUM(W17:Z17) -> -126.50113 | AL17: =SUM(AA17:AD17) -> -127.17311
... B29: Operating Result | C29: n/a | D29: n/a | E29: n/a | F29: n/a | G29: n/a | H29: n/a | I29: n/a | J29: n/a | K29: n/a | L29: n/a | M29: n/a | N29: n/a | O29: n/a | P29: n/a | Q29: n/a | R29: n/a | S29: 247.88787 | T29: 182.80964 | U29: 205.90859 | V29: 141.13008 | W29: 201.64221 | X29: 183.77013 | Y29: 214.38754 | Z29: 205.30752 | AA29: 236.05452 | AB29: 205.84902 | AC29: 197.96942 | AD29: 154.55728 | AE29: 244.42173 | AF29: 212.48317 | AG29: 206.39552 | AI29: n.a. | AJ29: =SUM(S29:V29) -> 777.73618 | AK29: =SUM(W29:Z29) -> 805.10741 | AL29: =SUM(AA29:AD29) -> 794.43025
B31: Distance Learning | C31: 1T18 | D31: 2T18 | E31: 3T18 | F31: 4T18 | G31: 1T19 | H31: 2T19 | I31: 3T19 | J31: 4T19 | K31: 1T20 | L31: 2T20 | M31: 3T20 | N31: 4T20 | O31: 1T21 | P31: 2T21 | Q31: 3T21 | R31: 4T21
B32: Gross Revenue | C32: n/a | D32: n/a | E32: n/a | F32: n/a | G32: n/a | H32: n/a | I32: n/a | J32: n/a | K32: n/a | L32: n/a | M32: n/a | N32: n/a | O32: n/a | P32: n/a | Q32: n/a | R32: n/a | S32: 152.84911 | T32: 194.2399 | U32: 165.23273 | V32: 183.29496 | W32: 187.15099 | X32: 237.44875 | Y32: 207.78188 | Z32: 234.20242 | AA32: 232.78292 | AB32: 249.68106 | AC32: 215.96147 | AD32: 245.50991 | AE32: 255.09522 | AF32: 282.59201 | AG32: 248.56587 | AJ32: =SUM(S32:V32) -> 695.61671 | AK32: =SUM(W32:Z32) -> 866.58404 | AL32: =SUM(AA32:AD32) -> 943.93535
B33: Discounts, Deductions & Scholarships | C33: n/a | D33: n/a | E33: n/a | F33: n/a | G33: n/a | H33: n/a | I33: n/a | J33: n/a | K33: n/a | L33: n/a | M33: n/a | N33: n/a | O33: n/a | P33: n/a | Q33: n/a | R33: n/a | S33: -103.72572 | T33: -130.05152 | U33: -107.12571 | V33: -126.63741 | W33: -125.66121 | X33: -162.28962 | Y33: -140.93934 | Z33: -154.20248 | AA33: -157.92085 | AB33: -166.39522 | AC33: -147.74893 | AD33: -161.59304 | AE33: -174.47037 | AF33: -183.93421 | AG33: -169.75149 | AI33: n.a. | AJ33: =SUM(S33:V33) -> -467.54037 | AK33: =SUM(W33:Z33) -> -583.09265 | AL33: =SUM(AA33:AD33) -> -633.65803
B34: Taxes | C34: n/a | D34: n/a | E34: n/a | F34: n/a | G34: n/a | H34: n/a | I34: n/a | J34: n/a | K34: n/a | L34: n/a | M34: n/a | N34: n/a | O34: n/a | P34: n/a | Q34: n/a | R34: n/a | S34: -1.9220203 | T34: -2.4717613 | U34: -1.9692424 | V34: -2.3165047 | W34: -2.1664525 | X34: -2.755308 | Y34: -2.4463367 | Z34: -2.776134 | AA34: -2.7060713 | AB34: -2.9683962 | AC34: -2.6011317 | AD34: -3.1533197 | AE34: -3.2563134 | AF34: -3.8247303 | AG34: -3.5078084 | AI34: n.a. | AJ34: =SUM(S34:V34) -> -8.6795286 | AK34: =SUM(W34:Z34) -> -10.144231 | AL34: =SUM(AA34:AD34) -> -11.428919
B35: Net Revenue | C35: n/a | D35: n/a | E35: n/a | F35: n/a | G35: n/a | H35: n/a | I35: n/a | J35: n/a | K35: n/a | L35: n/a | M35: n/a | N35: n/a | O35: n/a | P35: n/a | Q35: n/a | R35: n/a | S35: 47.20137 | T35: 61.716611 | U35: 56.137778 | V35: 54.341048 | W35: 59.323326 | X35: 72.403818 | Y35: 64.396212 | Z35: 77.223807 | AA35: 72.156001 | AB35: 80.317447 | AC35: 65.611406 | AD35: 80.763547 | AE35: 77.368534 | AF35: 94.833072 | AG35: 75.306573 | AI35: n.a. | AJ35: =SUM(S35:V35) -> 219.39681 | AK35: =SUM(W35:Z35) -> 273.34716 | AL35: =SUM(AA35:AD35) -> 298.8484
B36: Cost of Services | C36: n/a | D36: n/a | E36: n/a | F36: n/a | G36: n/a | H36: n/a | I36: n/a | J36: n/a | K36: n/a | L36: n/a | M36: n/a | N36: n/a | O36: n/a | P36: n/a | Q36: n/a | R36: n/a | S36: -2.0402738 | T36: -4.0391071 | U36: -4.6969531 | V36: -5.5885861 | W36: -1.3436299 | X36: -2.1766017 | Y36: -3.170145 | Z36: -10.771472 | AA36: -3.6274804 | AB36: -5.3373246 | AC36: -4.9064897 | AD36: -6.738113 | AE36: -5.6813809 | AF36: -6.6718546 | AG36: -5.5478283 | AI36: n.a. | AJ36: =SUM(S36:V36) -> -16.36492 | AK36: =SUM(W36:Z36) -> -17.461849 | AL36: =SUM(AA36:AD36) -> -20.609408
B37: Personnel | C37: n/a | D37: n/a | E37: n/a | F37: n/a | G37: n/a | H37: n/a | I37: n/a | J37: n/a | K37: n/a | L37: n/a | M37: n/a | N37: n/a | O37: n/a | P37: n/a | Q37: n/a | R37: n/a | S37: -0.47303559 | T37: -3.0026217 | U37: -1.431561 | V37: -4.4377031 | W37: -0.74307619 | X37: -1.5277788 | Y37: -2.4499931 | Z37: -7.3375837 | AA37: -2.0692083 | AB37: -3.2383664 | AC37: -3.0779257 | AD37: -5.0163342 | AE37: -4.035586 | AF37: -5.1777486 | AG37: -3.5330921 | AI37: n.a. | AJ37: =SUM(S37:V37) -> -9.3449213 | AK37: =SUM(W37:Z37) -> -12.058432 | AL37: =SUM(AA37:AD37) -> -13.401835
B38: Services from Third Parties | C38: n/a | D38: n/a | E38: n/a | F38: n/a | G38: n/a | H38: n/a | I38: n/a | J38: n/a | K38: n/a | L38: n/a | M38: n/a | N38: n/a | O38: n/a | P38: n/a | Q38: n/a | R38: n/a | S38: -0.44678494 | T38: -0.25839734 | U38: -0.1298178 | V38: -0.04901287 | W38: -0.02421838 | X38: -0.00097882 | Y38: -0.0027152 | Z38: -1.5870463 | AA38: -0.03807424 | AB38: -0.32764103 | AC38: -0.04197857 | AD38: -0.0849744 | AE38: -0.07092008 | AF38: -0.09282533 | AG38: -0.11397452 | AI38: n.a. | AJ38: =SUM(S38:V38) -> -0.88401295 | AK38: =SUM(W38:Z38) -> -1.6149587 | AL38: =SUM(AA38:AD38) -> -0.49266824
B39: Rental & Utilities | C39: n/a | D39: n/a | E39: n/a | F39: n/a | G39: n/a | H39: n/a | I39: n/a | J39: n/a | K39: n/a | L39: n/a | M39: n/a | N39: n/a | O39: n/a | P39: n/a | Q39: n/a | R39: n/a | S39: -0.77784539 | T39: -0.52344587 | U39: -0.09661581 | V39: -0.20813081 | W39: 0.075464811 | X39: 0.00102977 | Y39: 0 | Z39: 0 | AA39: -0.07918484 | AB39: -0.47544948 | AC39: -0.31555016 | AD39: -0.34927668 | AE39: -0.29196394 | AF39: -0.32669265 | AG39: -0.3824061 | AI39: n.a. | AJ39: =SUM(S39:V39) -> -1.6060379 | AK39: =SUM(W39:Z39) -> 0.076494581 | AL39: =SUM(AA39:AD39) -> -1.2194612
B40: Others | C40: n/a | D40: n/a | E40: n/a | F40: n/a | G40: n/a | H40: n/a | I40: n/a | J40: n/a | K40: n/a | L40: n/a | M40: n/a | N40: n/a | O40: n/a | P40: n/a | Q40: n/a | R40: n/a | S40: -0.34260784 | T40: -0.2546422 | U40: -3.0389584 | V40: -0.89373939 | W40: -0.65180009 | X40: -0.64887383 | Y40: -0.71743666 | Z40: -1.8468424 | AA40: -1.441013 | AB40: -1.2958678 | AC40: -1.4710353 | AD40: -1.2875277 | AE40: -1.2829109 | AF40: -1.074588 | AG40: -1.5183556 | AI40: n.a. | AJ40: =SUM(S40:V40) -> -4.5299478 | AK40: =SUM(W40:Z40) -> -3.864953 | AL40: =SUM(AA40:AD40) -> -5.4954438
B41: Gross Profit (exclud. deprec. /amort.) | C41: n/a | D41: n/a | E41: n/a | F41: n/a | G41: n/a | H41: n/a | I41: n/a | J41: n/a | K41: n/a | L41: n/a | M41: n/a | N41: n/a | O41: n/a | P41: n/a | Q41: n/a | R41: n/a | S41: 45.161096 | T41: 57.677504 | U41: 51.440825 | V41: 48.752462 | W41: 57.979696 | X41: 70.227216 | Y41: 61.226067 | Z41: 66.452334 | AA41: 68.528521 | AB41: 74.980122 | AC41: 60.704917 | AD41: 74.025434 | AE41: 71.687153 | AF41: 88.161217 | AG41: 69.758745 | AI41: n.a. | AJ41: =SUM(S41:V41) -> 203.03189 | AK41: =SUM(W41:Z41) -> 255.88531 | AL41: =SUM(AA41:AD41) -> 278.23899
B42: Sales Expenses | C42: n/a | D42: n/a | E42: n/a | F42: n/a | G42: n/a | H42: n/a | I42: n/a | J42: n/a | K42: n/a | L42: n/a | M42: n/a | N42: n/a | O42: n/a | P42: n/a | Q42: n/a | R42: n/a | S42: -15.577866 | T42: -30.196612 | U42: -15.129746 | V42: -29.99588 | W42: -12.583903 | X42: -31.228711 | Y42: -20.789477 | Z42: -34.80826 | AA42: -24.344749 | AB42: -32.429289 | AC42: -18.551138 | AD42: -26.606763 | AE42: -24.351216 | AF42: -34.19532 | AG42: -13.296128 | AI42: n.a. | AJ42: =SUM(S42:V42) -> -90.900104 | AK42: =SUM(W42:Z42) -> -99.41035 | AL42: =SUM(AA42:AD42) -> -101.93194
B43: Provision for Doubtful Accounts (PDA) | C43: n/a | D43: n/a | E43: n/a | F43: n/a | G43: n/a | H43: n/a | I43: n/a | J43: n/a | K43: n/a | L43: n/a | M43: n/a | N43: n/a | O43: n/a | P43: n/a | Q43: n/a | R43: n/a | S43: -2.9860259 | T43: -11.941615 | U43: -1.9556781 | V43: -9.87787 | W43: -1.9594137 | X43: -17.502486 | Y43: -2.6631987 | Z43: -21.22026 | AA43: -3.6526638 | AB43: -14.878878 | AC43: -1.0525122 | AD43: -12.080216 | AE43: -8.1272421 | AF43: -20.947061 | AG43: -3.0828292 | AI43: n.a. | AJ43: =SUM(S43:V43) -> -26.761189 | AK43: =SUM(W43:Z43) -> -43.345359 | AL43: =SUM(AA43:AD43) -> -31.66427
B44: Marketing | C44: n/a | D44: n/a | E44: n/a | F44: n/a | G44: n/a | H44: n/a | I44: n/a | J44: n/a | K44: n/a | L44: n/a | M44: n/a | N44: n/a | O44: n/a | P44: n/a | Q44: n/a | R44: n/a | S44: -12.59184 | T44: -18.254997 | U44: -13.174068 | V44: -20.11801 | W44: -10.624489 | X44: -13.726224 | Y44: -18.126278 | Z44: -13.588 | AA44: -20.692086 | AB44: -17.550411 | AC44: -17.498626 | AD44: -14.526547 | AE44: -16.223974 | AF44: -13.248259 | AG44: -10.213299 | AI44: n.a. | AJ44: =SUM(S44:V44) -> -64.138915 | AK44: =SUM(W44:Z44) -> -56.064992 | AL44: =SUM(AA44:AD44) -> -70.26767
... B55: Operating Result | C55: n/a | D55: n/a | E55: n/a | F55: n/a | G55: n/a | H55: n/a | I55: n/a | J55: n/a | K55: n/a | L55: n/a | M55: n/a | N55: n/a | O55: n/a | P55: n/a | Q55: n/a | R55: n/a | S55: 11.18459 | T55: 12.172269 | U55: 20.956129 | V55: 3.433127 | W55: 21.658225 | X55: 14.6889 | Y55: 15.553652 | Z55: 9.5097518 | AA55: 29.620004 | AB55: 24.272087 | AC55: 26.08859 | AD55: 34.81691 | AE55: 31.347543 | AF55: 38.104677 | AG55: 43.14267 | AI55: n.a. | AJ55: =SUM(S55:V55) -> 47.746115 | AK55: =SUM(W55:Z55) -> 61.410529 | AL55: =SUM(AA55:AD55) -> 114.79759
AI56: n.a.
B57: Inspirali | C57: 1T18 | D57: 2T18 | E57: 3T18 | F57: 4T18 | G57: 1T19 | H57: 2T19 | I57: 3T19 | J57: 4T19 | K57: 1T20 | L57: 2T20 | M57: 3T20 | N57: 4T20 | O57: 1T21 | P57: 2T21 | Q57: 3T21 | R57: 4T21
B58: Gross Revenue | C58: n/a | D58: n/a | E58: n/a | F58: n/a | G58: n/a | H58: n/a | I58: n/a | J58: n/a | K58: n/a | L58: n/a | M58: n/a | N58: n/a | O58: n/a | P58: n/a | Q58: n/a | R58: n/a | S58: 332.7113 | T58: 357.11364 | U58: 360.71303 | V58: 316.73179 | W58: 410.64075 | X58: 411.21632 | Y58: 406.48184 | Z58: 394.30546 | AA58: 450.02973 | AB58: 468.28261 | AC58: 439.68567 | AD58: 430.93652 | AE58: 510.45033 | AF58: 510.81408 | AG58: 511.91564 | AJ58: =SUM(S58:V58) -> 1367.2698 | AK58: =SUM(W58:Z58) -> 1622.6444 | AL58: =SUM(AA58:AD58) -> 1788.9345
B59: Discounts, Deductions & Scholarships | C59: n/a | D59: n/a | E59: n/a | F59: n/a | G59: n/a | H59: n/a | I59: n/a | J59: n/a | K59: n/a | L59: n/a | M59: n/a | N59: n/a | O59: n/a | P59: n/a | Q59: n/a | R59: n/a | S59: -53.851428 | T59: -65.480804 | U59: -72.237977 | V59: -48.252058 | W59: -75.334116 | X59: -87.245361 | Y59: -79.058465 | Z59: -77.921342 | AA59: -83.854655 | AB59: -87.887444 | AC59: -82.063552 | AD59: -81.222225 | AE59: -107.97929 | AF59: -116.99988 | AG59: -118.4048 | AJ59: =SUM(S59:V59) -> -239.82227 | AK59: =SUM(W59:Z59) -> -319.55928 | AL59: =SUM(AA59:AD59) -> -335.02788
B60: Taxes | C60: n/a | D60: n/a | E60: n/a | F60: n/a | G60: n/a | H60: n/a | I60: n/a | J60: n/a | K60: n/a | L60: n/a | M60: n/a | N60: n/a | O60: n/a | P60: n/a | Q60: n/a | R60: n/a | S60: -10.276985 | T60: -10.702721 | U60: -11.531936 | V60: -10.11506 | W60: -12.639518 | X60: -12.316259 | Y60: -12.642628 | Z60: -12.445449 | AA60: -14.062278 | AB60: -15.341642 | AC60: -16.142663 | AD60: -12.223784 | AE60: -15.761972 | AF60: -16.210367 | AG60: -15.496309 | AI60: n.a. | AJ60: =SUM(S60:V60) -> -42.626702 | AK60: =SUM(W60:Z60) -> -50.043853 | AL60: =SUM(AA60:AD60) -> -57.770367
B61: Net Revenue | C61: n/a | D61: n/a | E61: n/a | F61: n/a | G61: n/a | H61: n/a | I61: n/a | J61: n/a | K61: n/a | L61: n/a | M61: n/a | N61: n/a | O61: n/a | P61: n/a | Q61: n/a | R61: n/a | S61: 268.58289 | T61: 280.93012 | U61: 276.94312 | V61: 258.36467 | W61: 322.66712 | X61: 311.6547 | Y61: 314.78075 | Z61: 303.93867 | AA61: 352.1128 | AB61: 365.05352 | AC61: 341.47945 | AD61: 337.49051 | AE61: 386.70907 | AF61: 377.60383 | AG61: 378.01453 | AI61: n.a. | AJ61: =SUM(S61:V61) -> 1084.8208 | AK61: =SUM(W61:Z61) -> 1253.0412 | AL61: =SUM(AA61:AD61) -> 1396.1363
B62: Cost of Services | C62: n/a | D62: n/a | E62: n/a | F62: n/a | G62: n/a | H62: n/a | I62: n/a | J62: n/a | K62: n/a | L62: n/a | M62: n/a | N62: n/a | O62: n/a | P62: n/a | Q62: n/a | R62: n/a | S62: -51.696442 | T62: -79.094033 | U62: -70.976489 | V62: -88.26442 | W62: -69.624629 | X62: -98.21695 | Y62: -92.87229 | Z62: -102.56191 | AA62: -86.659048 | AB62: -123.93648 | AC62: -109.37211 | AD62: -111.18526 | AE62: -97.824386 | AF62: -121.29759 | AG62: -112.75378 | AI62: n.a. | AJ62: =SUM(S62:V62) -> -290.03138 | AK62: =SUM(W62:Z62) -> -363.27578 | AL62: =SUM(AA62:AD62) -> -431.1529
B63: Personnel | C63: n/a | D63: n/a | E63: n/a | F63: n/a | G63: n/a | H63: n/a | I63: n/a | J63: n/a | K63: n/a | L63: n/a | M63: n/a | N63: n/a | O63: n/a | P63: n/a | Q63: n/a | R63: n/a | S63: -35.514001 | T63: -57.8246 | U63: -47.313338 | V63: -59.385206 | W63: -45.794543 | X63: -64.394083 | Y63: -63.530509 | Z63: -66.679021 | AA63: -52.082479 | AB63: -74.649407 | AC63: -57.072618 | AD63: -58.757829 | AE63: -49.115042 | AF63: -56.164963 | AG63: -49.941983 | AI63: n.a. | AJ63: =SUM(S63:V63) -> -200.03714 | AK63: =SUM(W63:Z63) -> -240.39816 | AL63: =SUM(AA63:AD63) -> -242.56233
B64: Services from Third Parties | C64: n/a | D64: n/a | E64: n/a | F64: n/a | G64: n/a | H64: n/a | I64: n/a | J64: n/a | K64: n/a | L64: n/a | M64: n/a | N64: n/a | O64: n/a | P64: n/a | Q64: n/a | R64: n/a | S64: -5.0271388 | T64: -6.3169319 | U64: -5.5353577 | V64: -7.78602 | W64: -6.6632239 | X64: -11.546944 | Y64: -13.060349 | Z64: -7.1248778 | AA64: -9.8787116 | AB64: -12.498009 | AC64: -11.605628 | AD64: -17.93308 | AE64: -13.824901 | AF64: -17.703382 | AG64: -18.116676 | AI64: n.a. | AJ64: =SUM(S64:V64) -> -24.665448 | AK64: =SUM(W64:Z64) -> -38.395394 | AL64: =SUM(AA64:AD64) -> -51.915429
B65: Rental & Utilities | C65: n/a | D65: n/a | E65: n/a | F65: n/a | G65: n/a | H65: n/a | I65: n/a | J65: n/a | K65: n/a | L65: n/a | M65: n/a | N65: n/a | O65: n/a | P65: n/a | Q65: n/a | R65: n/a | S65: -2.4132889 | T65: -3.0436458 | U65: -2.4194355 | V65: -6.9476456 | W65: -2.3488911 | X65: -3.6425762 | Y65: -2.9194329 | Z65: -4.4050732 | AA65: -3.6985099 | AB65: -3.8952044 | AC65: -2.7369463 | AD65: -4.024354 | AE65: -3.9368475 | AF65: -3.8385721 | AG65: -3.2436473 | AI65: n.a. | AJ65: =SUM(S65:V65) -> -14.824016 | AK65: =SUM(W65:Z65) -> -13.315973 | AL65: =SUM(AA65:AD65) -> -14.355015
B66: Others | C66: n/a | D66: n/a | E66: n/a | F66: n/a | G66: n/a | H66: n/a | I66: n/a | J66: n/a | K66: n/a | L66: n/a | M66: n/a | N66: n/a | O66: n/a | P66: n/a | Q66: n/a | R66: n/a | S66: -8.7420124 | T66: -11.908855 | U66: -15.708357 | V66: -14.145549 | W66: -14.817971 | X66: -18.633347 | Y66: -13.362 | Z66: -24.352936 | AA66: -20.999348 | AB66: -32.89386 | AC66: -37.956922 | AD66: -30.469993 | AE66: -30.947595 | AF66: -43.590673 | AG66: -41.451473 | AI66: n.a. | AJ66: =SUM(S66:V66) -> -50.504774 | AK66: =SUM(W66:Z66) -> -71.166254 | AL66: =SUM(AA66:AD66) -> -122.32012
B67: Gross Profit (exclud. deprec. /amort.) | C67: n/a | D67: n/a | E67: n/a | F67: n/a | G67: n/a | H67: n/a | I67: n/a | J67: n/a | K67: n/a | L67: n/a | M67: n/a | N67: n/a | O67: n/a | P67: n/a | Q67: n/a | R67: n/a | S67: 216.88645 | T67: 201.83609 | U67: 205.96663 | V67: 170.10025 | W67: 253.04249 | X67: 213.43775 | Y67: 221.90846 | Z67: 201.37676 | AA67: 265.45375 | AB67: 241.11704 | AC67: 232.10734 | AD67: 226.30526 | AE67: 288.88468 | AF67: 256.30624 | AG67: 265.26075 | AI67: n.a. | AJ67: =SUM(S67:V67) -> 794.78942 | AK67: =SUM(W67:Z67) -> 889.76546 | AL67: =SUM(AA67:AD67) -> 964.98339
B68: Sales Expenses | C68: n/a | D68: n/a | E68: n/a | F68: n/a | G68: n/a | H68: n/a | I68: n/a | J68: n/a | K68: n/a | L68: n/a | M68: n/a | N68: n/a | O68: n/a | P68: n/a | Q68: n/a | R68: n/a | S68: -8.5553429 | T68: -10.83785 | U68: -1.42069 | V68: -10.738642 | W68: -10.238515 | X68: -11.030815 | Y68: -16.474719 | Z68: -13.512288 | AA68: -19.704198 | AB68: -10.78765 | AC68: -11.512498 | AD68: -10.3481 | AE68: -20.290049 | AF68: -16.813102 | AG68: -13.952722 | AI68: n.a. | AJ68: =SUM(S68:V68) -> -31.552525 | AK68: =SUM(W68:Z68) -> -51.256337 | AL68: =SUM(AA68:AD68) -> -52.352445
B69: Provision for Doubtful Accounts (PDA) | C69: n/a | D69: n/a | E69: n/a | F69: n/a | G69: n/a | H69: n/a | I69: n/a | J69: n/a | K69: n/a | L69: n/a | M69: n/a | N69: n/a | O69: n/a | P69: n/a | Q69: n/a | R69: n/a | S69: -5.8069221 | T69: -8.9793558 | U69: 3.1342558 | V69: -6.1279499 | W69: -4.9071223 | X69: -6.408556 | Y69: -7.4755326 | Z69: -3.7658797 | AA69: -9.4833387 | AB69: -9.2982725 | AC69: 0.53124032 | AD69: -1.4382891 | AE69: -8.5280309 | AF69: -7.9777838 | AG69: -2.1584086 | AI69: n.a. | AJ69: =SUM(S69:V69) -> -17.779972 | AK69: =SUM(W69:Z69) -> -22.557091 | AL69: =SUM(AA69:AD69) -> -19.68866
B70: Marketing | C70: n/a | D70: n/a | E70: n/a | F70: n/a | G70: n/a | H70: n/a | I70: n/a | J70: n/a | K70: n/a | L70: n/a | M70: n/a | N70: n/a | O70: n/a | P70: n/a | Q70: n/a | R70: n/a | S70: -2.7484208 | T70: -1.8584941 | U70: -4.5549458 | V70: -4.6106918 | W70: -5.3313929 | X70: -4.6222591 | Y70: -8.9991862 | Z70: -9.7464084 | AA70: -10.220859 | AB70: -1.4893772 | AC70: -12.043738 | AD70: -8.9098108 | AE70: -11.762018 | AF70: -8.835318 | AG70: -11.794313 | AI70: n.a. | AJ70: =SUM(S70:V70) -> -13.772553 | AK70: =SUM(W70:Z70) -> -28.699247 | AL70: =SUM(AA70:AD70) -> -32.663785
B71: General & Administrative Expenses | C71: n/a | D71: n/a | E71: n/a | F71: n/a | G71: n/a | H71: n/a | I71: n/a | J71: n/a | K71: n/a | L71: n/a | M71: n/a | N71: n/a | O71: n/a | P71: n/a | Q71: n/a | R71: n/a | S71: -34.48362 | T71: -33.189253 | U71: -42.126248 | V71: -45.009039 | W71: -39.890818 | X71: -44.481163 | Y71: -44.965224 | Z71: -52.206067 | AA71: -46.557309 | AB71: -55.342231 | AC71: -34.264146 | AD71: -48.039875 | AE71: -49.363489 | AF71: -52.912935 | AG71: -52.987731 | AI71: n.a. | AJ71: =SUM(S71:V71) -> -154.80816 | AK71: =SUM(W71:Z71) -> -181.54327 | AL71: =SUM(AA71:AD71) -> -184.20356
... B81: Operating Result | C81: n/a | D81: n/a | E81: n/a | F81: n/a | G81: n/a | H81: n/a | I81: n/a | J81: n/a | K81: n/a | L81: n/a | M81: n/a | N81: n/a | O81: n/a | P81: n/a | Q81: n/a | R81: n/a | S81: 173.06396 | T81: 154.74496 | U81: 161.089 | V81: 114.63986 | W81: 204.74966 | X81: 157.22399 | Y81: 161.3589 | Z81: 136.98826 | AA81: 198.39292 | AB81: 180.66109 | AC81: 181.42042 | AD81: 181.76723 | AE81: 224.06967 | AF81: 177.05265 | AG81: 200.58396 | AI81: n.a. | AJ81: =SUM(S81:V81) -> 603.53779 | AK81: =SUM(W81:Z81) -> 660.32081 | AL81: =SUM(AA81:AD81) -> 742.24166
AI82: n.a.
AI83: n.a.

Sheet CF
B1: Cash flow
B2: Summary
B4: R$ millions | C4: 1T18 | D4: 2T18 | E4: 3T18 | F4: 4T18 | G4: 1T19 | H4: 2T19 | I4: 3T19 | J4: 4T19 | K4: 1T20 | L4: 2T20 | M4: 3T20 | N4: 4T20 | O4: 1T21 | P4: 2T21 | Q4: 3T21 | R4: 4T21 | S4: 1T22 | T4: 2T22 | U4: 3T22 | V4: 4T22 | W4: 1T23 | X4: 2T23 | Y4: 3T23 | Z4: 4T23 | AA4: 1T24 | AB4: 2T24 | AC4: 3T24 | AD4: 4T24 | AE4: 1Q25 | AF4: 2Q25 | AG4: 3Q25 | AI4: 2019 | AJ4: 2020 | AK4: 2021 | AL4: 2022 | AM4: 2023 | AN4: 2024
B5: Net Income (Loss) | C5: n/a | D5: n/a | E5: n/a | F5: n/a | G5: n/a | H5: n/a | I5: n/a | J5: n/a | K5: n/a | L5: n/a | M5: n/a | N5: n/a | O5: 52.097 | P5: 4.98 | Q5: 14.493 | R5: -152.898 | S5: -83.356 | T5: -45.863 | U5: -28.771 | V5: 169.444 | W5: -41.349 | X5: -57.814 | Y5: -12.529 | Z5: -101.48 | AA5: 97.526 | AB5: 4.305 | AC5: 53.736 | AD5: 48.877 | AE5: 140.203 | AF5: 36.925 | AG5: 68.541 | AI5: -9.593 | AJ5: -40.646308 | AK5: -81.328 | AL5: 11.454 | AM5: -213.172 | AN5: =SUM(AA5:AD5) -> 204.444
B6: Provisions | C6: n/a | D6: n/a | E6: n/a | F6: n/a | G6: n/a | H6: n/a | I6: n/a | J6: n/a | K6: n/a | L6: n/a | M6: n/a | N6: n/a | O6: 18.638 | P6: 43.596 | Q6: 13.223 | R6: 52.891 | S6: 65.705 | T6: 56.231 | U6: 31.97 | V6: 39.515 | W6: 59.207 | X6: 47.381 | Y6: 72.792 | Z6: 64.411 | AA6: 69.416 | AB6: 59.236 | AC6: 48.035 | AD6: 6.062 | AE6: 55.799 | AF6: 54.409 | AG6: 45.249 | AI6: 0.561 | AJ6: 22.186 | AK6: 128.348 | AL6: 193.421 | AM6: 243.791 | AN6: =SUM(AA6:AD6) -> 182.749
B7: Depreciation & Amortization | C7: n/a | D7: n/a | E7: n/a | F7: n/a | G7: n/a | H7: n/a | I7: n/a | J7: n/a | K7: n/a | L7: n/a | M7: n/a | N7: n/a | O7: 44.625 | P7: 82.794 | Q7: 147.759 | R7: 144.937 | S7: 140.722 | T7: 137.464 | U7: 141.076 | V7: 142.084 | W7: 176.095 | X7: 126.611 | Y7: 132.447 | Z7: 122.679 | AA7: 129.71 | AB7: 130.018 | AC7: 109.22 | AD7: 112.088 | AE7: 109.226 | AF7: 108.354 | AG7: 104.168 | AI7: =123.093+66.511 -> 189.604 | AJ7: =148.926+76.181 -> 225.107 | AK7: 420.115 | AL7: 561.346 | AM7: 557.832 | AN7: =SUM(AA7:AD7) -> 481.036
B8: Interest expenses/revenues | C8: n/a | D8: n/a | E8: n/a | F8: n/a | G8: n/a | H8: n/a | I8: n/a | J8: n/a | K8: n/a | L8: n/a | M8: n/a | N8: n/a | O8: 50.758 | P8: 71.933 | Q8: 131.24 | R8: 213.492 | S8: 275.083 | T8: 187.534 | U8: 205.571 | V8: 179.769 | W8: 218.121 | X8: 191.436 | Y8: 191.527 | Z8: 173.114 | AA8: 168.998 | AB8: 178.376 | AC8: 165.6 | AD8: 171.628 | AE8: 185.058 | AF8: 200.629 | AG8: 218.061 | AI8: 40.104 | AJ8: 58.328 | AK8: 467.423 | AL8: 847.957 | AM8: 774.198 | AN8: =SUM(AA8:AD8) -> 684.602
B9: Other non-cash adjustments | C9: n/a | D9: n/a | E9: n/a | F9: n/a | G9: n/a | H9: n/a | I9: n/a | J9: n/a | K9: n/a | L9: n/a | M9: n/a | N9: n/a | O9: -3.084 | P9: -15.814 | Q9: -70.509 | R9: -0.9 | S9: -3.168 | T9: -1.85 | U9: -29.326 | V9: -309.709 | W9: 31.634 | X9: -4.729 | Y9: -18.44 | Z9: 63.173 | AA9: 16.654 | AB9: 16.791 | AC9: -2.832 | AD9: -7.852 | AE9: 11.11 | AF9: 24.158 | AG9: 18.059 | AI9: 8.394 | AJ9: 76.892 | AK9: -90.307 | AL9: -344.053 | AM9: 71.638 | AN9: =SUM(AA9:AD9) -> 22.761
B10: Payment of rent | C10: n/a | D10: n/a | E10: n/a | F10: n/a | G10: n/a | H10: n/a | I10: n/a | J10: n/a | K10: n/a | L10: n/a | M10: n/a | N10: n/a | O10: -43.361 | P10: -33.578 | Q10: -60.227 | R10: -62.392 | S10: -85.481 | T10: -87.797 | U10: -93.436 | V10: -88.163 | W10: -78.22 | X10: -75.668 | Y10: -72.921 | Z10: -63.866 | AA10: -69.236 | AB10: -69.151 | AC10: -68.127 | AD10: -69.121 | AE10: -70.517 | AF10: -71.399 | AG10: -71.305 | AI10: -100.513 | AJ10: -96.262 | AK10: -199.558 | AL10: -354.877 | AM10: -290.675 | AN10: =SUM(AA10:AD10) -> -275.635
B11: Payment of rent fines | C11: n/a | D11: n/a | E11: n/a | F11: n/a | G11: n/a | H11: n/a | I11: n/a | J11: n/a | K11: n/a | L11: n/a | M11: n/a | N11: n/a | O11: 0 | P11: 0 | Q11: 0 | R11: 0 | S11: 0 | T11: 0 | U11: 0 | V11: 0 | W11: -11.687 | X11: -16.885 | Y11: 1.264 | Z11: -4.548 | AA11: -3.739 | AB11: -1.407 | AC11: -2.583 | AD11: -1.055 | AE11: -4.794 | AF11: -1.055 | AG11: -1.055 | AI11: 0 | AJ11: 0 | AK11: 0 | AL11: 0 | AM11: -31.856 | AN11: =SUM(AA11:AD11) -> -8.784
B12: Operating Cash Flow | C12: n/a | D12: n/a | E12: n/a | F12: n/a | G12: n/a | H12: n/a | I12: n/a | J12: n/a | K12: n/a | L12: n/a | M12: n/a | N12: n/a | O12: 119.673 | P12: 153.911 | Q12: 175.979 | R12: 195.13 | S12: 309.505 | T12: 245.719 | U12: 227.084 | V12: 132.94 | W12: 353.801 | X12: 210.332 | Y12: 294.14 | Z12: 253.483 | AA12: 409.329 | AB12: 318.168 | AC12: 303.049 | AD12: 260.627 | AE12: 426.085 | AF12: 352.021 | AG12: 381.718 | AI12: =SUM(AI5:AI11) -> 128.557 | AJ12: =SUM(AJ5:AJ11) -> 245.60469 | AK12: 644.693 | AL12: 915.248 | AM12: 1111.756 | AN12: =SUM(AA12:AD12) -> 1291.173
B13: Working Capital | C13: n/a | D13: n/a | E13: n/a | F13: n/a | G13: n/a | H13: n/a | I13: n/a | J13: n/a | K13: n/a | L13: n/a | M13: n/a | N13: n/a | O13: -109.949 | P13: 23.694 | Q13: 49.766 | R13: -161.344 | S13: -104.235 | T13: -164.431 | U13: -42.269 | V13: -143.603 | W13: -122.329 | X13: 1.743 | Y13: 113.062 | Z13: -202.805 | AA13: -104.638 | AB13: -97.866 | AC13: 73.217 | AD13: -202.376 | AE13: -113.44 | AF13: -147.775 | AG13: 90.834 | AI13: -49.091 | AJ13: -187.793 | AK13: -197.833 | AL13: -454.538 | AM13: -210.329 | AN13: =SUM(AA13:AD13) -> -331.663
B14: CAPEX | C14: n/a | D14: n/a | E14: n/a | F14: n/a | G14: n/a | H14: n/a | I14: n/a | J14: n/a | K14: n/a | L14: n/a | M14: n/a | N14: n/a | O14: -61.502 | P14: =-21.457-23.392 -> -44.849 | Q14: -46.982 | R14: -49.576 | S14: -43.212 | T14: -55.73 | U14: -58.651 | V14: -53.307 | W14: -56.595 | X14: -66.541 | Y14: -32.088 | Z14: -35.226 | AA14: -34.503 | AB14: -40.091 | AC14: -47.747 | AD14: -53.535 | AE14: -51.009 | AF14: -47.366 | AG14: -59.721 | AI14: -115.78 | AJ14: -120.563 | AK14: -179.517 | AL14: -210.9 | AM14: -190.45 | AN14: =SUM(AA14:AD14) -> -175.876
B15: Real estate divestment | C15: n/a | D15: n/a | E15: n/a | F15: n/a | G15: n/a | H15: n/a | I15: n/a | J15: n/a | K15: n/a | L15: n/a | M15: n/a | N15: n/a | O15: 86.278 | P15: 0 | Q15: 100 | R15: 8.5 | S15: 0 | T15: 0 | U15: 0 | V15: 0 | W15: 0 | X15: 0 | Y15: 0 | Z15: 0 | AA15: 0 | AB15: 0 | AC15: 0 | AD15: 0 | AE15: 0 | AF15: 0 | AG15: 0 | AI15: 0 | AJ15: 0 | AK15: 171.386 | AL15: 0 | AM15: 0 | AN15: =SUM(AA15:AD15) -> 0
B16: Subtotal | C16: n/a | D16: n/a | E16: n/a | F16: n/a | G16: n/a | H16: n/a | I16: n/a | J16: n/a | K16: n/a | L16: n/a | M16: n/a | N16: n/a | O16: -85.173 | P16: -21.155 | Q16: 102.784 | R16: -202.42 | S16: -147.447 | T16: -220.161 | U16: -100.92 | V16: -196.91 | W16: -178.924 | X16: -64.798 | Y16: 80.974 | Z16: -238.031 | AA16: -139.141 | AB16: -137.957 | AC16: 25.47 | AD16: -255.911 | AE16: -164.449 | AF16: -195.141 | AG16: 31.113 | AI16: =SUM(AI13:AI15) -> -164.871 | AJ16: =SUM(AJ13:AJ15) -> -308.356 | AK16: -205.964 | AL16: -665.438 | AM16: -400.779 | AN16: =SUM(AA16:AD16) -> -507.539
B17: Cash Flow to Firm | C17: n/a | D17: n/a | E17: n/a | F17: n/a | G17: n/a | H17: n/a | I17: n/a | J17: n/a | K17: n/a | L17: n/a | M17: n/a | N17: n/a | O17: 34.5 | P17: 132.756 | Q17: 278.763 | R17: -7.29 | S17: 162.058 | T17: 25.558 | U17: 126.164 | V17: -63.97 | W17: 174.877 | X17: 145.534 | Y17: 375.114 | Z17: 15.452 | AA17: 270.188 | AB17: 180.211 | AC17: 328.519 | AD17: 4.716 | AE17: 261.636 | AF17: 156.88 | AG17: 412.831 | AI17: =SUM(AI12,AI16) -> -36.314 | AJ17: =SUM(AJ12,AJ16) -> -62.751308 | AK17: 438.729 | AL17: 249.81 | AM17: 710.977 | AN17: =SUM(AA17:AD17) -> 783.634
B18: Capital increase | C18: n/a | D18: n/a | E18: n/a | F18: n/a | G18: n/a | H18: n/a | I18: n/a | J18: n/a | K18: n/a | L18: n/a | M18: n/a | N18: n/a | O18: -1.922 | P18: -0.467 | Q18: -1.2 | R18: 0.468 | S18: 999.993 | T18: 0 | U18: 0 | V18: 0 | W18: 0 | X18: 0 | Y18: 0 | Z18: 0 | AA18: 0 | AB18: 0 | AC18: 0 | AD18: 1.236 | AE18: 0 | AF18: 0 | AG18: 0 | AI18: 0 | AJ18: 1930.875 | AK18: -3.121 | AL18: 999.993 | AM18: 0 | AN18: =SUM(AA18:AD18) -> 1.236
B19: Interest Paid | C19: n/a | D19: n/a | E19: n/a | F19: n/a | G19: n/a | H19: n/a | I19: n/a | J19: n/a | K19: n/a | L19: n/a | M19: n/a | N19: n/a | O19: -6.964 | P19: -7.243 | Q19: -38.349 | R19: -120.556 | S19: -140.778 | T19: -44.293 | U19: -39.762 | V19: -169.617 | W19: -218.498 | X19: -77.378 | Y19: -212.67 | Z19: -59.802 | AA19: -194.262 | AB19: -82.532 | AC19: -50.237 | AD19: -166.003 | AE19: -82.646 | AF19: -182.188 | AG19: -99.967 | AI19: -18.38 | AJ19: -29.541 | AK19: -173.112 | AL19: -394.45 | AM19: -568.348 | AN19: =SUM(AA19:AD19) -> -493.034
B20: Funding and (Amortization) | C20: n/a | D20: n/a | E20: n/a | F20: n/a | G20: n/a | H20: n/a | I20: n/a | J20: n/a | K20: n/a | L20: n/a | M20: n/a | N20: n/a | O20: -14.882 | P20: 2439.164 | Q20: -40.35 | R20: -79.163 | S20: -21.262 | T20: -103.652 | U20: -173.989 | V20: 620.798 | W20: -98.539 | X20: -256.622 | Y20: -5.446 | Z20: -18.351 | AA20: -526.392 | AB20: 559.308 | AC20: 285.401 | AD20: -45.059 | AE20: -37.429 | AF20: 122.14 | AG20: -39.092 | AI20: 272.793 | AJ20: -145.98 | AK20: 2304.769 | AL20: 321.895 | AM20: -378.958 | AN20: =SUM(AA20:AD20) -> 273.258
B21: Acquisition (payments) and divestment | C21: n/a | D21: n/a | E21: n/a | F21: n/a | G21: n/a | H21: n/a | I21: n/a | J21: n/a | K21: n/a | L21: n/a | M21: n/a | N21: n/a | O21: -65.198 | P21: =-3649.577+500 -> -3149.577 | Q21: -77.413 | R21: =-2.8359999999999+5.24 -> 2.404 | S21: -15.707 | T21: -46.478 | U21: -17.958 | V21: -13.262 | W21: -1.231 | X21: -3.607 | Y21: -81.796 | Z21: -22.48 | AA21: -5.527 | AB21: -5.421 | AC21: -22.143 | AD21: -17.73 | AE21: -1.517 | AF21: -3.18 | AG21: -13.919 | AI21: -220.4 | AJ21: -496.851 | AK21: -3795.024 | AL21: -93.405 | AM21: -109.114 | AN21: =SUM(AA21:AD21) -> -50.821
B22: Share repurchase | C22: n/a | D22: n/a | E22: n/a | F22: n/a | G22: n/a | H22: n/a | I22: n/a | J22: n/a | K22: n/a | L22: n/a | M22: n/a | N22: n/a | O22: 0 | P22: 0 | Q22: 0 | R22: -40.043 | S22: -98.294 | T22: -17.882 | U22: -4.422 | V22: 0 | W22: -6.933 | X22: 0 | Y22: 0 | Z22: 0 | AA22: 0 | AB22: 0 | AC22: 0 | AD22: 0 | AE22: 0 | AF22: 0 | AG22: 0 | AI22: 0 | AJ22: -100.487 | AK22: -40.043 | AL22: -120.598 | AM22: -6.933 | AN22: =SUM(AA22:AD22) -> 0
B23: Dividends | C23: n/a | D23: n/a | E23: n/a | F23: n/a | G23: n/a | H23: n/a | I23: n/a | J23: n/a | K23: n/a | L23: n/a | M23: n/a | N23: n/a | O23: 0 | P23: 0 | Q23: 0 | R23: 0 | S23: 0 | T23: 0 | U23: 0 | V23: -1.916 | W23: 0 | X23: -80.299 | Y23: -3.345 | Z23: -56.142 | AA23: 0 | AB23: 0 | AC23: -246.413 | AD23: -0.35 | AE23: -0.104 | AF23: -41.296 | AG23: -27.67 | AI23: -0.5 | AJ23: 0 | AK23: 0 | AL23: -1.916 | AM23: -139.786 | AN23: =SUM(AA23:AD23) -> -246.763
B24: Subtotal | C24: n/a | D24: n/a | E24: n/a | F24: n/a | G24: n/a | H24: n/a | I24: n/a | J24: n/a | K24: n/a | L24: n/a | M24: n/a | N24: n/a | O24: -88.966 | P24: -718.123 | Q24: -157.312 | R24: -236.89 | S24: 723.952 | T24: -212.305 | U24: -236.131 | V24: 436.003 | W24: -325.201 | X24: -417.906 | Y24: -303.257 | Z24: -156.775 | AA24: =SUM(AA18:AA23) -> -726.181 | AB24: =SUM(AB18:AB23) -> 471.355 | AC24: =SUM(AC18:AC23) -> -33.392 | AD24: =SUM(AD18:AD23) -> -227.906 | AE24: -121.696 | AF24: =SUM(AF18:AF23) -> -104.524 | AG24: -180.648 | AI24: =SUM(AI18:AI23) -> 33.513 | AJ24: =SUM(AJ18:AJ23) -> 1158.016 | AK24: -1201.291 | AL24: 711.519 | AM24: -1203.139 | AN24: =SUM(AA24:AD24) -> -516.124
B25: Net Increase (Reduction) of Cash and Cash Equivalents | C25: n/a | D25: n/a | E25: n/a | F25: n/a | G25: n/a | H25: n/a | I25: n/a | J25: n/a | K25: n/a | L25: n/a | M25: n/a | N25: n/a | O25: -54.466 | P25: -585.367 | Q25: 121.451 | R25: -244.18 | S25: 886.01 | T25: -186.747 | U25: -109.967 | V25: 372.033 | W25: -150.324 | X25: -272.372 | Y25: 71.857 | Z25: -141.323 | AA25: =SUM(AA17,AA24) -> -455.993 | AB25: =SUM(AB17,AB24) -> 651.566 | AC25: =SUM(AC17,AC24) -> 295.127 | AD25: =SUM(AD17,AD24) -> -223.19 | AE25: 139.94 | AF25: =+AF17+AF24 -> 52.356 | AG25: 232.183 | AI25: =SUM(AI17,AI24) -> -2.801 | AJ25: =SUM(AJ17,AJ24) -> 1095.2647 | AK25: -762.562 | AL25: 961.329 | AM25: -492.162 | AN25: =SUM(AA25:AD25) -> 267.51
B26: Cash at the begging of the period | C26: n/a | D26: n/a | E26: n/a | F26: n/a | G26: n/a | H26: n/a | I26: n/a | J26: n/a | K26: n/a | L26: n/a | M26: n/a | N26: n/a | O26: 1277.854 | P26: 1223.389 | Q26: 638.021 | R26: 759.471 | S26: 515.301 | T26: 1401.311 | U26: 1214.567 | V26: 1104.597 | W26: 1476.63 | X26: 1326.306 | Y26: 1053.934 | Z26: 1125.791 | AA26: 984.468 | AB26: 528.475 | AC26: 1180.041 | AD26: 1475.168 | AE26: 1251.9802 | AF26: =+AE27 -> 1391.9212 | AG26: 1444.2795 | AI26: 185.4 | AJ26: 182.594 | AK26: 1277.854 | AL26: 515.301 | AM26: 1476.63 | AN26: =Z27 -> 984.468
B27: Cash at the end of the period | C27: n/a | D27: n/a | E27: n/a | F27: n/a | G27: n/a | H27: n/a | I27: n/a | J27: n/a | K27: n/a | L27: n/a | M27: n/a | N27: n/a | O27: 1223.389 | P27: 638.021 | Q27: 759.471 | R27: 515.301 | S27: 1401.311 | T27: 1214.567 | U27: 1104.597 | V27: 1476.63 | W27: 1326.306 | X27: 1053.934 | Y27: 1125.791 | Z27: 984.468 | AA27: 528.475 | AB27: 1180.041 | AC27: 1475.115 | AD27: 1252 | AE27: 1391.9212 | AF27: 1444.2795 | AG27: 1676.463 | AI27: 182.594 | AJ27: 1277.854 | AK27: 515.301 | AL27: 1476.63 | AM27: 984.468 | AN27: =AD27 -> 1252

Sheet DSO
B1: Days Sales Outstanding (DSO)
B2: Summary
B4: R$ million, except when indicated | C4: 1Q18 | D4: 2Q18 | E4: 3Q18 | F4: 4Q18 | G4: 1Q19 | H4: 2Q19 | I4: 3Q19 | J4: 4Q19 | K4: 1Q20 | L4: 2Q20 | M4: 3Q20 | N4: 4Q20 | O4: 1Q21 | P4: 2Q21 | Q4: 3Q21 | R4: 4Q21 | S4: 1Q22* | T4: 2Q22* | U4: 3Q22 | V4: 4Q22* | W4: 1Q23 | X4: 2Q23 | Y4: 3Q23 | Z4: 4Q23 | AA4: 1Q24 | AB4: 2Q24 | AC4: 3Q24 | AD4: 4Q24 | AE4: 1Q25 | AF4: 2Q25 | AG4: 3Q25
B5: Net Accounts Receivables (AR) | C5: n/a | D5: n/a | E5: n/a | F5: n/a | G5: n/a | H5: n/a | I5: n/a | J5: n/a | K5: n/a | L5: n/a | M5: n/a | N5: n/a | O5: 404.49708 | P5: 669.59201 | Q5: 692.33868 | R5: 659.94736 | S5: 730.13228 | T5: 781.85772 | U5: 862.74943 | V5: 849.07885 | W5: 948.33377 | X5: 875.24193 | Y5: 752.38086 | Z5: 766.52096 | AA5: 895.7 | AB5: 908.97469 | AC5: 891.66568 | AD5: 836.863 | AE5: 922.11844 | AF5: 925.3986 | AG5: 900.15508
B6: Net Revenue | C6: n/a | D6: n/a | E6: n/a | F6: n/a | G6: n/a | H6: n/a | I6: n/a | J6: n/a | K6: n/a | L6: n/a | M6: n/a | N6: n/a | O6: 1491.7165 | P6: 1712.4891 | Q6: 2178.2271 | R6: 2650.8094 | S6: 3144.478 | T6: 3478.0436 | U6: 3566.5967 | V6: 3563.2301 | W6: 3615.2722 | X6: 3637.2239 | Y6: 3672.3945 | Z6: 3732.9396 | AA6: 3769.2323 | AB6: 3813.8102 | AC6: 3811.6817 | AD6: ='IS IFRS'!AL5 -> 3801.3785 | AE6: 3851.6027 | AF6: 3879.9404 | AG6: 3947.577
B7: DSO (# days) | C7: n/a | D7: n/a | E7: n/a | F7: n/a | G7: n/a | H7: n/a | I7: n/a | J7: n/a | K7: n/a | L7: n/a | M7: n/a | N7: n/a | O7: 97.618382 | P7: 140.76185 | Q7: 114.42421 | R7: 89.625851 | S7: 83.590224 | T7: 80.927329 | U7: 87.082958 | V7: 85.784071 | W7: 94.432766 | X7: 86.628458 | Y7: 73.754906 | Z7: 73.922317 | AA7: 85.548455 | AB7: 85.801566 | AC7: 84.214703 | AD7: =IFERROR(AD5/AD6*360,0) -> 79.253008 | AE7: 86.188184 | AF7: 85.863044 | AG7: 82.089805
B8: AR Non-FIES | C8: n/a | D8: n/a | E8: n/a | F8: n/a | G8: n/a | H8: n/a | I8: n/a | J8: n/a | K8: n/a | L8: n/a | M8: n/a | N8: n/a | O8: 314.16602 | P8: 499.77329 | Q8: 530.61382 | R8: 482.10917 | S8: 467.72993 | T8: 610.04973 | U8: 679.85203 | V8: 640.87149 | W8: 756.63613 | X8: 686.10357 | Y8: 553.09121 | Z8: 557.58582 | AA8: 789.068 | AB8: 791.74705 | AC8: 776.27168 | AD8: =AD5-AD11 -> 727.258 | AE8: 804.9592 | AF8: 808.31876 | AG8: 773.80615
B9: Net Revenue Non-FIES | C9: n/a | D9: n/a | E9: n/a | F9: n/a | G9: n/a | H9: n/a | I9: n/a | J9: n/a | K9: n/a | L9: n/a | M9: n/a | N9: n/a | O9: 1225.8418 | P9: 1452.304 | Q9: 1881.9571 | R9: 2295.4174 | S9: 2751.6028 | T9: 3041.396 | U9: 3108.6071 | V9: 3163.0747 | W9: 3221.3273 | X9: 3254.6184 | Y9: 3324.3663 | Z9: 3388.6557 | AA9: 3388.6557 | AB9: 3657.456 | AC9: 3652.5173 | AD9: =AD6-AD12 -> 3623.9057 | AE9: 3673.9048 | AF9: 3708.6275 | AG9: 3765.2211
B10: DSO Non FIES and others (# days) | C10: n/a | D10: n/a | E10: n/a | F10: n/a | G10: n/a | H10: n/a | I10: n/a | J10: n/a | K10: n/a | L10: n/a | M10: n/a | N10: n/a | O10: 92.26294 | P10: 123.88479 | Q10: 101.50124 | R10: 75.611216 | S10: 61.194434 | T10: 72.209571 | U10: 78.73196 | V10: 72.939707 | W10: 84.558005 | X10: 75.89132 | Y10: 59.894974 | Z10: 59.236142 | AA10: 83.828073 | AB10: 77.930927 | AC10: 76.511014 | AD10: =IFERROR(AD8/AD9*360,0) -> 72.246052 | AE10: 78.876652 | AF10: 78.46427 | AG10: 73.985087
B11: AR FIES | C11: n/a | D11: n/a | E11: n/a | F11: n/a | G11: n/a | H11: n/a | I11: n/a | J11: n/a | K11: n/a | L11: n/a | M11: n/a | N11: n/a | O11: 43.257784 | P11: 67.738954 | Q11: 90.832671 | R11: 104.59799 | S11: 88.862046 | T11: 112.65187 | U11: 113.48669 | V11: 128.16596 | W11: 100.921 | X11: 103.125 | Y11: 101.094 | Z11: 97.627 | AA11: 106.632 | AB11: 117.22764 | AC11: 115.394 | AD11: 109.605 | AE11: 117.15925 | AF11: 117.07984 | AG11: 126.34893
B12: Net Revenue FIES | C12: n/a | D12: n/a | E12: n/a | F12: n/a | G12: n/a | H12: n/a | I12: n/a | J12: n/a | K12: n/a | L12: n/a | M12: n/a | N12: n/a | O12: 175.7359 | P12: 156.61879 | Q12: 174.74888 | R12: 206.8091 | S12: 222.4711 | T12: 256.15703 | U12: 268.29668 | V12: 212.88795 | W12: 209.45229 | X12: 193.51428 | Y12: 157.44514 | Z12: 161.17257 | AA12: 153.88627 | AB12: 156.3542 | AC12: 159.1644 | AD12: 177.47278 | AE12: 177.69787 | AF12: 171.31289 | AG12: 182.35591
B13: DSO FIES (# days) | C13: n/a | D13: n/a | E13: n/a | F13: n/a | G13: n/a | H13: n/a | I13: n/a | J13: n/a | K13: n/a | L13: n/a | M13: n/a | N13: n/a | O13: 88.614802 | P13: 155.70305 | Q13: 187.1243 | R13: 182.07747 | S13: 143.79547 | T13: 158.31958 | U13: 152.27624 | V13: 216.73253 | W13: 173.45983 | X13: 191.84631 | Y13: 231.15252 | Z13: 218.06266 | AA13: 249.45383 | AB13: 269.91249 | AC13: 260.99956 | AD13: =IFERROR(AD11/AD12*360,0) -> 222.33156 | AE13: 237.35416 | AF13: 246.03369 | AG13: 249.43318
B14: AR Lifelong Learning | C14: n/a | D14: n/a | E14: n/a | F14: n/a | G14: n/a | H14: n/a | I14: n/a | J14: n/a | K14: n/a | L14: n/a | M14: n/a | N14: n/a | O14: 47.073272 | P14: 102.07977 | Q14: 70.892185 | R14: 73.24046 | S14: 64.040373 | T14: 59.156123 | U14: 69.410698 | V14: 80.041151 | W14: 89.48654 | X14: 86.977868 | Y14: 95.016554 | Z14: 105.35432
B15: Net Revenue Others | C15: n/a | D15: n/a | E15: n/a | F15: n/a | G15: n/a | H15: n/a | I15: n/a | J15: n/a | K15: n/a | L15: n/a | M15: n/a | N15: n/a | O15: 90.138771 | P15: 103.56626 | Q15: 121.52111 | R15: 148.58288 | S15: 170.40412 | T15: 180.49057 | U15: 189.69293 | V15: 187.26768 | W15: 184.4925 | X15: 189.09055 | Y15: 190.58519 | Z15: 183.11132
B16: DSO Lifelong Learning (# days) | C16: n/a | D16: n/a | E16: n/a | F16: n/a | G16: n/a | H16: n/a | I16: n/a | J16: n/a | K16: n/a | L16: n/a | M16: n/a | N16: n/a | O16: 188.00321 | P16: 354.8329 | Q16: 210.01443 | R16: 177.45359 | S16: 135.29329 | T16: 117.99068 | U16: 131.7279 | V16: 153.86966 | W16: 174.61498 | X16: 165.5928 | Y16: 179.47858 | Z16: 207.1284
B18: Note: (1) As of 1Q24, we are presenting the LLL AR with the other accounts receivable classified in the "Non-FIES CR and others" line.
B19: *New breakdown to become comparable to current criteria.

Sheet PDA 
B1: Provision for Doubtful Accounts (PDA)
B2: Summary
B4: R$ million | C4: 1Q18 | D4: 2Q18 | E4: 3Q18 | F4: 4Q18 | G4: 1Q19 | H4: 2Q19 | I4: 3Q19 | J4: 4Q19 | K4: 1Q20 | L4: 2Q20 | M4: 3Q20 | N4: 4Q20 | O4: 1Q21 | P4: 2Q21 | Q4: 3Q21 | R4: 4Q21 | S4: 1Q22 | T4: 2Q22 | U4: 3Q22 | V4: 4Q22 | W4: 1Q23 | X4: 2Q23 | Y4: 3Q23 | Z4: 4Q23 | AA4: 1Q24 | AB4: 2Q24 | AC4: 3Q24 | AD4: 4Q24 | AE4: 1Q25 | AF4: 2Q25 | AG4: 3Q25 | AI4: 2021 | AJ4: 2022 | AK4: 2023 | AL4: 2024 LTM
B5: Net Revenue | C5: n/a | D5: n/a | E5: n/a | F5: n/a | G5: n/a | H5: n/a | I5: n/a | J5: n/a | K5: n/a | L5: n/a | M5: n/a | N5: n/a | O5: 408.71152 | P5: 576.90698 | Q5: 816.68335 | R5: 848.50754 | S5: 902.38017 | T5: 910.47256 | U5: 905.23647 | V5: 845.14093 | W5: 954.42228 | X5: 932.42419 | Y5: 940.40708 | Z5: 905.68608 | AA5: 990.71494 | AB5: 977.00212 | AC5: 938.27857 | AD5: ='IS IFRS'!AD5 -> 895.3825 | AE5: 1040.1218 | AF5: 1005.3398 | AG5: 1005.9152 | AI5: 2650.8054 | AJ5: 3563.2295 | AK5: =SUM(W5:Z5) -> 3732.9396 | AL5: =SUM(AA5:AD5) -> 3801.3781
B6: Provision for Doubtful Accounts (PDA) | C6: n/a | D6: n/a | E6: n/a | F6: n/a | G6: n/a | H6: n/a | I6: n/a | J6: n/a | K6: n/a | L6: n/a | M6: n/a | N6: n/a | O6: 15.497137 | P6: 46.787124 | Q6: -7.9211429 | R6: 107.08086 | S6: 55.692032 | T6: 65.239284 | U6: 29.169024 | V6: 44.395121 | W6: 54.944804 | X6: 40.6346 | Y6: 54.529324 | Z6: 42.294855 | AA6: 52.547553 | AB6: 60.038212 | AC6: 41.231127 | AD6: =-'Cons. Income Statment'!AL16-SUM(AA6:AC6) -> 24.709148 | AE6: 52.134277 | AF6: 41.823039 | AG6: 29.44041 | AI6: 161.44398 | AJ6: 194.49546 | AK6: =SUM(W6:Z6) -> 192.40358 | AL6: =SUM(AA6:AD6) -> 178.52604
B7: % Net Revenue | C7: n/a | D7: n/a | E7: n/a | F7: n/a | G7: n/a | H7: n/a | I7: n/a | J7: n/a | K7: n/a | L7: n/a | M7: n/a | N7: n/a | O7: 0.037917054 | P7: 0.081099944 | Q7: -0.0096991606 | R7: 0.12619907 | S7: 0.061716818 | T7: 0.071654311 | U7: 0.032222546 | V7: 0.052529844 | W7: 0.057568651 | X7: 0.043579522 | Y7: 0.057984808 | Z7: 0.046699244 | AA7: 0.053040032 | AB7: 0.061451466 | AC7: 0.043943374 | AD7: =AD6/AD5 -> 0.027596192 | AE7: =AE6/AE5 -> 0.050123243 | AF7: 0.041600896 | AG7: 0.029267289 | AI7: 0.060903746 | AJ7: 0.05458404 | AK7: =AK6/AK5 -> 0.05154211 | AL7: =IFERROR(AL6/AL5,0) -> 0.046963505
B8: FIES Net Revenue (Accumulative) | C8: n/a | D8: n/a | E8: n/a | F8: n/a | G8: n/a | H8: n/a | I8: n/a | J8: n/a | K8: n/a | L8: n/a | M8: n/a | N8: n/a | O8: 38.153738 | P8: 67.571484 | Q8: 131.78138 | R8: 206.8091 | S8: 53.815741 | T8: 63.103671 | U8: 76.349549 | V8: 19.618992 | W8: 50.379848 | X8: 47.165894 | Y8: 40.280406 | Z8: 23.346427 | AA8: 43.107273 | AB8: 49.620093 | AC8: 43.09061 | AD8: =DSO!AD12-SUM(AA8:AC8) -> 41.6548 | AE8: 43.362328 | AF8: 43.248846 | AG8: 54.13363 | AI8: 206.8091 | AJ8: 212.88795 | AK8: =SUM(W8:Z8) -> 161.17257 | AL8: =SUM(AA8:AD8) -> 177.47278
B9: Provision for Doubtful Accounts (PDA) | C9: n/a | D9: n/a | E9: n/a | F9: n/a | G9: n/a | H9: n/a | I9: n/a | J9: n/a | K9: n/a | L9: n/a | M9: n/a | N9: n/a | O9: 1.0260847 | P9: 1.2182344 | Q9: -1.0272119 | R9: 1.1 | S9: 0.61 | T9: 0.71 | U9: 0.6 | V9: 2.57 | W9: 0.87 | X9: 0.976 | Y9: 0.775 | Z9: -5.213 | AA9: 1.451747 | AB9: 1.493253 | AC9: 1.42 | AD9: 1.262 | AE9: 1.16 | AF9: 1.306 | AG9: 5.729 | AI9: 2.3171073 | AJ9: 4.49 | AK9: =SUM(W9:Z9) -> -2.592 | AL9: =SUM(AA9:AD9) -> 5.627
B10: % Net Revenue | C10: n/a | D10: n/a | E10: n/a | F10: n/a | G10: n/a | H10: n/a | I10: n/a | J10: n/a | K10: n/a | L10: n/a | M10: n/a | N10: n/a | O10: 0.026893426 | P10: 0.018028825 | Q10: -0.0077948182 | R10: 0.0053189149 | S10: 0.011334973 | T10: 0.011251326 | U10: 0.0078585926 | V10: 0.13099552 | W10: =-W9/W8 -> -0.01726881 | X10: =-X9/X8 -> -0.020692918 | Y10: =-Y9/Y8 -> -0.019240124 | Z10: =-Z9/Z8 -> 0.22328899 | AA10: =-AA9/AA8 -> -0.033677542 | AB10: =-AB9/AB8 -> -0.030093716 | AC10: =-AC9/AC8 -> -0.032953815 | AD10: =-AD9/AD8 -> -0.030296628 | AE10: =IFERROR(AE9/AE8,0) -> 0.026751331 | AF10: 0.030197338 | AG10: 0.1058307 | AI10: 0.011204088 | AJ10: 0.021090907 | AK10: =AK9/AK8 -> -0.016082141 | AL10: =IFERROR(AL9/AL8,0) -> 0.031706271
B11: Net Revenue Excl. Fies (Accumulative) | C11: n/a | D11: n/a | E11: n/a | F11: n/a | G11: n/a | H11: n/a | I11: n/a | J11: n/a | K11: n/a | L11: n/a | M11: n/a | N11: n/a | O11: 370.55779 | P11: 509.3355 | Q11: 684.90197 | R11: 641.69844 | S11: 848.56443 | T11: 847.36889 | U11: 828.88692 | V11: 825.52194 | W11: =W5-W8 -> 904.04244 | X11: =X5-X8 -> 885.25829 | Y11: =Y5-Y8 -> 900.12667 | Z11: =Z5-Z8 -> 882.33965 | AA11: =AA5-AA8 -> 947.60767 | AB11: =AB5-AB8 -> 927.38203 | AC11: =AC5-AC8 -> 895.18796 | AD11: =AD5-AD8 -> 853.7277 | AE11: =AE5-AE8 -> 996.75946 | AF11: 962.091 | AG11: 951.78154 | AI11: 2443.9963 | AJ11: 3350.3415 | AK11: =SUM(W11:Z11) -> 3571.767 | AL11: =SUM(AA11:AD11) -> 3623.9054
B12: Provision for Doubtful Accounts (PDA) | C12: n/a | D12: n/a | E12: n/a | F12: n/a | G12: n/a | H12: n/a | I12: n/a | J12: n/a | K12: n/a | L12: n/a | M12: n/a | N12: n/a | O12: 14.471052 | P12: 45.56889 | Q12: -6.893931 | R12: 105.98086 | S12: 55.082032 | T12: 64.529284 | U12: 28.569024 | V12: 41.825121 | W12: 54.074804 | X12: 39.6586 | Y12: 53.754324 | Z12: 47.507855 | AA12: 51.095553 | AB12: 61.490212 | AC12: 36.866127 | AD12: =AD6-AD9 -> 23.447148 | AE12: 50.974277 | AF12: 40.517039 | AG12: 23.71141 | AI12: 159.12687 | AJ12: 190.00546 | AK12: =SUM(W12:Z12) -> 194.99558 | AL12: =SUM(AA12:AD12) -> 172.89904
B13: % Net Revenue | C13: n/a | D13: n/a | E13: n/a | F13: n/a | G13: n/a | H13: n/a | I13: n/a | J13: n/a | K13: n/a | L13: n/a | M13: n/a | N13: n/a | O13: 0.03905208 | P13: 0.089467335 | Q13: -0.010065573 | R13: 0.1651568 | S13: 0.064912022 | T13: 0.07615253 | U13: 0.034466732 | V13: 0.050665063 | W13: =-W12/W11 -> -0.059814453 | X13: =-X12/X11 -> -0.044798903 | Y13: =-Y12/Y11 -> -0.059718622 | Z13: =-Z12/Z11 -> -0.053843047 | AA13: =-AA12/AA11 -> -0.053920577 | AB13: =-AB12/AB11 -> -0.066305159 | AC13: =-AC12/AC11 -> -0.041182554 | AD13: =-AD12/AD11 -> -0.027464434 | AE13: =AE12/AE11 -> 0.051139998 | AF13: 0.04211352 | AG13: 0.02491266 | AI13: 0.065109293 | AJ13: 0.056712266 | AK13: =AK12/AK11 -> 0.054593589 | AL13: =AL12/AL11 -> 0.047710694

Sheet Dividends
B1: Dividends
B2: Summary
B4: History of Dividends Payment
B5: Payment Day | C5: Reference Period | D5: Total Value | E5: Value per Share
B6: 41774 | C6: 2013 | D6: 9116243 | E6: 0.11
B7: 42139 | C7: 2014 | D7: 39181048 | E7: 0.4728
B8: 42506 | C8: 2015 | D8: 15254528 | E8: 0.1875
B9: 42870 | C9: 2016 | D9: 4953177.9 | E9: 0.0619
B10: 43227 | C10: 2017 | D10: 20226269 | E10: 0.2536
B11: 43595 | C11: 2018 | D11: 534680.23 | E11: 0.0069
B12: - | C12: 2019 | D12: - | E12: -
B13: - | C13: 2020 | D13: - | E13: -
B14: - | C14: 2021 | D14: - | E14: -
B15: - | C15: 2022 | D15: - | E15: -
B16: - | C16: 2023 | D16: - | E16: -
B17: 45525 | C17: 2024 | D17: =178000000 -> 178000000 | E17: 0.4712697
B18: 45786 | C18: 2025 | D18: =20222083.08 -> 20222083 | E18: 0.053539635

Sheet Medical Seats
B1: Medical seats maturation
B2: Summary
B4: Inspirali Authorized Medical Seats | R4: Inspirali Students Capacity**
B5: Brand | C5: City / States | D5: Ato Regulatório | E5: 2020 | F5: 2021 | G5: 2022 | H5: 2023 | I5: 2024.2Q | J5: 2024.3Q | K5: 2024 | L5: 2025E | M5: 2026E | N5: 2027E | O5: 2028E | P5: 2029E | R5: 2020 | S5: 2021 | T5: 2022 | U5: 2023 | V5: 2024.2Q | W5: 2024.3Q | X5: 2024E | Y5: 2025E | Z5: 2026E | AA5: 2027E | AB5: 2028E | AC5: 2029E
B6: UniBH | C6: Belo Horizonte/MG | D6: Authorization | E6: 100 | F6: 100 | G6: 100 | H6: 100 | I6: 100 | J6: 100 | K6: 100 | L6: 100 | M6: 100 | N6: 100 | O6: 100 | P6: 100 | R6: =(E6*6)+ROUNDDOWN(E6*6*10%,0)+ROUNDDOWN(E6*6*10%,0) -> 720 | S6: =(F6*6)+ROUNDDOWN(F6*6*10%,0)+ROUNDDOWN(F6*6*10%,0) -> 720 | T6: =(G6*6)+ROUNDDOWN(G6*6*10%,0)+ROUNDDOWN(G6*6*10%,0) -> 720 | U6: =(H6*6)+ROUNDDOWN(H6*6*10%,0)+ROUNDDOWN(H6*6*10%,0) -> 720 | V6: =(I6*6)+ROUNDDOWN(I6*6*10%,0)+ROUNDDOWN(I6*6*10%,0) -> 720 | W6: 720 | X6: 720 | Y6: 720 | Z6: 720 | AA6: 720 | AB6: 720 | AC6: 720
B7: =B6 -> UniBH | C7: =C6 -> Belo Horizonte/MG | D7: Increase | E7: 60 | F7: 60 | G7: 60 | H7: 60 | I7: 60 | J7: 60 | K7: 60 | L7: 60 | M7: 60 | N7: 60 | O7: 60 | P7: 60 | R7: =(E7*5)+ROUNDDOWN(E7*5*0.1,0)+ROUNDDOWN(E7*5*0.1,0) -> 360 | S7: =(F7*6)+ROUNDDOWN(F7*6*0.1,0)+ROUNDDOWN(F7*6*0.1,0) -> 432 | T7: =(G7*6)+ROUNDDOWN(G7*6*0.1,0)+ROUNDDOWN(G7*6*0.1,0) -> 432 | U7: =(H7*6)+ROUNDDOWN(H7*6*0.1,0)+ROUNDDOWN(H7*6*0.1,0) -> 432 | V7: =(I7*6)+ROUNDDOWN(I7*6*0.1,0)+ROUNDDOWN(I7*6*0.1,0) -> 432 | W7: 432 | X7: 432 | Y7: 432 | Z7: 432 | AA7: 432 | AB7: 432 | AC7: 432
B8: USJT | C8: Cubatão/SP* | D8: Authorization | E8: 50 | F8: 50 | G8: 50 | H8: 50 | I8: 50 | J8: 50 | K8: 50 | L8: 50 | M8: 50 | N8: 50 | O8: 50 | P8: 50 | R8: =(E8*6)+ROUNDDOWN(E8*6*10%,0)+ROUNDDOWN(E8*6*10%,0) -> 360 | S8: =(F8*6)+ROUNDDOWN(F8*6*10%,0)+ROUNDDOWN(F8*6*10%,0) -> 360 | T8: =(G8*6)+ROUNDDOWN(G8*6*10%,0)+ROUNDDOWN(G8*6*10%,0) -> 360 | U8: =(H8*6)+ROUNDDOWN(H8*6*10%,0)+ROUNDDOWN(H8*6*10%,0) -> 360 | V8: =(I8*6)+ROUNDDOWN(I8*6*10%,0)+ROUNDDOWN(I8*6*10%,0) -> 360 | W8: 360 | X8: 360 | Y8: 360 | Z8: 360 | AA8: 360 | AB8: 360 | AC8: 360
B9: AGES | C9: Jacobina/BA* | D9: Authorization | E9: 55 | F9: 55 | G9: 55 | H9: 55 | I9: 55 | J9: 55 | K9: 55 | L9: 55 | M9: 55 | N9: 55 | O9: 55 | P9: 55 | R9: =(E9*4)+ROUNDDOWN(E9*4*10%,0)+ROUNDDOWN(E9*4*10%,0) -> 264 | S9: =(F9*5)+ROUNDDOWN(F9*5*10%,0)+ROUNDDOWN(F9*5*10%,0) -> 329 | T9: =(G9*6)+ROUNDDOWN(G9*6*10%,0)+ROUNDDOWN(G9*6*10%,0) -> 396 | U9: =(H9*6)+ROUNDDOWN(H9*6*10%,0)+ROUNDDOWN(H9*6*10%,0) -> 396 | V9: =(I9*6)+ROUNDDOWN(I9*6*10%,0)+ROUNDDOWN(I9*6*10%,0) -> 396 | W9: 396 | X9: 396 | Y9: 396 | Z9: 396 | AA9: 396 | AB9: 396 | AC9: 396
B10: =B9 -> AGES | C10: =C9 -> Jacobina/BA* | D10: Increase | E10: 30 | F10: 30 | G10: 30 | H10: 30 | I10: 30 | J10: 30 | K10: 30 | L10: 30 | M10: 30 | N10: 30 | O10: 30 | P10: 30 | R10: =(E10*2)+ROUNDDOWN(E10*2*10%,0)+ROUNDDOWN(E10*2*10%,0) -> 72 | S10: =(F10*3)+ROUNDDOWN(F10*3*10%,0)+ROUNDDOWN(F10*3*10%,0) -> 108 | T10: =(G10*4)+ROUNDDOWN(G10*4*10%,0)+ROUNDDOWN(G10*4*10%,0) -> 144 | U10: =(H10*5)+ROUNDDOWN(H10*5*10%,0)+ROUNDDOWN(H10*5*10%,0) -> 180 | V10: =(I10*6)+ROUNDDOWN(I10*6*10%,0)+ROUNDDOWN(I10*6*10%,0) -> 216 | W10: 216 | X10: 216 | Y10: 216 | Z10: 216 | AA10: 216 | AB10: 216 | AC10: 216
B11: AGES | C11: Irecê/BA* | D11: Authorization | E11: 50 | F11: 50 | G11: 50 | H11: 50 | I11: 50 | J11: 50 | K11: 50 | L11: 50 | M11: 50 | N11: 50 | O11: 50 | P11: 50 | R11: =(E11*1)+ROUNDDOWN(E11*1*10%,0)+ROUNDDOWN(E11*1*10%,0) -> 60 | S11: =(F11*2)+ROUNDDOWN(F11*2*10%,0)+ROUNDDOWN(F11*2*10%,0) -> 120 | T11: =(G11*3)+ROUNDDOWN(G11*3*10%,0)+ROUNDDOWN(G11*3*10%,0) -> 180 | U11: =(H11*4)+ROUNDDOWN(H11*4*10%,0)+ROUNDDOWN(H11*4*10%,0) -> 240 | V11: =(I11*5)+ROUNDDOWN(I11*5*10%,0)+ROUNDDOWN(I11*5*10%,0) -> 300 | W11: 300 | X11: 300 | Y11: 360 | Z11: 360 | AA11: 360 | AB11: 360 | AC11: 360
B12: =B11 -> AGES | C12: =C11 -> Irecê/BA* | D12: Increase | J12: 100 | K12: 100 | L12: =K12 -> 100 | M12: =L12 -> 100 | N12: =M12 -> 100 | O12: =N12 -> 100 | P12: =O12 -> 100 | W12: 120 | X12: 120 | Y12: 240 | Z12: 360 | AA12: 480 | AB12: 600 | AC12: 720
B13: Faseh | C13: Vespasiano/MG | D13: Authorization | E13: 64 | F13: 64 | G13: 64 | H13: 64 | I13: 64 | J13: 64 | K13: 64 | L13: 64 | M13: 64 | N13: 64 | O13: 64 | P13: 64 | R13: =(E13*6)+ROUNDDOWN(E13*6*10%,0)+ROUNDDOWN(E13*6*10%,0) -> 460 | S13: =(F13*6)+ROUNDDOWN(F13*6*10%,0)+ROUNDDOWN(F13*6*10%,0) -> 460 | T13: =(G13*6)+ROUNDDOWN(G13*6*10%,0)+ROUNDDOWN(G13*6*10%,0) -> 460 | U13: =(H13*6)+ROUNDDOWN(H13*6*10%,0)+ROUNDDOWN(H13*6*10%,0) -> 460 | V13: =(I13*6)+ROUNDDOWN(I13*6*10%,0)+ROUNDDOWN(I13*6*10%,0) -> 460 | W13: 460 | X13: 460 | Y13: 460 | Z13: 460 | AA13: 460 | AB13: 460 | AC13: 460
B14: =B13 -> Faseh | C14: =C13 -> Vespasiano/MG | D14: Increase | E14: 36 | F14: 36 | G14: 36 | H14: 36 | I14: 36 | J14: 36 | K14: 36 | L14: 36 | M14: 36 | N14: 36 | O14: 36 | P14: 36 | R14: =(E14*4)+ROUNDDOWN(E14*4*10%,0)+ROUNDDOWN(E14*4*10%,0) -> 172 | S14: =(F14*5)+ROUNDDOWN(F14*5*10%,0)+ROUNDDOWN(F14*5*10%,0) -> 216 | T14: =(G14*6)+ROUNDDOWN(G14*6*10%,0)+ROUNDDOWN(G14*6*10%,0)+2 -> 260 | U14: =(H14*6)+ROUNDDOWN(H14*6*10%,0)+ROUNDDOWN(H14*6*10%,0)+2 -> 260 | V14: =(I14*6)+ROUNDDOWN(I14*6*10%,0)+ROUNDDOWN(I14*6*10%,0)+2 -> 260 | W14: 260 | X14: 260 | Y14: 260 | Z14: 260 | AA14: 260 | AB14: 260 | AC14: 260
B15: Unifg | C15: Guanambi/BA | D15: Authorization | E15: 50 | F15: 50 | G15: 50 | H15: 50 | I15: 50 | J15: 50 | K15: 50 | L15: 50 | M15: 50 | N15: 50 | O15: 50 | P15: 50 | R15: =(E15*6)+ROUNDDOWN(E15*6*10%,0)+ROUNDDOWN(E15*6*10%,0) -> 360 | S15: =(F15*6)+ROUNDDOWN(F15*6*10%,0)+ROUNDDOWN(F15*6*10%,0) -> 360 | T15: =(G15*6)+ROUNDDOWN(G15*6*10%,0)+ROUNDDOWN(G15*6*10%,0) -> 360 | U15: =(H15*6)+ROUNDDOWN(H15*6*10%,0)+ROUNDDOWN(H15*6*10%,0) -> 360 | V15: =(I15*6)+ROUNDDOWN(I15*6*10%,0)+ROUNDDOWN(I15*6*10%,0) -> 360 | W15: 360 | X15: 360 | Y15: 360 | Z15: 360 | AA15: 360 | AB15: 360 | AC15: 360
B16: Unisul | C16: Tubarão/SC | D16: Authorization | F16: 127 | G16: 127 | H16: 127 | I16: 127 | J16: 127 | K16: 127 | L16: 127 | M16: 127 | N16: 127 | O16: 127 | P16: 127 | S16: =(F16*4)+ROUNDDOWN(F16*4*10%,0)+ROUNDDOWN(F16*4*10%,0) -> 608 | T16: =(G16*5)+ROUNDDOWN(G16*5*10%,0)+ROUNDDOWN(G16*5*10%,0) -> 761 | U16: =(H16*6)+ROUNDDOWN(H16*6*10%,0)+ROUNDDOWN(H16*6*10%,0) -> 914 | V16: =(I16*6)+ROUNDDOWN(I16*6*10%,0)+ROUNDDOWN(I16*6*10%,0) -> 914 | W16: 914 | X16: 914 | Y16: 914 | Z16: 914 | AA16: 914 | AB16: 914 | AC16: 914
B17: Unisul | C17: Pedra Branca/SC | D17: Authorization | F17: 160 | G17: 160 | H17: 160 | I17: 160 | J17: 160 | K17: 160 | L17: 160 | M17: 160 | N17: 160 | O17: 160 | P17: 160 | S17: =(F17*6)+ROUNDDOWN(F17*6*10%,0)+ROUNDDOWN(F17*6*10%,0) -> 1152 | T17: =(G17*6)+ROUNDDOWN(G17*6*10%,0)+ROUNDDOWN(G17*6*10%,0) -> 1152 | U17: =(H17*6)+ROUNDDOWN(H17*6*10%,0)+ROUNDDOWN(H17*6*10%,0) -> 1152 | V17: =(I17*6)+ROUNDDOWN(I17*6*10%,0)+ROUNDDOWN(I17*6*10%,0) -> 1152 | W17: 1152 | X17: 1152 | Y17: 1152 | Z17: 1152 | AA17: 1152 | AB17: 1152 | AC17: 1152
B18: UNIFACS | C18: Salvador/BA | D18: Authorization | F18: 100 | G18: 100 | H18: 100 | I18: 100 | J18: 100 | K18: 100 | L18: 100 | M18: 100 | N18: 100 | O18: 100 | P18: 100 | S18: =(F18*6)+ROUNDDOWN(F18*6*10%,0)+ROUNDDOWN(F18*6*10%,0) -> 720 | T18: =(G18*6)+ROUNDDOWN(G18*6*10%,0)+ROUNDDOWN(G18*6*10%,0) -> 720 | U18: =(H18*6)+ROUNDDOWN(H18*6*10%,0)+ROUNDDOWN(H18*6*10%,0) -> 720 | V18: =(I18*6)+ROUNDDOWN(I18*6*10%,0)+ROUNDDOWN(I18*6*10%,0) -> 720 | W18: 720 | X18: 720 | Y18: 720 | Z18: 720 | AA18: 720 | AB18: 720 | AC18: 720
B19: =B18 -> UNIFACS | C19: =C18 -> Salvador/BA | D19: Increase 1 | F19: 50 | G19: 50 | H19: 50 | I19: 50 | J19: 50 | K19: 50 | L19: 50 | M19: 50 | N19: 50 | O19: 50 | P19: 50 | S19: =(F19*6)+ROUNDDOWN(F19*6*10%,0)+ROUNDDOWN(F19*6*10%,0) -> 360 | T19: =(G19*6)+ROUNDDOWN(G19*6*10%,0)+ROUNDDOWN(G19*6*10%,0) -> 360 | U19: =(H19*6)+ROUNDDOWN(H19*6*10%,0)+ROUNDDOWN(H19*6*10%,0) -> 360 | V19: =(I19*6)+ROUNDDOWN(I19*6*10%,0)+ROUNDDOWN(I19*6*10%,0) -> 360 | W19: 360 | X19: 360 | Y19: 360 | Z19: 360 | AA19: 360 | AB19: 360 | AC19: 360
B20: =B19 -> UNIFACS | C20: =C19 -> Salvador/BA | D20: Increase 2 | F20: 120 | G20: 120 | H20: 120 | I20: 120 | J20: 120 | K20: 120 | L20: 120 | M20: 120 | N20: 120 | O20: 120 | P20: 120 | S20: =(F20*5)+ROUNDDOWN(F20*5*10%,0)+ROUNDDOWN(F20*5*10%,0) -> 720 | T20: =(G20*6)+ROUNDDOWN(G20*6*10%,0)+ROUNDDOWN(G20*6*10%,0) -> 864 | U20: =(H20*6)+ROUNDDOWN(H20*6*10%,0)+ROUNDDOWN(H20*6*10%,0) -> 864 | V20: =(I20*6)+ROUNDDOWN(I20*6*10%,0)+ROUNDDOWN(I20*6*10%,0) -> 864 | W20: 864 | X20: 864 | Y20: 864 | Z20: 864 | AA20: 864 | AB20: 864 | AC20: 864
B21: UNP | C21: Natal/RN | D21: Authorization | F21: 120 | G21: 120 | H21: 120 | I21: 120 | J21: 120 | K21: 120 | L21: 120 | M21: 120 | N21: 120 | O21: 120 | P21: 120 | S21: =(F21*6)+ROUNDDOWN(F21*6*10%,0)+ROUNDDOWN(F21*6*10%,0) -> 864 | T21: =(G21*6)+ROUNDDOWN(G21*6*10%,0)+ROUNDDOWN(G21*6*10%,0) -> 864 | U21: =(H21*6)+ROUNDDOWN(H21*6*10%,0)+ROUNDDOWN(H21*6*10%,0) -> 864 | V21: =(I21*6)+ROUNDDOWN(I21*6*10%,0)+ROUNDDOWN(I21*6*10%,0) -> 864 | W21: 864 | X21: 864 | Y21: 864 | Z21: 864 | AA21: 864 | AB21: 864 | AC21: 864
B22: =B21 -> UNP | C22: =C21 -> Natal/RN | D22: Increase 1 | F22: 17 | G22: 17 | H22: 17 | I22: 17 | J22: 17 | K22: 17 | L22: 17 | M22: 17 | N22: 17 | O22: 17 | P22: 17 | S22: =(F22*6)+ROUNDDOWN(F22*6*10%,0)+ROUNDDOWN(F22*6*10%,0) -> 122 | T22: =(G22*6)+ROUNDDOWN(G22*6*10%,0)+ROUNDDOWN(G22*6*10%,0) -> 122 | U22: =(H22*6)+ROUNDDOWN(H22*6*10%,0)+ROUNDDOWN(H22*6*10%,0) -> 122 | V22: =(I22*6)+ROUNDDOWN(I22*6*10%,0)+ROUNDDOWN(I22*6*10%,0) -> 122 | W22: 122 | X22: 122 | Y22: 122 | Z22: 122 | AA22: 122 | AB22: 122 | AC22: 122
B23: =B22 -> UNP | C23: =C22 -> Natal/RN | D23: Increase 2 | F23: 55 | G23: 55 | H23: 55 | I23: 55 | J23: 55 | K23: 55 | L23: 55 | M23: 55 | N23: 55 | O23: 55 | P23: 55 | S23: =(F23*6)+ROUNDDOWN(F23*6*10%,0)+ROUNDDOWN(F23*6*10%,0) -> 396 | T23: =(G23*6)+ROUNDDOWN(G23*6*10%,0)+ROUNDDOWN(G23*6*10%,0) -> 396 | U23: =(H23*6)+ROUNDDOWN(H23*6*10%,0)+ROUNDDOWN(H23*6*10%,0) -> 396 | V23: =(I23*6)+ROUNDDOWN(I23*6*10%,0)+ROUNDDOWN(I23*6*10%,0) -> 396 | W23: 396 | X23: 396 | Y23: 396 | Z23: 396 | AA23: 396 | AB23: 396 | AC23: 396
B24: UAM | C24: São Paulo/SP | D24: Authorization | F24: 100 | G24: 100 | H24: 100 | I24: 100 | J24: 100 | K24: 100 | L24: 100 | M24: 100 | N24: 100 | O24: 100 | P24: 100 | S24: =(F24*6)+ROUNDDOWN(F24*6*10%,0)+ROUNDDOWN(F24*6*10%,0) -> 720 | T24: =(G24*6)+ROUNDDOWN(G24*6*10%,0)+ROUNDDOWN(G24*6*10%,0) -> 720 | U24: =(H24*6)+ROUNDDOWN(H24*6*10%,0)+ROUNDDOWN(H24*6*10%,0) -> 720 | V24: =(I24*6)+ROUNDDOWN(I24*6*10%,0)+ROUNDDOWN(I24*6*10%,0) -> 720 | W24: 720 | X24: 720 | Y24: 720 | Z24: 720 | AA24: 720 | AB24: 720 | AC24: 720
B25: =B24 -> UAM | C25: =C24 -> São Paulo/SP | D25: Increase 1 | F25: 30 | G25: 30 | H25: 30 | I25: 30 | J25: 30 | K25: 30 | L25: 30 | M25: 30 | N25: 30 | O25: 30 | P25: 30 | S25: =(F25*6)+ROUNDDOWN(F25*6*10%,0)+ROUNDDOWN(F25*6*10%,0) -> 216 | T25: =(G25*6)+ROUNDDOWN(G25*6*10%,0)+ROUNDDOWN(G25*6*10%,0) -> 216 | U25: =(H25*6)+ROUNDDOWN(H25*6*10%,0)+ROUNDDOWN(H25*6*10%,0) -> 216 | V25: =(I25*6)+ROUNDDOWN(I25*6*10%,0)+ROUNDDOWN(I25*6*10%,0) -> 216 | W25: 216 | X25: 216 | Y25: 216 | Z25: 216 | AA25: 216 | AB25: 216 | AC25: 216
B26: =B25 -> UAM | C26: =C25 -> São Paulo/SP | D26: Increase 2 | F26: 65 | G26: 65 | H26: 65 | I26: 65 | J26: 65 | K26: 65 | L26: 65 | M26: 65 | N26: 65 | O26: 65 | P26: 65 | S26: =(F26*6)+ROUNDDOWN(F26*6*10%,0)+ROUNDDOWN(F26*6*10%,0) -> 468 | T26: =(G26*6)+ROUNDDOWN(G26*6*10%,0)+ROUNDDOWN(G26*6*10%,0) -> 468 | U26: =(H26*6)+ROUNDDOWN(H26*6*10%,0)+ROUNDDOWN(H26*6*10%,0) -> 468 | V26: =(I26*6)+ROUNDDOWN(I26*6*10%,0)+ROUNDDOWN(I26*6*10%,0) -> 468 | W26: 468 | X26: 468 | Y26: 468 | Z26: 468 | AA26: 468 | AB26: 468 | AC26: 468
B27: UAM | C27: Piracicaba/SP* | D27: Authorization | F27: 75 | G27: 75 | H27: 75 | I27: 75 | J27: 75 | K27: 75 | L27: 75 | M27: 75 | N27: 75 | O27: 75 | P27: 75 | S27: =(F27*4)+ROUNDDOWN(F27*4*10%,0)+ROUNDDOWN(F27*4*10%,0) -> 360 | T27: =(G27*5)+ROUNDDOWN(G27*5*10%,0)+ROUNDDOWN(G27*5*10%,0) -> 449 | U27: =(H27*6)+ROUNDDOWN(H27*6*10%,0)+ROUNDDOWN(H27*6*10%,0) -> 540 | V27: =(I27*6)+ROUNDDOWN(I27*6*10%,0)+ROUNDDOWN(I27*6*10%,0) -> 540 | W27: 540 | X27: 540 | Y27: 540 | Z27: 540 | AA27: 540 | AB27: 540 | AC27: 540
B28: =B27 -> UAM | C28: =C27 -> Piracicaba/SP* | D28: Increase 1 | F28: 25 | G28: 25 | H28: 25 | I28: 25 | J28: 25 | K28: 25 | L28: 25 | M28: 25 | N28: 25 | O28: 25 | P28: 25 | S28: =(F28*2)+ROUNDDOWN(F28*2*10%,0)+ROUNDDOWN(F28*2*10%,0) -> 60 | T28: =(G28*3)+ROUNDDOWN(G28*3*10%,0)+ROUNDDOWN(G28*3*10%,0) -> 89 | U28: =(H28*4)+ROUNDDOWN(H28*4*10%,0)+ROUNDDOWN(H28*4*10%,0) -> 120 | V28: =(I28*5)+ROUNDDOWN(I28*5*10%,0)+ROUNDDOWN(I28*5*10%,0) -> 149 | W28: 149 | X28: 149 | Y28: 180 | Z28: 180 | AA28: 180 | AB28: 180 | AC28: 180
B29: =B28 -> UAM | C29: =C28 -> Piracicaba/SP* | D29: Increase 2 | G29: 13 | H29: 13 | I29: 13 | J29: 13 | K29: 13 | L29: 13 | M29: 13 | N29: 13 | O29: 13 | P29: 13 | T29: =(G29*1)+ROUND(G29*1*10%,0)+ROUND(G29*1*10%,0) -> 15 | U29: =(H29*2)+ROUNDDOWN(H29*2*10%,0)+ROUNDDOWN(H29*2*10%,0) -> 30 | V29: =(I29*3)+ROUNDDOWN(I29*3*10%,0)+ROUNDDOWN(I29*3*10%,0) -> 45 | W29: 45 | X29: 45 | Y29: 62 | Z29: 77 | AA29: 92 | AB29: 92 | AC29: 92
B30: UAM | C30: São José dos Campos/SP* | D30: Authorization | F30: 100 | G30: 100 | H30: 100 | I30: 100 | J30: 100 | K30: 100 | L30: 100 | M30: 100 | N30: 100 | O30: 100 | P30: 100 | S30: =(F30*4)+ROUNDDOWN(F30*4*10%,0)+ROUNDDOWN(F30*4*10%,0) -> 480 | T30: =(G30*5)+ROUNDDOWN(G30*5*10%,0)+ROUNDDOWN(G30*5*10%,0) -> 600 | U30: =(H30*6)+ROUNDDOWN(H30*6*10%,0)+ROUNDDOWN(H30*6*10%,0) -> 720 | V30: =(I30*6)+ROUNDDOWN(I30*6*10%,0)+ROUNDDOWN(I30*6*10%,0) -> 720 | W30: 720 | X30: 720 | Y30: 720 | Z30: 720 | AA30: 720 | AB30: 720 | AC30: 720
B31: =B30 -> UAM | C31: =C30 -> São José dos Campos/SP* | D31: Increase | F31: 40 | G31: 40 | H31: 40 | I31: 40 | J31: 40 | K31: 40 | L31: 40 | M31: 40 | N31: 40 | O31: 40 | P31: 40 | S31: =(F31*2)+ROUNDDOWN(F31*2*10%,0)+ROUNDDOWN(F31*2*10%,0) -> 96 | T31: =(G31*3)+ROUNDDOWN(G31*3*10%,0)+ROUNDDOWN(G31*3*10%,0) -> 144 | U31: =(H31*4)+ROUNDDOWN(H31*4*10%,0)+ROUNDDOWN(H31*4*10%,0) -> 192 | V31: =(I31*5)+ROUNDDOWN(I31*5*10%,0)+ROUNDDOWN(I31*5*10%,0) -> 240 | W31: 240 | X31: 240 | Y31: 288 | Z31: 288 | AA31: 288 | AB31: 288 | AC31: 288
B32: Unifg | C32: Brumado/BA* | D32: Authorization | F32: 50 | G32: 50 | H32: 50 | I32: 50 | J32: 50 | K32: 50 | L32: 50 | M32: 50 | N32: 50 | O32: 50 | P32: 50 | S32: =(F32*1)+ROUNDDOWN(F32*1*10%,0)+ROUNDDOWN(F32*1*10%,0) -> 60 | T32: =(G32*2)+ROUNDDOWN(G32*2*10%,0)+ROUNDDOWN(G32*2*10%,0) -> 120 | U32: =(H32*3)+ROUNDDOWN(H32*3*10%,0)+ROUNDDOWN(H32*3*10%,0) -> 180 | V32: =(I32*4)+ROUNDDOWN(I32*4*10%,0)+ROUNDDOWN(I32*4*10%,0) -> 240 | W32: 240 | X32: 240 | Y32: 300 | Z32: 360 | AA32: 360 | AB32: 360 | AC32: 360
B33: UNA | C33: Tucuruí* | D33: Authorization | J33: 50 | K33: 50 | L33: 50 | M33: 50 | N33: 50 | O33: 50 | P33: 50 | W33: 60 | X33: 60 | Y33: 120 | Z33: 180 | AA33: 240 | AB33: 300 | AC33: 360
C34: Total | E34: =SUM(E6:E33) -> 495 | F34: =SUM(F6:F33) -> 1729 | G34: =SUM(G6:G33) -> 1742 | H34: =SUM(H6:H33) -> 1742 | I34: =SUM(I6:I33) -> 1742 | J34: =SUM(J6:J33) -> 1892 | K34: =SUM(K6:K33) -> 1892 | L34: =SUM(L6:L33) -> 1892 | ... P34: =SUM(P6:P33) -> 1892 | R34: =SUM(R6:R33) -> 2828 | S34: =SUM(S6:S33) -> 10507 | T34: =SUM(T6:T33) -> 11372 | U34: =SUM(U6:U33) -> 11986 | V34: =SUM(V6:V33) -> 12234 | W34: =SUM(W6:W33) -> 12414 | X34: =SUM(X6:X33) -> 12414 | Y34: =SUM(Y6:Y33) -> 12810 | ... AC34: =SUM(AC6:AC33) -> 13620
C37: Year in which seat becomes mature / seat already mature on date of acquisition.
C38: Projection - maturation of the existing vacancy (hired growth)
B39: * | C39: Courses authorized through the Mais Médicos program. Data for the end of the period.
B40: ** | C40: Maximum number of students includes additional seats to those authorized for the FIES (10%) and PROUNI (10%) programs

Sheet >> Discontinued

Sheet Academic Education IS - Old
B1: Academic Education Income Statment - Old
B2: Return
B4: R$ million | C4: 1Q20 | D4: 2Q20 | E4: 3Q20 | F4: 4Q20 | G4: 1Q21 | H4: 2Q21 | I4: 3Q21 | J4: 4Q21 | K4: 1Q22 | L4: 2Q22 | M4: 3Q22 | N4: 4Q22 | O4: 1Q23 | P4: 2Q23 | Q4: 3Q23 | R4: 4Q23
B5: (except when indicated)
B6: Gross Revenue | C6: 655.24744 | D6: 632.24568 | E6: 637.48068 | F6: 634.38519 | G6: 759.49084 | H6: 1039.6479 | I6: 1525.3277 | J6: 1529.7893 | K6: 1676.1885 | L6: 1729.9269 | M6: 1732.3739 | N6: 1549.1053 | O6: 1840.397 | P6: 1856.5983 | Q6: 1775.5896 | R6: 1758.5264
B7: Discounts, Deductions & Scholarships | C7: -327.27406 | D7: -283.46078 | E7: -299.03169 | F7: -279.86032 | G7: =-350.375613-7.12554063 -> -357.50115 | H7: =-465.20973438-8.69950129 -> -473.90924 | I7: -716.70079 | J7: -707.04638 | K7: -780.04415 | L7: -825.24361 | M7: -843.26985 | N7: -730.75261 | O7: -889.52884 | P7: -936.8454 | Q7: -853.62518 | R7: -869.94539
B8: Taxes | C8: -9.4651284 | D8: -10.076811 | E8: -10.279912 | F8: -10.215843 | G8: -11.59819 | H8: -19.685463 | I8: -32.674632 | J8: -32.913405 | K8: -33.905432 | L8: -35.150973 | M8: -33.800976 | N8: -29.464549 | O8: -33.811973 | P8: -32.867016 | Q8: -32.985428 | R8: -31.673812
B9: Net Revenue | C9: 318.50825 | D9: 338.70809 | E9: 328.16908 | F9: 344.30902 | G9: =SUM(G6:G8) -> 390.3915 | H9: =SUM(H6:H8) -> 546.05319 | I9: 775.95228 | J9: 789.82953 | K9: 862.23891 | L9: 869.53232 | M9: 855.30304 | N9: 788.88818 | O9: 917.0562 | P9: 886.88591 | Q9: 888.97901 | R9: 856.90719
B10: Cost of Services | C10: -119.55281 | D10: -144.41362 | E10: -133.79051 | F10: -147.93616 | G10: -141.59146 | H10: -203.50354 | I10: -265.91062 | J10: -328.38522 | K10: -242.59061 | L10: -330.58367 | M10: -314.38088 | N10: -347.29058 | O10: -273.0692 | P10: -356.40059 | Q10: -292.12424 | R10: -318.017
B11: Personnel | C11: -97.613298 | D11: -127.17935 | E11: -114.16629 | F11: -124.95399 | G11: -116.17366 | H11: -164.56361 | I11: -213.94788 | J11: -253.60995 | K11: -177.57929 | L11: -243.84264 | M11: -231.32667 | N11: -246.78098 | O11: -198.3974 | P11: -266.55267 | Q11: -215.42359 | R11: -230.26609
B12: Services from Third Parties | C12: -7.402457 | D12: -5.1515507 | E12: -6.3371781 | F12: -5.8522822 | G12: -8.729867 | H12: -13.972842 | I12: -19.628094 | J12: -21.300995 | K12: -19.311597 | L12: -23.205663 | M12: -20.737931 | N12: -24.665822 | O12: -21.444016 | P12: -26.240378 | Q12: -26.493018 | R12: -19.314767
B13: Rental & Utilities | C13: -7.1041909 | D13: -5.5759205 | E13: -5.4509874 | F13: -5.4096639 | G13: -7.0219037 | H13: -10.197971 | I13: -3.9863812 | J13: -12.90589 | K13: -19.421127 | L13: -20.736608 | M13: -18.874837 | N13: -26.267089 | O13: -15.061891 | P13: -20.192368 | Q13: -15.421797 | R13: -18.535931
B14: Others | C14: -7.432866 | D14: -6.5068042 | E14: -7.8360536 | F14: -11.72022 | G14: -9.66603 | H14: -14.769114 | I14: -28.348266 | J14: -40.568383 | K14: -26.278596 | L14: -42.798749 | M14: -43.441449 | N14: -49.576687 | O14: -38.165888 | P14: -43.415172 | Q14: -34.785835 | R14: -49.900215
B15: Gross Profit (exclud. deprec. /amort.) | C15: 198.95543 | D15: 194.29447 | E15: 194.37857 | F15: 196.37286 | G15: =SUM(G9:G10) -> 248.80004 | H15: =SUM(H9:H10) -> 342.54965 | I15: 510.04166 | J15: 461.44432 | K15: 619.64829 | L15: 538.94866 | M15: 540.92216 | N15: 441.5976 | O15: 643.987 | P15: 530.48532 | Q15: 596.85477 | R15: 538.8902
B16: Sales Expenses | C16: -28.611446 | D16: -38.602157 | E16: -28.239531 | F16: -51.850171 | G16: -31.681178 | H16: -65.045291 | I16: -20.520357 | J16: -143.66767 | K16: -104.95619 | L16: -86.564275 | M16: -77.9105 | N16: -104.91749 | O16: -118.20264 | P16: -93.537331 | Q16: -117.68002 | R16: -92.503185
B17: Provision for Doubtful Accounts (PDA) | C17: -9.7994838 | D17: -28.148002 | E17: -13.292345 | F17: -26.640942 | G17: -13.080446 | H17: -45.901734 | I17: 21.253499 | J17: -98.125285 | K17: -54.690174 | L17: -59.946287 | M17: -19.625069 | N17: -39.694105 | O17: -55.461212 | P17: -33.643269 | Q17: -49.695074 | R17: -32.968951
B18: Marketing | C18: -18.811962 | D18: -10.454155 | E18: -14.947186 | F18: -25.209228 | G18: -18.600732 | H18: -19.143557 | I18: -41.773856 | J18: -45.542388 | K18: -50.266021 | L18: -26.617988 | M18: -58.28543 | N18: -65.223383 | O18: -62.741427 | P18: -59.894062 | Q18: -67.984944 | R18: -59.534234
B19: General & Administrative Expenses | C19: -27.384043 | D19: -28.492615 | E19: -38.130057 | F19: -38.368091 | G19: -29.167885 | H19: -60.237088 | I19: -68.853391 | J19: -92.852711 | K19: -101.61162 | L19: -101.17507 | M19: -105.52691 | N19: -99.649851 | O19: -121.58114 | P19: -102.55746 | Q19: -103.39147 | R19: -101.74187
B20: Personnel | C20: -20.761902 | D20: -21.850368 | E20: -27.38541 | F20: -23.721299 | G20: -23.495476 | H20: -36.454741 | I20: -38.648211 | J20: -61.704991 | K20: -65.759208 | L20: -76.645858 | M20: -72.770711 | N20: -59.548354 | O20: -76.001473 | P20: -83.844563 | Q20: -64.121086 | R20: -58.564606
B21: Third Party Services | C21: -2.731575 | D21: -2.7919374 | E21: -4.7719707 | F21: -6.0902851 | G21: -3.486219 | H21: -18.34259 | I21: -19.547812 | J21: -26.468914 | K21: -23.306956 | L21: -16.925429 | M21: -26.678213 | N21: -33.407755 | O21: -33.051465 | P21: -12.364697 | Q21: -31.493236 | R21: -29.102081
B22: Rental & Utilities | C22: -0.72568188 | D22: -0.85531879 | E22: -1.0486914 | F22: -0.32139355 | G22: -0.386135 | H22: -0.40309188 | I22: -0.32287899 | J22: -0.85020518 | K22: -1.6925044 | L22: 0.71084187 | M22: -0.81973546 | N22: 7.7630741 | O22: -0.03870933 | P22: 5.9266333 | Q22: 0.59791429 | R22: -1.2828681
B23: Others | C23: -3.1648842 | D23: -2.9949905 | E23: -4.923985 | F23: -8.2351131 | G23: -1.8000554 | H23: -5.0366649 | I23: -10.334489 | J23: -3.8286015 | K23: -10.852952 | L23: -8.3146278 | M23: -5.2582549 | N23: -14.456815 | O23: -12.489492 | P23: -12.274828 | Q23: -8.3750662 | R23: -12.792315
B24: Other Operating Revenues (Expenses) | C24: -0.03548405 | D24: -1.3850105 | E24: -2.6194494 | F24: -11.253868 | G24: -3.419138 | H24: -0.71251373 | I24: 5.8728127 | J24: 14.435678 | K24: 3.8995261 | L24: 9.7381065 | M24: 9.6002318 | N24: -1.0253839 | O24: 0.75415313 | P24: -0.88809519 | Q24: -10.386726 | R24: -18.517541
B25: Provisions | C25: 0.09237112 | D25: 0.16426108 | E25: -0.15530188 | F25: -10.231861 | G25: -2.306769 | H25: -2.2697827 | I25: 0.09923525 | J25: -22.323175 | K25: 2.2617769 | L25: 2.4935778 | M25: 4.7526507 | N25: -6.1405949 | O25: -6.3050991 | P25: -4.4211336 | Q25: -12.383239 | R25: -20.517965
B26: Taxes | C26: -1.2057625 | D26: -1.6824852 | E26: -2.9726845 | F26: -1.6684422 | G26: -1.592953 | H26: -2.4622319 | I26: -5.0644909 | J26: -3.4694183 | K26: -2.1850031 | L26: 0.07303989 | M26: -0.66907986 | N26: -0.5362307 | O26: -0.8081182 | P26: -0.79103231 | Q26: -0.94060493 | R26: -0.57997035
B27: Other Operating Revenues | C27: 1.0779073 | D27: 0.13321355 | E27: 0.50853691 | F27: 0.6464348 | G27: 0.480584 | H27: 4.0195008 | I27: 10.838068 | J27: 40.228271 | K27: 3.8227523 | L27: 7.1714888 | M27: 5.5166609 | N27: 5.6514417 | O27: 7.8673704 | P27: 4.3240707 | Q27: 2.9371174 | R27: 2.5803953
B28: Late Payment Fees | C28: 2.8159846 | D28: 1.6774129 | E28: 2.158868 | F28: 1.3680773 | G28: 2.2969287 | H28: 3.0960942 | I28: 6.2193354 | J28: 4.9353608 | K28: 5.0834097 | L28: 6.4056843 | M28: 3.470697 | N28: 2.94512 | O28: 4.339614 | P28: 4.814423 | Q28: 6.8043893 | R28: 7.5944576
B29: Operating Result | C29: 145.74045 | D29: 127.4921 | E29: 127.5484 | F29: 96.268812 | G29: =G15+G16+G19+G24+G28 -> 186.82877 | H29: =H15+H16+H19+H24+H28 -> 219.65085 | I29: 432.76006 | J29: 244.29497 | K29: 422.06341 | L29: 367.3531 | M29: 370.55567 | N29: 238.95 | O29: 409.29699 | P29: 338.31686 | Q29: 372.20094 | R29: 333.72206

Sheet Lifelong Learning IS - Old
B1: Lifelong Learning Income Statment - Old
B2: Return
B4: R$ million | C4: 1Q20 | D4: 2Q20 | E4: 3Q20 | F4: 4Q20 | G4: 1Q21 | H4: 2Q21 | I4: 3Q21 | J4: 4Q21 | K4: 1Q22 | L4: 2Q22 | M4: 3Q22 | N4: 4Q22 | O4: 1Q23 | P4: 2Q23 | Q4: 3Q23 | R4: 4Q23
B5: (except when indicated)
B6: Gross Revenue | C6: 28.846346 | D6: 27.30807 | E6: 34.283184 | F6: 42.652434 | G6: 28.162234 | H6: 56.908288 | I6: 89.041666 | J6: 116.34798 | K6: 85.328554 | L6: 92.579288 | M6: 96.855068 | N6: 116.21309 | O6: 88.505609 | P6: 106.6071 | Q6: 110.46506 | R6: 110.27467
B7: Discounts, Deductions & Scholarships | C7: -7.2818075 | D7: -8.6392751 | E7: -9.8254679 | F7: -8.5875718 | G7: =-8.278459-0.13856275 -> -8.4170217 | H7: =-23.17364018-0.36162359 -> -23.535264 | I7: -44.570453 | J7: -52.440032 | K7: -42.024918 | L7: -48.155748 | M7: -42.779145 | N7: -55.156641 | O7: -48.268998 | P7: -57.369707 | Q7: -54.609933 | R7: -57.293166
B8: Taxes | C8: -1.4550744 | D8: -1.2424946 | E8: -1.6815008 | F8: -2.4486306 | G8: -1.4251887 | H8: -2.5192364 | I8: -3.7401459 | J8: -5.2299427 | K8: -3.162371 | L8: -3.4833068 | M8: -4.1424908 | N8: -4.8036964 | O8: -2.870524 | P8: -3.6991102 | Q8: -4.4270495 | R8: -4.2026184
B9: Net Revenue | C9: 20.109464 | D9: 17.426301 | E9: 22.776215 | F9: 31.616231 | G9: =SUM(G6:G8) -> 18.320024 | H9: =SUM(H6:H8) -> 30.853788 | I9: 40.731066 | J9: 58.678005 | K9: 40.141264 | L9: 40.940233 | M9: 49.933432 | N9: 56.25275 | O9: 37.366087 | P9: 45.538278 | Q9: 51.428074 | R9: 48.778881
B10: Cost of Services | C10: -6.7894348 | D10: -4.8137359 | E10: -6.4366296 | F10: -11.377062 | G10: -5.9167669 | H10: -8.5267072 | I10: -13.204381 | J10: -23.508327 | K10: -8.803422 | L10: -9.8502331 | M10: -15.126897 | N10: -19.270266 | O10: -6.8145097 | P10: -7.7853034 | Q10: -11.038674 | R10: -9.1514299
B11: Personnel | C11: -2.0985601 | D11: -1.7043022 | E11: -1.6491215 | F11: -1.6924584 | G11: -1.3091622 | H11: -1.7638797 | I11: -2.5381331 | J11: -2.2428478 | K11: -1.5417105 | L11: -2.2505424 | M11: -2.1621937 | N11: -1.9391263 | O11: -0.95383613 | P11: -1.6145732 | Q11: -0.68723589 | R11: -1.3894767
B12: Services from Third Parties | C12: -3.0160712 | D12: -2.3514748 | E12: -3.901118 | F12: -6.6345658 | G12: -3.725226 | H12: -5.2878672 | I12: -8.4545298 | J12: -12.91171 | K12: -5.4524391 | L12: -5.8994299 | M12: -9.2456725 | N12: -10.689027 | O12: -3.7122473 | P12: -4.6798009 | Q12: -6.940885 | R12: -5.723948
B13: Rental & Utilities | C13: -0.52952947 | D13: -0.39296191 | E13: -0.3895389 | F13: -0.40496634 | G13: -0.49266875 | H13: -0.79555162 | I13: -0.65871221 | J13: -2.5852094 | K13: -0.90238636 | L13: -0.64002453 | M13: -0.26043526 | N13: -1.6236252 | O13: -0.3953782 | P13: -0.03751342 | Q13: -0.21399757 | R13: -0.11145282
B14: Others | C14: -1.1452741 | D14: -0.36499697 | E14: -0.49685124 | F14: -2.6450713 | G14: -0.38971 | H14: -0.6794086 | I14: -1.5530061 | J14: -5.768559 | K14: -0.90688609 | L14: -1.0602363 | M14: -3.4585956 | N14: -5.0184871 | O14: -1.753048 | P14: -1.4534159 | Q14: -3.1965552 | R14: -1.9265524
B15: Gross Profit (exclud. deprec. /amort.) | C15: 13.320029 | D15: 12.612565 | E15: 16.339586 | F15: 20.239169 | G15: =SUM(G9:G10) -> 12.403257 | H15: =SUM(H9:H10) -> 22.327081 | I15: 27.526685 | J15: 35.169678 | K15: 31.337842 | L15: 31.09 | M15: 34.806535 | N15: 36.982484 | O15: 30.551577 | P15: 37.752975 | Q15: 40.3894 | R15: 39.627451
B16: Sales Expenses | C16: -3.5554262 | D16: -3.8573082 | E16: -3.8860741 | F16: -6.371506 | G16: -4.958577 | H16: -4.190372 | I16: -17.189595 | J16: -15.664831 | K16: -4.1974768 | L16: -8.7047218 | M16: -13.434999 | N16: -8.8577194 | O16: -4.0749053 | P16: -11.913458 | Q16: -12.834334 | R16: -13.55484
B17: Provision for Doubtful Accounts (PDA) | C17: -1.7517728 | D17: -1.2037252 | E17: -1.5179906 | F17: -3.0690085 | G17: -2.416691 | H17: -0.88539049 | I17: -13.332356 | J17: -8.9555777 | K17: -1.0018587 | L17: -5.2929969 | M17: -9.5439543 | N17: -4.7010159 | O17: 0.51640857 | P17: -6.9913312 | Q17: -4.83425 | R17: -9.3259039
B18: Marketing | C18: -1.8036534 | D18: -2.6535831 | E18: -2.3680834 | F18: -3.3024975 | G18: -2.541886 | H18: -3.3049816 | I18: -3.8572395 | J18: -6.7092528 | K18: -3.1956181 | L18: -3.4117249 | M18: -3.8910444 | N18: -4.1567035 | O18: -4.5913139 | P18: -4.9221268 | Q18: -8.0000836 | R18: -4.2289361
B19: General & Administrative Expenses | C19: -8.6671824 | D19: -8.3101497 | E19: -7.7104009 | F19: -7.8138835 | G19: -9.5296631 | H19: -10.75731 | I19: -11.241874 | J19: -6.3135618 | K19: -9.0077274 | L19: -9.1940034 | M19: -7.9470488 | N19: -8.898442 | O19: -8.6328785 | P19: -9.5890644 | Q19: -9.4935234 | R19: -8.9665145
B20: Personnel | C20: -7.2562957 | D20: -6.5887819 | E20: -5.9248741 | F20: -6.1127447 | G20: -7.5343241 | H20: -8.2983551 | I20: -7.6318178 | J20: -3.3227807 | K20: -6.7528358 | L20: -6.4968361 | M20: -5.6171473 | N20: -7.0464142 | O20: -6.6709608 | P20: -7.040396 | Q20: -6.833161 | R20: -7.0272418
B21: Third Party Services | C21: -1.0303791 | D21: -1.501322 | E21: -1.555658 | F21: -2.3092559 | G21: -1.690693 | H21: -2.1137289 | I21: -3.0912842 | J21: -2.6485581 | K21: -1.8768471 | L21: -1.9463652 | M21: -1.5365184 | N21: -0.87384371 | O21: -1.13008 | P21: -1.1099557 | Q21: -1.7758754 | R21: -1.3932746
B22: Rental & Utilities | C22: -0.09748809 | D22: -0.06896711 | E22: 0.01523875 | F22: -0.10935308 | G22: -0.109239 | H22: -0.10659176 | I22: -0.10971949 | J22: -0.16597978 | K22: -0.15681398 | L22: -0.17238847 | M22: -0.15718986 | N22: -0.16004573 | O22: -0.11098425 | P22: -0.84571185 | Q22: -0.30289584 | R22: -0.65792702
B23: Others | C23: -0.28301955 | D23: -0.15107868 | E23: -0.24510757 | F23: 0.71747023 | G23: -0.195407 | H23: -0.23863395 | I23: -0.40905255 | J23: -0.17624322 | K23: -0.2212304 | L23: -0.57841356 | M23: -0.63619323 | N23: -0.81813837 | O23: -0.72085346 | P23: -0.59300091 | Q23: -0.58159121 | R23: 0.11192887
B24: Other Operating Revenues (Expenses) | C24: 0.02118876 | D24: 0.24635714 | E24: 1.0199037 | F24: 0.6287873 | G24: 0.242878 | H24: 0.1559963 | I24: 0.45630325 | J24: 0.7405522 | K24: 0.53013891 | L24: 0.69242466 | M24: 0.23858895 | N24: 0.95494821 | O24: 0.80321237 | P24: 0.97554131 | Q24: 1.2838883 | R24: 0.97738594
B25: Provisions | C25: 0 | D25: 0 | E25: 0 | F25: -0.0036354 | G25: 0 | H25: 0 | I25: 0 | J25: -0.003 | K25: 0 | L25: 0 | M25: 0 | N25: 0 | O25: 0 | P25: 0 | Q25: 0 | R25: 0
B26: Taxes | C26: -0.14414549 | D26: -0.02330381 | E26: -0.00449901 | F26: -0.41528073 | G26: -0.06519 | H26: -0.26422802 | I26: -0.41567852 | J26: -0.50356641 | K26: -0.07721689 | L26: -0.2938882 | M26: -0.47919254 | N26: -0.41792757 | O26: -0.25381093 | P26: -0.02291698 | Q26: -0.00109098 | R26: -0.12410586
B27: Other Operating Revenues | C27: 0.16533425 | D27: 0.26966095 | E27: 1.0244027 | F27: 1.0477034 | G27: 0.308068 | H27: 0.42022432 | I27: 0.87198177 | J27: 1.2471186 | K27: 0.6073558 | L27: 0.98631286 | M27: 0.71778149 | N27: 1.3728758 | O27: 1.0570233 | P27: 0.99845829 | Q27: 1.2849793 | R27: 1.1014918
B28: Late Payment Fees | C28: 0.0990915 | D28: 0.04395926 | E28: 0.07674179 | F28: 0.05932361 | G28: 0.06874241 | H28: 0.20391561 | I28: 0.13632901 | J28: 0.43929383 | K28: 0.21023466 | L28: 0.23911934 | M28: 0.082139 | N28: 0.071789 | O28: 0.106097 | P28: 0.140176 | Q28: -0.246273 | R28: 0
B29: Operating Result | C29: 1.2177009 | D29: 0.73542323 | E29: 5.8397562 | F29: 6.7418908 | G29: =G15+G16+G19+G24+G28 -> -1.7733631 | H29: =H15+H16+H19+H24+H28 -> 7.7393107 | I29: -0.3121518 | J29: 14.371132 | K29: 18.873012 | L29: 14.122819 | M29: 13.745215 | N29: 20.25306 | O29: 18.753103 | P29: 17.36617 | Q29: 19.099158 | R29: 18.083482

Sheet Undergraduate students 
B2: Undergraduate Student Base
B3: Return
C5: 1T12 | D5: 2T12 | E5: 3T12 | F5: 4T12 | G5: 1T13 | H5: 2T13 | I5: 3T13 | J5: 4T13 | K5: 1T14 | L5: 2T14 | M5: 3T14 | N5: 4T14 | O5: 1T15 | P5: 2T15 | Q5: 3T15 | R5: 4T15 | S5: 1T16 | T5: 2T16 | U5: 3T16 | V5: 4T16 | W5: 1T17 | X5: 2T17 | Y5: 3T17 | Z5: 4T17 | AA5: 1T18 | AB5: 2T18 | AC5: 3T18 | AD5: 4Q18 | AE5: 1Q19 | AF5: 2Q19 | AG5: 3Q19 | AH5: 4Q19 | AI5: 1Q20 | AJ5: 2Q20 | AK5: 3Q20 | AL5: 4Q20
B6: Previous Student Base | C6: 30460 | D6: =C11 -> 36888 | E6: =D11 -> 34811 | F6: =E11 -> 38300 | G6: =F11 -> 36115 | H6: =G11 -> 45362 | I6: =H11 -> 41981 | J6: =I11 -> 45742 | K6: =J11 -> 42647 | ... M6: =L11 -> 48522 | N6: 74718 | O6: 71049 | P6: 82849 | Q6: =P11 -> 77485 | R6: =Q11 -> 75889 | S6: =R11 -> 72740 | T6: =S11 -> 83027 | U6: =T11 -> 79196 | V6: =U11 -> 81303 | W6: =V11 -> 80507 | X6: =W11 -> 88423 | Y6: 84517 | Z6: =Y11 -> 86742 | AA6: =Z11 -> 83045 | AB6: =AA11 -> 96256 | AC6: =AB11 -> 89567 | AD6: 94966 | AE6: 91227 | AF6: =AE11 -> 106917 | AG6: 99790 | AH6: =AG11 -> 106573 | AI6: 102664 | AJ6: 120066 | AK6: =AJ11 -> 113213 | AL6: 113846
B7: Graduating Students | C7: -3022 | D7: 0 | E7: -2280 | F7: 0 | G7: -2817 | H7: 0 | I7: -2997 | J7: 0 | K7: -3412 | L7: 0 | M7: -2790 | O7: -6429 | Q7: -4105 | R7: 0 | S7: -6404 | T7: 0 | U7: -3520 | V7: 0 | W7: -8517 | X7: 0 | Y7: -4328 | Z7: 0 | AA7: -9019 | AB7: 0 | AC7: -4774 | AD7: 0 | AE7: -10465 | AG7: -5026 | AI7: -10998 | AK7: -6479
B8: Dropout | C8: -2912 | D8: -2077 | E8: -3375 | F8: -2185 | G8: -3493 | H8: -3381 | I8: -3930 | J8: -3095 | K8: -3323 | L8: -3753 | M8: -5301 | N8: -3669 | O8: -8566 | P8: -5364 | Q8: -6247 | R8: -3149 | S8: -9519 | T8: -3831 | U8: -8266 | V8: -2916 | W8: -7543 | X8: -3906 | Y8: -6952 | Z8: -3697 | AA8: -7781 | AB8: -6689 | AC8: -7948 | AD8: -3739 | AE8: -6809 | AF8: -7127 | AG8: -8358 | AH8: -3909 | AI8: -7739 | AJ8: -7860 | AK8: -10671 | AL8: -5445
B9: Intake | C9: 12362 | D9: 0 | E9: 9144 | F9: 0 | G9: 14520 | H9: 0 | I9: 10688 | J9: 0 | K9: 16363 | L9: 0 | M9: 11277 | O9: 26795 | Q9: 8756 | R9: 0 | S9: 19135 | T9: 0 | U9: 10020 | V9: 0 | W9: 23976 | X9: 0 | Y9: 13505 | Z9: 0 | AA9: 30011 | AB9: 0 | AC9: 15119 | AD9: 0 | AE9: 32964 | AG9: 15316 | AI9: 32701 | AK9: 14599
B10: Acquisition | G10: 1037 | M10: 23010 | Q10: 0 | R10: 0 | S10: 7075 | T10: 0 | U10: 3873 | V10: 2120 | W10: 0 | X10: 0 | Y10: 0 | AA10: 0 | AB10: 0 | AC10: 3002 | AD10: 0 | AE10: 0 | AG10: 4851 | AI10: 3438 | AJ10: 1007 | AK10: 3184
B11: Student Base | C11: =SUM(C6:C10) -> 36888 | D11: =SUM(D6:D10) -> 34811 | E11: =SUM(E6:E10) -> 38300 | F11: =SUM(F6:F10) -> 36115 | G11: =SUM(G6:G10) -> 45362 | H11: =SUM(H6:H10) -> 41981 | I11: =SUM(I6:I10) -> 45742 | J11: =SUM(J6:J10) -> 42647 | ... M11: =SUM(M6:M10) -> 74718 | N11: 71049 | O11: 82849 | P11: 77485 | Q11: =SUM(Q6:Q10) -> 75889 | R11: =SUM(R6:R10) -> 72740 | S11: =SUM(S6:S10) -> 83027 | T11: =SUM(T6:T10) -> 79196 | U11: =SUM(U6:U10) -> 81303 | V11: =SUM(V6:V10) -> 80507 | W11: =SUM(W6:W10) -> 88423 | X11: =SUM(X6:X10) -> 84517 | Y11: 86742 | Z11: =SUM(Z6:Z10) -> 83045 | AA11: =SUM(AA6:AA10) -> 96256 | AB11: =SUM(AB6:AB10) -> 89567 | AC11: =SUM(AC6:AC10) -> 94966 | AD11: 91227 | AE11: 106917 | AF11: 99790 | AG11: 106573 | AH11: 102664 | AI11: 120066 | AJ11: 113213 | AK11: =SUM(AK6:AK10) -> 113846 | AL11: 108401
B13: *Includes blended programs

Sheet Student Base 
B2: Student Base
B3: Return
C5: 1T12 | D5: 2T12 | E5: 3T12 | F5: 4T12 | G5: 1T13 | H5: 2T13 | I5: 3T13 | J5: 4T13 | K5: 1T14 | L5: 2T14 | M5: 3T14 | N5: 4T14 | O5: 1T15 | P5: 2T15 | Q5: 3T15 | R5: ='Undergraduate students '!R5 -> 4T15 | S5: ='Undergraduate students '!S5 -> 1T16 | T5: ='Undergraduate students '!T5 -> 2T16 | U5: ='Undergraduate students '!U5 -> 3T16 | V5: ='Undergraduate students '!V5 -> 4T16 | W5: ='Undergraduate students '!W5 -> 1T17 | X5: ='Undergraduate students '!X5 -> 2T17 | Y5: ='Undergraduate students '!Y5 -> 3T17 | ... AA5: ='Undergraduate students '!AA5 -> 1T18 | AB5: 2T18 | AC5: 3T18 | AD5: ='Undergraduate students '!AD5 -> 4Q18 | AE5: 1Q19 | AF5: 2Q19 | AG5: 3Q19 | AH5: 4Q19 | AI5: 1Q20 | AJ5: 2Q20 | AK5: 3Q20 | AL5: 4Q20
B6: Undergraduate | C6: 36888 | D6: 34811 | E6: 38300 | F6: 36115 | G6: 45362 | H6: 41981 | I6: 45742 | J6: 42647 | K6: 52275 | L6: ='Undergraduate students '!L11 -> 48522 | M6: 74718 | N6: ='Undergraduate students '!N11 -> 71049 | O6: 82849 | P6: 77485 | Q6: 75889 | R6: ='Undergraduate students '!R11 -> 72740 | S6: ='Undergraduate students '!S11 -> 83027 | T6: ='Undergraduate students '!T11 -> 79196 | U6: ='Undergraduate students '!U11 -> 81303 | V6: ='Undergraduate students '!V11 -> 80507 | W6: ='Undergraduate students '!W11 -> 88423 | X6: ='Undergraduate students '!X11 -> 84517 | Y6: ='Undergraduate students '!Y11 -> 86742 | ... AA6: ='Undergraduate students '!AA11 -> 96256 | AB6: 89567 | AC6: =91964+3002 -> 94966 | AD6: 91227 | AE6: 106917 | AF6: 99790 | AG6: 106573 | AH6: 102664 | AI6: 120066 | AJ6: 113213 | AK6: 113846 | AL6: 108401
B7: Graduate | C7: 3847 | D7: 3847 | E7: 3645 | F7: 3847 | G7: 3459 | H7: 3519 | I7: 3636 | J7: 3751 | K7: 3432 | L7: 3802 | M7: 3759 | N7: 3873 | O7: 4154 | P7: 4242 | Q7: 3353 | R7: 3427 | S7: 5315 | T7: 5698 | U7: 5954 | V7: 5508 | W7: 5321 | X7: 5596 | Y7: 4491 | Z7: 4557 | AA7: 4715 | AB7: 5478 | AC7: 5227 | AD7: 3897 | AE7: 4745 | AF7: 4677 | AG7: 4507 | AH7: 4386 | AI7: 4256 | AJ7: 4143 | AK7: 4032 | AL7: 3872
B8: Distance Learning | C8: 0 | D8: 0 | E8: 0 | F8: 0 | G8: 0 | H8: 0 | I8: 0 | J8: 0 | K8: 0 | L8: 0 | M8: 0 | N8: 0 | O8: 335 | P8: 384 | Q8: 630 | R8: 560 | S8: 4316 | T8: 4443 | U8: 4241 | V8: 3949 | W8: 4164 | X8: 3651 | Y8: 2789 | Z8: 2752 | AA8: 1750 | AB8: 1797 | AC8: 1135 | AD8: 1153 | AE8: 1019 | AF8: 832 | AG8: 702 | AH8: 468 | AI8: 381 | AJ8: 441 | AK8: 411 | AL8: 426
B9: Vocational Programs & K12 | C9: 0 | D9: 0 | E9: 0 | F9: 0 | G9: 0 | H9: 0 | I9: 0 | J9: 0 | K9: 0 | L9: 5400 | M9: 5456 | N9: 4016 | O9: 3628 | P9: 3517 | Q9: 2111 | R9: 2093 | S9: 2710 | T9: 2580 | U9: 1732 | V9: 878 | W9: 1046 | X9: 1341 | Y9: 1123 | Z9: 894 | AA9: 1018 | AB9: 1055 | AC9: 935 | AD9: 922 | AE9: 1040 | AF9: 976 | AG9: 1026 | AH9: 1031 | AI9: 1106 | AJ9: 1055 | AK9: 1045 | AL9: 1043
B10: Total | C10: 40735 | D10: 38658 | E10: 41945 | F10: 39962 | G10: 48821 | H10: 45500 | I10: 49378 | J10: 46398 | K10: 55707 | L10: 57724 | M10: 83933 | N10: 78938 | O10: 90966 | P10: 85628 | Q10: =SUM(Q6:Q9) -> 81983 | R10: =SUM(R6:R9) -> 78820 | S10: =SUM(S6:S9) -> 95368 | T10: =SUM(T6:T9) -> 91917 | U10: =SUM(U6:U9) -> 93230 | V10: =SUM(V6:V9) -> 90842 | W10: =SUM(W6:W9) -> 98954 | X10: 95105 | Y10: 95145 | Z10: =SUM(Z6:Z9) -> 91248 | AA10: =SUM(AA6:AA9) -> 103739 | AB10: =SUM(AB6:AB9) -> 97897 | AC10: =SUM(AC6:AC9) -> 102263 | AD10: 97199 | AE10: 113721 | AF10: 106275 | AG10: 112808 | AH10: 108549 | AI10: 125809 | AJ10: 118852 | AK10: 119334 | AL10: 113742

Sheet Income Statement
B2: Income Statement
B3: Return
BG4: EXCL. IFRS-16 | BP4: With IFRS-16
B5: R$ (million) | C5: 1T12 | E5: 2T12 | G5: 3T12 | I5: 4T12 | K5: 1T13 | M5: 2T13 | O5: 3T13 | Q5: 4T13 | S5: 1T14 | U5: 2T14 | W5: 3T14 | Y5: 4T14 | AA5: 1T15 | AC5: 2T15 | AE5: 3T15 | AG5: 4T15 | AI5: =#REF! -> #REF! | AK5: =#REF! -> #REF! | AM5: =#REF! -> #REF! | AO5: =#REF! -> #REF! | AQ5: =#REF! -> #REF! | AS5: =#REF! -> #REF! | AU5: 3T17 | AW5: 4T17 | AY5: 1T18 | BA5: ='Education Income Statement'!BA5 -> 2T18 | BC5: ='Education Income Statement'!BC5 -> 3T18 | BE5: 4T18 | BG5: 1Q19 | BI5: 2Q19 | BK5: 3Q19 | BM5: 4Q19 | BP5: =BG5 -> 1Q19 | BR5: =BI5 -> 2Q19 | BT5: =BK5 -> 3Q19 | BV5: =BM5 -> 4Q19 | BX5: 1Q20 | BZ5: 2Q20 | CB5: 3T20 | CD5: 4T20
C6: Consolidado | D6: % AV | E6: Consolidado | F6: % AV | G6: Consolidado | H6: % AV | I6: Consolidado | J6: % AV | K6: Consolidado | L6: % AV | M6: Consolidado | N6: % AV | O6: Consolidado | P6: % AV | Q6: Consolidado | R6: % AV | S6: Consolidado | T6: % AV | U6: Consolidado | V6: % AV | W6: Consolidado | X6: % AV | Y6: Consolidado | Z6: % AV | AA6: Consolidado | AB6: % AV | AC6: Consolidado | AD6: % AV | AE6: Consolidado | AF6: % AV | AG6: Consolidado | AH6: % AV | AI6: Consolidado | AJ6: % AV | AK6: Consolidado | AL6: % AV | AM6: Consolidado | AN6: % AV | AO6: Consolidado | AP6: % AV | AQ6: Consolidado | AR6: % AV | AS6: Consolidado | AT6: % AV | AU6: Consolidado | AV6: % AV | AW6: Consolidado | AX6: % AV | AY6: Consolidado | AZ6: % AV | BA6: =AY6 -> Consolidado | BB6: =AZ6 -> % AV | BC6: =BA6 -> Consolidado | BD6: =BB6 -> % AV | BE6: =BC6 -> Consolidado | BF6: =BD6 -> % AV | BG6: Consolidated | BH6: % Net Revenue | BI6: Consolidated | BJ6: % Net Revenue | BK6: Consolidated | BL6: % Net Revenue | BM6: Consolidated | BN6: % Net Revenue | BP6: Consolidated | BQ6: % Net Revenue | BR6: Consolidated | BS6: % Net Revenue | BT6: Consolidated | BU6: % Net Revenue | BV6: Consolidated | BW6: % Net Revenue | BX6: Consolidated | BY6: % Net Revenue | BZ6: =BX6 -> Consolidated | CA6: =BY6 -> % Net Revenue | CB6: =BZ6 -> Consolidated | CC6: =CA6 -> % Net Revenue | CD6: Consolidado | CE6: % AV
B7: Gross Revenue | C7: ='Education Income Statement'!C7 -> 97.82772 | D7: =C7/C$10 -> 1.6361274 | E7: ='Education Income Statement'!E7 -> 99.81324 | F7: =E7/E$10 -> 1.7127619 | G7: ='Education Income Statement'!G7 -> 105.17753 | H7: =G7/G$10 -> 1.7364336 | I7: ='Education Income Statement'!I7 -> 104.98833 | J7: =I7/I$10 -> 1.7256499 | K7: ='Education Income Statement'!K7 -> 130.69211 | L7: =K7/K$10 -> 1.672325 | M7: ='Education Income Statement'!M7+Others!M7 -> 140.49182 | N7: =M7/M$10 -> 1.7167293 | O7: ='Education Income Statement'!O7+Others!O7 -> 146.21435 | P7: =O7/O$10 -> 1.6942162 | Q7: ='Education Income Statement'!Q7+Others!Q7 -> 161.67972 | R7: =Q7/Q$10 -> 1.6413838 | S7: ='Education Income Statement'!S7+Others!S7 -> 170.341 | T7: =S7/S$10 -> 1.63165 | U7: ='Education Income Statement'!U7+Others!U7 -> 174.18839 | V7: =U7/U$10 -> 1.6198759 | W7: ='Education Income Statement'!W7+Others!W7 -> 277.96326 | X7: 1.3688208 | Y7: ='Education Income Statement'!Y7+Others!Y7 -> 283.86448 | Z7: 1.3423572 | AA7: ='Education Income Statement'!AA7+Others!AA7 -> 302.33961 | AB7: 1.3838197 | AC7: ='Education Income Statement'!AC7+Others!AC7 -> 310.14334 | AD7: =IFERROR(AC7/AC$10,"") -> 2.3571377 | AE7: ='Education Income Statement'!AE7+Others!AE7 -> 293.6719 | AF7: =IFERROR(AE7/AE$10,"") -> 2.3982243 | AG7: ='Education Income Statement'!AG7+Others!AG7 -> 296.73363 | AH7: =IFERROR(AG7/AG$10,"") -> 2.2849422 | AI7: ='Education Income Statement'!AI7+Others!AI7 -> 334.24899 | AJ7: =IFERROR(AI7/AI$10,"") -> 2.5411467 | AK7: ='Education Income Statement'!AK7+Others!AK7 -> 352.64798 | AL7: =IFERROR(AK7/AK$10,"") -> 2.5750439 | AM7: ='Education Income Statement'!AM7+Others!AM7 -> 344.56774 | AN7: =IFERROR(AM7/AM$10,"") -> 1.4960986 | AO7: 373.85142 | AP7: =IFERROR(AO7/AO$10,"") -> 1.4512608 | AQ7: ='Education Income Statement'!AQ7+Others!AQ7 -> 396.82654 | AR7: =IFERROR(AQ7/AQ$10,"") -> 1.5548639 | AS7: 408.39138 | AT7: =IFERROR(AS7/AS$10,"") -> 1.5707894 | AU7: 407.35959 | AV7: =IFERROR(AU7/AU$10,"") -> 1.6175782 | AW7: 422.80905 | AX7: =IFERROR(AW7/AW$10,"") -> 1.5340557 | AY7: 454.61785 | AZ7: 1.7150118 | BA7: 457.59139 | BB7: 1.6520613 | BC7: 451.95031 | BD7: 1.7640731 | BE7: 478.79358 | BF7: 1.6238585 | BG7: 533.38879 | BH7: 1.8921804 | BI7: 512.42917 | BJ7: 1.7954633 | BK7: 547.74656 | BL7: 1.8653245 | BM7: 570.54611 | BN7: 1.7834353 | BP7: 533.38879 | BQ7: 1.8921804 | BR7: 512.42917 | BS7: 1.7954633 | BT7: 547.74656 | BU7: 1.8653245 | BV7: 570.54611 | BW7: 1.7834353 | BX7: 684.09378 | BY7: 2.020254 | BZ7: 659.53737 | CA7: 1.8520191 | CB7: 671.78024 | CC7: 1.9141128 | CD7: 677.03762 | CE7: 1.80099
B8: Discounts, Deductions & Scholarships | C8: ='Education Income Statement'!C8 -> -36.361461 | D8: =C8/C$10 -> -0.60813012 | E8: ='Education Income Statement'!E8 -> -39.376039 | F8: =E8/E$10 -> -0.67567969 | G8: ='Education Income Statement'!G8 -> -42.581794 | H8: =G8/G$10 -> -0.70300621 | I8: ='Education Income Statement'!I8 -> -42.059758 | J8: =I8/I$10 -> -0.69131895 | K8: ='Education Income Statement'!K8 -> -50.242741 | L8: =K8/K$10 -> -0.64290177 | M8: ='Education Income Statement'!M8+Others!M8 -> -55.50121 | N8: =M8/M$10 -> -0.67819288 | O8: ='Education Income Statement'!O8+Others!O8 -> -56.814089 | P8: =O8/O$10 -> -0.65831671 | Q8: ='Education Income Statement'!Q8+Others!Q8 -> -59.06896 | R8: =Q8/Q$10 -> -0.59967221 | S8: ='Education Income Statement'!S8+Others!S8 -> -62.535 | T8: =S8/S$10 -> -0.59900573 | U8: ='Education Income Statement'!U8+Others!U8 -> -62.867114 | V8: =U8/U$10 -> -0.5846367 | W8: ='Education Income Statement'!W8+Others!W8 -> -145.57132 | X8: -0.34316404 | Y8: ='Education Income Statement'!Y8+Others!Y8 -> -140.12904 | Z8: -0.31454768 | AA8: ='Education Income Statement'!AA8+Others!AA8 -> -163.36463 | AB8: -0.36210208 | AC8: ='Education Income Statement'!AC8+Others!AC8 -> -173.28879 | AD8: =IFERROR(AC8/AC$10,"") -> -1.3170218 | AE8: ='Education Income Statement'!AE8+Others!AE8 -> -166.30131 | AF8: =IFERROR(AE8/AE$10,"") -> -1.3580729 | AG8: ='Education Income Statement'!AG8+Others!AG8 -> -161.92196 | AH8: =IFERROR(AG8/AG$10,"") -> -1.24685 | AI8: ='Education Income Statement'!AI8+Others!AI8 -> -197.87523 | AJ8: =IFERROR(AI8/AI$10,"") -> -1.5043575 | AK8: ='Education Income Statement'!AK8+Others!AK8 -> -210.47646 | AL8: =IFERROR(AK8/AK$10,"") -> -1.5369041 | AM8: ='Education Income Statement'!AM8+Others!AM8 -> -109.16349 | AN8: =IFERROR(AM8/AM$10,"") -> -0.47398328 | AO8: -109.57815 | AP8: =IFERROR(AO8/AO$10,"") -> -0.42537347 | AQ8: ='Education Income Statement'!AQ8+Others!AQ8 -> -135.98867 | AR8: =IFERROR(AQ8/AQ$10,"") -> -0.53283704 | AS8: -139.95116 | AT8: =IFERROR(AS8/AS$10,"") -> -0.53829194 | AU8: -149.09941 | AV8: =IFERROR(AU8/AU$10,"") -> -0.59205664 | AW8: -138.92468 | AX8: =IFERROR(AW8/AW$10,"") -> -0.50405307 | AY8: -181.56235 | AZ8: -0.68493037 | BA8: -171.79626 | BB8: -0.6202432 | BC8: -187.90891 | BD8: -0.73345466 | BE8: -174.03673 | BF8: -0.59025651 | BG8: -243.02734 | BH8: -0.86213207 | BI8: -217.87729 | BJ8: -0.76340438 | BK8: -244.63268 | BL8: -0.83308479 | BM8: -239.28925 | BN8: -0.74797969 | BP8: -243.02734 | BQ8: -0.86213207 | BR8: -217.87729 | BS8: -0.76340438 | BT8: -244.63268 | BU8: -0.83308479 | BV8: -239.28925 | BW8: -0.74797969 | BX8: -334.55587 | BY8: -0.98800466 | BZ8: -292.10006 | CA8: -0.82023387 | CB8: -308.85715 | CC8: -0.880031 | CD8: -288.4479 | CE8: -0.76730119
B9: Taxes | C9: ='Education Income Statement'!C9 -> -1.67402 | D9: =C9/C$10 -> -0.027997279 | E9: ='Education Income Statement'!E9 -> -2.16101 | F9: =E9/E$10 -> -0.037082211 | G9: ='Education Income Statement'!G9 -> -2.02473 | H9: =G9/G$10 -> -0.033427379 | I9: ='Education Income Statement'!I9 -> -2.0886934 | J9: =I9/I$10 -> -0.034330995 | K9: ='Education Income Statement'!K9 -> -2.29942 | L9: =K9/K$10 -> -0.02942318 | M9: ='Education Income Statement'!M9+Others!M9 -> -3.1537 | N9: =M9/M$10 -> -0.038536401 | O9: ='Education Income Statement'!O9+Others!O9 -> -3.0982 | P9: =O9/O$10 -> -0.03589949 | Q9: ='Education Income Statement'!Q9+Others!Q9 -> -4.10868 | R9: =Q9/Q$10 -> -0.041711606 | S9: ='Education Income Statement'!S9+Others!S9 -> -3.408 | T9: =S9/S$10 -> -0.032644304 | U9: ='Education Income Statement'!U9+Others!U9 -> -3.7893419 | V9: =U9/U$10 -> -0.035239225 | W9: ='Education Income Statement'!W9+Others!W9 -> -5.2100555 | X9: -0.025656744 | Y9: ='Education Income Statement'!Y9+Others!Y9 -> -5.8808071 | Z9: -0.027809552 | AA9: ='Education Income Statement'!AA9+Others!AA9 -> -4.7449186 | AB9: -0.021717671 | AC9: ='Education Income Statement'!AC9+Others!AC9 -> -5.2783038 | AD9: =IFERROR(AC9/AC$10,"") -> -0.04011593 | AE9: ='Education Income Statement'!AE9+Others!AE9 -> -4.9166998 | AF9: =IFERROR(AE9/AE$10,"") -> -0.040151439 | AG9: ='Education Income Statement'!AG9+Others!AG9 -> -4.9468346 | AH9: =IFERROR(AG9/AG$10,"") -> -0.03809218 | AI9: ='Education Income Statement'!AI9+Others!AI9 -> -4.8390503 | AJ9: =IFERROR(AI9/AI$10,"") -> -0.036789152 | AK9: ='Education Income Statement'!AK9+Others!AK9 -> -5.2231823 | AL9: =IFERROR(AK9/AK$10,"") -> -0.038139802 | AM9: ='Education Income Statement'!AM9+Others!AM9 -> -5.093408 | AN9: =IFERROR(AM9/AM$10,"") -> -0.022115363 | AO9: -6.6687033 | AP9: =IFERROR(AO9/AO$10,"") -> -0.025887364 | AQ9: ='Education Income Statement'!AQ9+Others!AQ9 -> -5.6216137 | AR9: =IFERROR(AQ9/AQ$10,"") -> -0.022026864 | AS9: -8.4490472 | AT9: =IFERROR(AS9/AS$10,"") -> -0.032497438 | AU9: -6.4271664 | AV9: =IFERROR(AU9/AU$10,"") -> -0.02552154 | AW9: -8.2691826 | AX9: =IFERROR(AW9/AW$10,"") -> -0.030002638 | AY9: -7.9740245 | AZ9: -0.03008141 | BA9: -8.8130378 | BB9: -0.031818078 | BC9: -7.8443575 | BD9: -0.030618455 | BE9: -9.9075193 | BF9: -0.033601974 | BG9: -8.4703642 | BH9: -0.030048358 | BI9: -9.1496746 | BJ9: -0.032058878 | BK9: -9.4670829 | BL9: -0.032239694 | BM9: -11.342758 | BN9: -0.035455637 | BP9: -8.4703642 | BQ9: -0.030048358 | BR9: -9.1496746 | BS9: -0.032058878 | BT9: -9.4670829 | BU9: -0.032239694 | BV9: -11.342758 | BW9: -0.035455637 | BX9: -10.920203 | BY9: -0.032249355 | BZ9: -11.319306 | CA9: -0.031785267 | CB9: -11.961412 | CC9: -0.034081819 | CD9: -12.664474 | CE9: -0.033688807
B10: Net Revenue | C10: =SUM(C7:C9) -> 59.792239 | D10: =C10/C$10 -> 1 | E10: =SUM(E7:E9) -> 58.276191 | F10: =E10/E$10 -> 1 | G10: =SUM(G7:G9) -> 60.571007 | H10: =G10/G$10 -> 1 | I10: =SUM(I7:I9) -> 60.839875 | J10: =I10/I$10 -> 1 | K10: =SUM(K7:K9) -> 78.149949 | L10: =K10/K$10 -> 1 | M10: =SUM(M7:M9) -> 81.83691 | N10: =M10/M$10 -> 1 | O10: =SUM(O7:O9) -> 86.302061 | P10: =O10/O$10 -> 1 | Q10: =SUM(Q7:Q9) -> 98.50208 | R10: =Q10/Q$10 -> 1 | S10: =SUM(S7:S9) -> 104.398 | T10: =S10/S$10 -> 1 | U10: =SUM(U7:U9) -> 107.53193 | V10: =U10/U$10 -> 1 | W10: =SUM(W7:W9) -> 127.18189 | X10: 1 | Y10: =SUM(Y7:Y9) -> 137.85464 | Z10: 1 | AA10: =SUM(AA7:AA9) -> 134.23006 | AB10: 1 | AC10: =SUM(AC7:AC9) -> 131.57625 | AD10: =IFERROR(AC10/AC$10,"") -> 1 | AE10: =SUM(AE7:AE9) -> 122.45389 | AF10: =IFERROR(AE10/AE$10,"") -> 1 | AG10: =SUM(AG7:AG9) -> 129.86483 | AH10: =IFERROR(AG10/AG$10,"") -> 1 | AI10: =SUM(AI7:AI9) -> 131.53471 | AJ10: =IFERROR(AI10/AI$10,"") -> 1 | AK10: =SUM(AK7:AK9) -> 136.94833 | AL10: =IFERROR(AK10/AK$10,"") -> 1 | AM10: =SUM(AM7:AM9) -> 230.31084 | AN10: =IFERROR(AM10/AM$10,"") -> 1 | AO10: 257.60457 | AP10: =IFERROR(AO10/AO$10,"") -> 1 | AQ10: =SUM(AQ7:AQ9) -> 255.21625 | AR10: =IFERROR(AQ10/AQ$10,"") -> 1 | AS10: =SUM(AS7:AS9) -> 259.99118 | AT10: =IFERROR(AS10/AS$10,"") -> 1 | AU10: =SUM(AU7:AU9) -> 251.83301 | AV10: =IFERROR(AU10/AU$10,"") -> 1 | AW10: 275.61518 | AX10: =IFERROR(AW10/AW$10,"") -> 1 | AY10: 265.08147 | AZ10: 1 | BA10: 276.98209 | BB10: 1 | BC10: 256.19704 | BD10: 1 | BE10: 294.84932 | BF10: 1 | BG10: 281.89108 | BH10: 1 | BI10: 285.4022 | BJ10: 1 | BK10: 293.6468 | BL10: 1 | BM10: 319.9141 | BN10: 1 | BP10: 281.89108 | BQ10: 1 | BR10: 285.4022 | BS10: 1 | BT10: 293.6468 | BU10: 1 | BV10: 319.9141 | BW10: 1 | BX10: 338.61771 | BY10: 1 | BZ10: 356.11801 | CA10: 1 | CB10: 350.96168 | CC10: 1 | CD10: 375.92526 | CE10: 1
B11: Cash Cost of Services | C11: =SUM(C12:C16) -> -34.014338 | D11: =C11/C$10 -> -0.56887548 | E11: =SUM(E12:E16) -> -47.66467 | F11: =E11/E$10 -> -0.81790984 | G11: =SUM(G12:G16) -> -45.665993 | H11: =G11/G$10 -> -0.75392494 | I11: =SUM(I12:I16) -> -51.048748 | J11: =I11/I$10 -> -0.83906728 | K11: =SUM(K12:K16) -> -42.31128 | L11: =K11/K$10 -> -0.54141148 | M11: =SUM(M12:M16) -> -64.507161 | N11: =M11/M$10 -> -0.78824042 | O11: =SUM(O12:O16) -> -62.190446 | P11: =O11/O$10 -> -0.72061369 | Q11: =SUM(Q12:Q16) -> -75.707611 | R11: =Q11/Q$10 -> -0.76858895 | S11: =SUM(S12:S16) -> -55.381 | T11: =S11/S$10 -> -0.53047951 | U11: =SUM(U12:U16) -> -75.761275 | V11: =U11/U$10 -> -0.70454677 | W11: =SUM(W12:W16) -> -102.75319 | X11: -0.50600462 | Y11: =SUM(Y12:Y16) -> -124.60607 | Z11: -0.58924548 | AA11: =SUM(AA12:AA16) -> -96.372322 | AB11: -0.44109974 | AC11: =SUM(AC12:AC16) -> -126.91729 | AD11: =IFERROR(AC11/AC$10,"") -> -0.96459116 | AE11: =SUM(AE12:AE16) -> -113.05021 | AF11: =IFERROR(AE11/AE$10,"") -> -0.92320637 | AG11: =SUM(AG12:AG16) -> -132.28218 | AH11: =IFERROR(AG11/AG$10,"") -> -1.0186144 | AI11: =SUM(AI12:AI16) -> -116.85658 | AJ11: =IFERROR(AI11/AI$10,"") -> -0.8884087 | AK11: =SUM(AK12:AK16) -> -151.18653 | AL11: =IFERROR(AK11/AK$10,"") -> -1.1039677 | AM11: =SUM(AM12:AM16) -> -141.37083 | AN11: =IFERROR(AM11/AM$10,"") -> -0.6138262 | AO11: -164.29914 | AP11: =IFERROR(AO11/AO$10,"") -> -0.63779588 | AQ11: =SUM(AQ12:AQ16) -> -125.2782 | AR11: =IFERROR(AQ11/AQ$10,"") -> -0.49087077 | AS11: =SUM(AS12:AS16) -> -157.265 | AT11: =IFERROR(AS11/AS$10,"") -> -0.60488591 | AU11: -144.27656 | AV11: =IFERROR(AU11/AU$10,"") -> -0.57290566 | AW11: -172.69962 | AX11: =IFERROR(AW11/AW$10,"") -> -0.62659692 | AY11: -126.96586 | AZ11: -0.47896919 | BA11: -169.022 | BB11: -0.61022718 | BC11: -150.92995 | BD11: -0.58911667 | BE11: -184.20593 | BF11: -0.62474598 | BG11: -130.22513 | BH11: -0.46196967 | BI11: -168.30124 | BJ11: -0.58969846 | BK11: -159.66918 | BL11: -0.54374568 | BM11: -184.08959 | BN11: -0.57543445 | BP11: -111.40901 | BQ11: -0.39522005 | BR11: -149.36405 | BS11: -0.52334581 | BT11: -136.39234 | BU11: -0.46447755 | BV11: -161.91489 | BW11: -0.5061199 | BX11: -126.31081 | BY11: -0.37301891 | BZ11: -149.2588 | CA11: -0.41912735 | CB11: -140.22714 | CC11: -0.39955114 | CD11: -159.31657 | CE11: -0.42379852
B12: - Personnel | C12: ='Education Income Statement'!C12 -> -24.054857 | D12: =C12/C$10 -> -0.40230736 | E12: ='Education Income Statement'!E12 -> -35.00882 | F12: =E12/E$10 -> -0.60073968 | G12: ='Education Income Statement'!G12 -> -34.495762 | H12: =G12/G$10 -> -0.56950947 | I12: ='Education Income Statement'!I12 -> -37.423909 | J12: =I12/I$10 -> -0.61512141 | K12: ='Education Income Statement'!K12 -> -30.61002 | L12: =K12/K$10 -> -0.39168317 | M12: ='Education Income Statement'!M12+Others!M12 -> -43.883869 | N12: =M12/M$10 -> -0.53623566 | O12: ='Education Income Statement'!O12+Others!O12 -> -45.099955 | P12: =O12/O$10 -> -0.52258259 | Q12: ='Education Income Statement'!Q12+Others!Q12 -> -47.654912 | R12: =Q12/Q$10 -> -0.483796 | S12: ='Education Income Statement'!S12+Others!S12 -> -39.642 | T12: =S12/S$10 -> -0.37971992 | U12: ='Education Income Statement'!U12+Others!U12 -> -55.999844 | V12: =U12/U$10 -> -0.52077409 | W12: ='Education Income Statement'!W12+Others!W12 -> -78.734966 | X12: -0.3877277 | Y12: ='Education Income Statement'!Y12+Others!Y12 -> -86.773611 | Z12: -0.41034082 | AA12: ='Education Income Statement'!AA12+Others!AA12 -> -76.298315 | AB12: -0.34922026 | AC12: ='Education Income Statement'!AC12+Others!AC12 -> -95.71832 | AD12: =IFERROR(AC12/AC$10,"") -> -0.72747413 | AE12: ='Education Income Statement'!AE12+Others!AE12 -> -84.897163 | AF12: =IFERROR(AE12/AE$10,"") -> -0.69329903 | AG12: ='Education Income Statement'!AG12+Others!AG12 -> -94.427914 | AH12: =IFERROR(AG12/AG$10,"") -> -0.72712459 | AI12: ='Education Income Statement'!AI12+Others!AI12 -> -86.376798 | AJ12: =IFERROR(AI12/AI$10,"") -> -0.65668445 | AK12: ='Education Income Statement'!AK12+Others!AK12 -> -109.15505 | AL12: =IFERROR(AK12/AK$10,"") -> -0.79705275 | AM12: ='Education Income Statement'!AM12+Others!AM12 -> -102.88743 | AN12: =IFERROR(AM12/AM$10,"") -> -0.44673291 | AO12: -113.51105 | AP12: =IFERROR(AO12/AO$10,"") -> -0.44064065 | AQ12: ='Education Income Statement'!AQ12+Others!AQ12 -> -90.530002 | AR12: =IFERROR(AQ12/AQ$10,"") -> -0.3547188 | AS12: -114.76475 | AT12: =IFERROR(AS12/AS$10,"") -> -0.44141784 | AU12: -102.30123 | AV12: =IFERROR(AU12/AU$10,"") -> -0.40622645 | AW12: -113.79345 | AX12: =IFERROR(AW12/AW$10,"") -> -0.41287076 | AY12: -90.825169 | AZ12: -0.34263115 | BA12: -117.21025 | BB12: -0.42316904 | BC12: -104.01271 | BD12: -0.40598715 | BE12: -119.90323 | BF12: -0.40665933 | BG12: -90.662874 | BH12: -0.32162377 | BI12: -115.69001 | BJ12: -0.4053578 | BK12: -105.18759 | BL12: -0.35821127 | BM12: -114.9687 | BN12: -0.35937366 | BP12: -90.662874 | BQ12: -0.32162377 | BR12: -115.69001 | BS12: -0.4053578 | BT12: -105.18759 | BU12: -0.35821127 | BV12: -114.9687 | BW12: -0.35937366 | BX12: -99.680418 | BY12: -0.2943745 | BZ12: -128.91509 | CA12: -0.36200104 | CB12: -115.81541 | CC12: -0.32999446 | CD12: -126.64645 | CE12: -0.33689264
B13: - Services from Third Parties | C13: ='Education Income Statement'!C13 -> -1.82884 | D13: =C13/C$10 -> -0.030586578 | E13: ='Education Income Statement'!E13 -> -4.05894 | F13: =E13/E$10 -> -0.069650056 | G13: ='Education Income Statement'!G13 -> -1.58954 | H13: =G13/G$10 -> -0.026242588 | I13: ='Education Income Statement'!I13 -> -2.2469602 | J13: =I13/I$10 -> -0.036932361 | K13: ='Education Income Statement'!K13 -> -2.26975 | L13: =K13/K$10 -> -0.029043525 | M13: ='Education Income Statement'!M13+Others!M13 -> -4.66678 | N13: =M13/M$10 -> -0.057025369 | O13: ='Education Income Statement'!O13+Others!O13 -> -3.37635 | P13: =O13/O$10 -> -0.039122472 | Q13: ='Education Income Statement'!Q13+Others!Q13 -> -9.07512 | R13: =Q13/Q$10 -> -0.092131252 | S13: ='Education Income Statement'!S13+Others!S13 -> -3.03 | T13: =S13/S$10 -> -0.029023545 | U13: ='Education Income Statement'!U13+Others!U13 -> -4.0051789 | V13: =U13/U$10 -> -0.037246415 | W13: ='Education Income Statement'!W13+Others!W13 -> -5.3986999 | X13: -0.026585717 | Y13: ='Education Income Statement'!Y13+Others!Y13 -> -9.5429164 | Z13: -0.045127178 | AA13: ='Education Income Statement'!AA13+Others!AA13 -> -2.3078046 | AB13: -0.010562908 | AC13: ='Education Income Statement'!AC13+Others!AC13 -> -5.9955539 | AD13: =IFERROR(AC13/AC$10,"") -> -0.045567142 | AE13: ='Education Income Statement'!AE13+Others!AE13 -> -4.9907628 | AF13: =IFERROR(AE13/AE$10,"") -> -0.040756262 | AG13: ='Education Income Statement'!AG13+Others!AG13 -> -8.3442717 | AH13: =IFERROR(AG13/AG$10,"") -> -0.064253513 | AI13: ='Education Income Statement'!AI13+Others!AI13 -> -4.8243492 | AJ13: =IFERROR(AI13/AI$10,"") -> -0.036677386 | AK13: ='Education Income Statement'!AK13+Others!AK13 -> -12.998711 | AL13: =IFERROR(AK13/AK$10,"") -> -0.0949169 | AM13: ='Education Income Statement'!AM13+Others!AM13 -> -8.6704283 | AN13: =IFERROR(AM13/AM$10,"") -> -0.037646635 | AO13: -13.662326 | AP13: =IFERROR(AO13/AO$10,"") -> -0.053036039 | AQ13: ='Education Income Statement'!AQ13+Others!AQ13 -> -7.5678254 | AR13: =IFERROR(AQ13/AQ$10,"") -> -0.0296526 | AS13: -8.9399855 | AT13: =IFERROR(AS13/AS$10,"") -> -0.034385726 | AU13: -10.158919 | AV13: =IFERROR(AU13/AU$10,"") -> -0.0403399 | AW13: -18.793533 | AX13: =IFERROR(AW13/AW$10,"") -> -0.068187581 | AY13: -7.6073684 | AZ13: -0.028698228 | BA13: -11.553776 | BB13: -0.041713077 | BC13: -13.33842 | BD13: -0.052063129 | BE13: -22.563614 | BF13: -0.076525914 | BG13: -7.6251951 | BH13: -0.027050146 | BI13: -12.301736 | BJ13: -0.043103158 | BK13: -13.723294 | BL13: -0.046734014 | BM13: -19.574455 | BN13: -0.061186597 | BP13: -7.6251951 | BQ13: -0.027050146 | BR13: -12.301736 | BS13: -0.043103158 | BT13: -13.723294 | BU13: -0.046734014 | BV13: -19.574455 | BW13: -0.061186597 | BX13: -10.418528 | BY13: -0.030767819 | BZ13: -7.5030255 | CA13: -0.02106893 | CB13: -10.238296 | CC13: -0.02917212 | CD13: -12.486848 | CE13: -0.033216305
B14: - COGS | C14: ='Education Income Statement'!C14 -> 0 | D14: =C14/C$10 -> 0 | E14: ='Education Income Statement'!E14 -> 0 | F14: =E14/E$10 -> 0 | G14: ='Education Income Statement'!G14 -> 0 | H14: =G14/G$10 -> 0 | I14: ='Education Income Statement'!I14 -> 0 | J14: =I14/I$10 -> 0 | K14: ='Education Income Statement'!K14 -> 0 | L14: =K14/K$10 -> 0 | M14: ='Education Income Statement'!M14+Others!M14 -> -0.16805 | N14: =M14/M$10 -> -0.0020534744 | O14: ='Education Income Statement'!O14+Others!O14 -> -0.20503 | P14: =O14/O$10 -> -0.0023757254 | Q14: ='Education Income Statement'!Q14+Others!Q14 -> -0.19392 | R14: =Q14/Q$10 -> -0.0019686894 | S14: ='Education Income Statement'!S14+Others!S14 -> -0.393 | T14: =S14/S$10 -> -0.0037644399 | U14: ='Education Income Statement'!U14+Others!U14 -> -0.16515949 | V14: =U14/U$10 -> -0.0015359111 | W14: ='Education Income Statement'!W14+Others!W14 -> -0.20190353 | X14: -0.00099426717 | Y14: ='Education Income Statement'!Y14+Others!Y14 -> -0.22338365 | Z14: -0.0010563515 | AA14: ='Education Income Statement'!AA14+Others!AA14 -> -0.19926296 | AB14: -0.00091203406 | AC14: ='Education Income Statement'!AC14+Others!AC14 -> -0.18017365 | AD14: =IFERROR(AC14/AC$10,"") -> -0.0013693478 | AE14: ='Education Income Statement'!AE14+Others!AE14 -> -0.15583793 | AF14: =IFERROR(AE14/AE$10,"") -> -0.0012726254 | AG14: ='Education Income Statement'!AG14+Others!AG14 -> -0.14148766 | AH14: =IFERROR(AG14/AG$10,"") -> -0.0010894994 | AI14: ='Education Income Statement'!AI14+Others!AI14 -> -0.53313937 | AJ14: =IFERROR(AI14/AI$10,"") -> -0.004053222 | AK14: ='Education Income Statement'!AK14+Others!AK14 -> -0.95019984 | AL14: =IFERROR(AK14/AK$10,"") -> -0.0069383819 | AM14: ='Education Income Statement'!AM14+Others!AM14 -> -0.48155642 | AN14: =IFERROR(AM14/AM$10,"") -> -0.0020908977 | AO14: -1.8276421 | AP14: =IFERROR(AO14/AO$10,"") -> -0.007094758 | AQ14: ='Education Income Statement'!AQ14+Others!AQ14 -> -0.4665331 | AR14: =IFERROR(AQ14/AQ$10,"") -> -0.0018279913 | AS14: -1.4031278 | AT14: =IFERROR(AS14/AS$10,"") -> -0.0053968286 | AU14: -0.43161813 | AV14: =IFERROR(AU14/AU$10,"") -> -0.0017139061 | AW14: -1.7669574 | AX14: =IFERROR(AW14/AW$10,"") -> -0.0064109582 | AY14: 8e-08 | AZ14: 3.0179401e-10 | BA14: -0.86156967 | BB14: -0.0031105609 | BC14: -0.04356351 | BD14: -0.00017003909 | BE14: -0.13800144 | BF14: -0.00046804055 | BG14: -1.75e-21 | BH14: -6.2080715e-24 | BI14: 1.75e-21 | BJ14: 6.1316975e-24 | BK14: 0 | BL14: 0 | BM14: 0 | BN14: 0 | BP14: -1.75e-21 | BQ14: -6.2080715e-24 | BR14: 1.75e-21 | BS14: 6.1316975e-24 | BT14: 0 | BU14: 0 | BV14: 0 | BW14: 0 | BX14: 0 | BY14: 0 | BZ14: 0 | CA14: 0 | CB14: 0 | CC14: 0 | CD14: 0 | CE14: 0
B15: - Rental & Utilities | C15: ='Education Income Statement'!C15 -> -5.7060208 | D15: =C15/C$10 -> -0.095430794 | E15: ='Education Income Statement'!E15 -> -6.2323398 | F15: =E15/E$10 -> -0.10694487 | G15: ='Education Income Statement'!G15 -> -6.2557307 | H15: =G15/G$10 -> -0.10327929 | I15: ='Education Income Statement'!I15 -> -7.4061008 | J15: =I15/I$10 -> -0.12173103 | K15: ='Education Income Statement'!K15 -> -6.67696 | L15: =K15/K$10 -> -0.085437803 | M15: ='Education Income Statement'!M15+Others!M15 -> -9.8119812 | N15: =M15/M$10 -> -0.11989677 | O15: ='Education Income Statement'!O15+Others!O15 -> -8.1166618 | P15: =O15/O$10 -> -0.094049455 | Q15: ='Education Income Statement'!Q15+Others!Q15 -> -11.629138 | R15: =Q15/Q$10 -> -0.11805982 | S15: ='Education Income Statement'!S15+Others!S15 -> -8.721 | T15: =S15/S$10 -> -0.083536083 | U15: ='Education Income Statement'!U15+Others!U15 -> -9.7092836 | V15: =U15/U$10 -> -0.090292097 | W15: ='Education Income Statement'!W15+Others!W15 -> -13.063871 | X15: -0.064332593 | Y15: ='Education Income Statement'!Y15+Others!Y15 -> -17.696778 | Z15: -0.0836857 | AA15: ='Education Income Statement'!AA15+Others!AA15 -> -13.281895 | AB15: -0.060791733 | AC15: ='Education Income Statement'!AC15+Others!AC15 -> -17.101627 | AD15: =IFERROR(AC15/AC$10,"") -> -0.12997503 | AE15: ='Education Income Statement'!AE15+Others!AE15 -> -16.524077 | AF15: =IFERROR(AE15/AE$10,"") -> -0.13494121 | AG15: ='Education Income Statement'!AG15+Others!AG15 -> -20.733109 | AH15: =IFERROR(AG15/AG$10,"") -> -0.15965145 | AI15: ='Education Income Statement'!AI15+Others!AI15 -> -19.770807 | AJ15: =IFERROR(AI15/AI$10,"") -> -0.15030867 | AK15: ='Education Income Statement'!AK15+Others!AK15 -> -19.546347 | AL15: =IFERROR(AK15/AK$10,"") -> -0.14272789 | AM15: ='Education Income Statement'!AM15+Others!AM15 -> -20.648575 | AN15: =IFERROR(AM15/AM$10,"") -> -0.089655243 | AO15: -24.045265 | AP15: =IFERROR(AO15/AO$10,"") -> -0.093341765 | AQ15: ='Education Income Statement'!AQ15+Others!AQ15 -> -20.58966 | AR15: =IFERROR(AQ15/AQ$10,"") -> -0.080675349 | AS15: -21.904282 | AT15: =IFERROR(AS15/AS$10,"") -> -0.084250098 | AU15: -21.490239 | AV15: =IFERROR(AU15/AU$10,"") -> -0.085335274 | AW15: -26.027723 | AX15: =IFERROR(AW15/AW$10,"") -> -0.094435012 | AY15: -22.262191 | AZ15: -0.083982448 | BA15: -25.434837 | BB15: -0.091828454 | BC15: -25.442787 | BD15: -0.099309451 | BE15: -29.497917 | BF15: -0.10004404 | BG15: -24.465596 | BH15: -0.086790952 | BI15: -30.376457 | BJ15: -0.10643385 | BK15: -29.075278 | BL15: -0.099014456 | BM15: -32.014211 | BN15: -0.10007127 | BP15: -5.649473 | BQ15: -0.020041333 | BR15: -11.439264 | BS15: -0.040081205 | BT15: -5.7984426 | BU15: -0.019746317 | BV15: -9.839512 | BW15: -0.030756731 | BX15: -7.6337204 | BY15: -0.022543772 | BZ15: -5.9688824 | CA15: -0.016760967 | CB15: -5.8443259 | CC15: -0.016652319 | CD15: -5.8146302 | CE15: -0.015467517
B16: - Others | C16: ='Education Income Statement'!C16 -> -2.42462 | D16: =C16/C$10 -> -0.040550748 | E16: ='Education Income Statement'!E16 -> -2.36457 | F16: =E16/E$10 -> -0.040575232 | G16: ='Education Income Statement'!G16 -> -3.32496 | H16: =G16/G$10 -> -0.05489359 | I16: ='Education Income Statement'!I16 -> -3.9717775 | J16: =I16/I$10 -> -0.065282474 | K16: ='Education Income Statement'!K16 -> -2.75455 | L16: =K16/K$10 -> -0.035246984 | M16: ='Education Income Statement'!M16+Others!M16 -> -5.97648 | N16: =M16/M$10 -> -0.07302915 | O16: ='Education Income Statement'!O16+Others!O16 -> -5.39245 | P16: =O16/O$10 -> -0.062483444 | Q16: ='Education Income Statement'!Q16+Others!Q16 -> -7.15452 | R16: =Q16/Q$10 -> -0.072633187 | S16: ='Education Income Statement'!S16+Others!S16 -> -3.595 | T16: =S16/S$10 -> -0.034435526 | U16: ='Education Income Statement'!U16+Others!U16 -> -5.8818086 | V16: =U16/U$10 -> -0.054698251 | W16: ='Education Income Statement'!W16+Others!W16 -> -5.3537457 | X16: -0.026364341 | Y16: ='Education Income Statement'!Y16+Others!Y16 -> -10.369383 | Z16: -0.049035429 | AA16: ='Education Income Statement'!AA16+Others!AA16 -> -4.285045 | AB16: -0.019612812 | AC16: ='Education Income Statement'!AC16+Others!AC16 -> -7.9216157 | AD16: =IFERROR(AC16/AC$10,"") -> -0.060205512 | AE16: ='Education Income Statement'!AE16+Others!AE16 -> -6.4823702 | AF16: =IFERROR(AE16/AE$10,"") -> -0.052937234 | AG16: ='Education Income Statement'!AG16+Others!AG16 -> -8.6354009 | AH16: =IFERROR(AG16/AG$10,"") -> -0.066495298 | AI16: ='Education Income Statement'!AI16+Others!AI16 -> -5.3514848 | AJ16: =IFERROR(AI16/AI$10,"") -> -0.040684964 | AK16: ='Education Income Statement'!AK16+Others!AK16 -> -8.5362292 | AL16: =IFERROR(AK16/AK$10,"") -> -0.062331749 | AM16: ='Education Income Statement'!AM16+Others!AM16 -> -8.6828368 | AN16: =IFERROR(AM16/AM$10,"") -> -0.037700512 | AO16: -11.252856 | AP16: =IFERROR(AO16/AO$10,"") -> -0.043682671 | AQ16: ='Education Income Statement'!AQ16+Others!AQ16 -> -6.1241769 | AR16: =IFERROR(AQ16/AQ$10,"") -> -0.02399603 | AS16: -10.25286 | AT16: =IFERROR(AS16/AS$10,"") -> -0.039435416 | AU16: -9.8945524 | AV16: =IFERROR(AU16/AU$10,"") -> -0.039290132 | AW16: -12.317961 | AX16: =IFERROR(AW16/AW$10,"") -> -0.044692605 | AY16: -6.2711289 | AZ16: -0.023657364 | BA16: -13.961573 | BB16: -0.050406048 | BC16: -8.0924689 | BD16: -0.031586895 | BE16: -12.103169 | BF16: -0.041048657 | BG16: -7.4714679 | BH16: -0.026504804 | BI16: -9.9330377 | BJ16: -0.034803647 | BK16: -11.683014 | BL16: -0.039785942 | BM16: -17.532224 | BN16: -0.054802912 | BP16: -7.4714679 | BQ16: -0.026504804 | BR16: -9.9330377 | BS16: -0.034803647 | BT16: -11.683014 | BU16: -0.039785942 | BV16: -17.532224 | BW16: -0.054802912 | BX16: -8.5781401 | BY16: -0.025332816 | BZ16: -6.8718012 | CA16: -0.019296416 | CB16: -8.3291052 | CC16: -0.023732236 | CD16: -14.368637 | CE16: -0.038222059
B17: Gross Profit (exclud. Deperec. /amort.) | C17: =C10+C11 -> 25.7779 | D17: =C17/C10 -> 0.43112452 | E17: =E10+E11 -> 10.611521 | F17: =E17/E10 -> 0.18209016 | G17: =G10+G11 -> 14.905014 | H17: =G17/G10 -> 0.24607506 | I17: =I10+I11 -> 9.7911266 | J17: =I17/I10 -> 0.16093272 | K17: =K10+K11 -> 35.838669 | L17: =K17/K10 -> 0.45858852 | M17: =M10+M11 -> 17.329749 | N17: =M17/M10 -> 0.21175958 | O17: =O10+O11 -> 24.111614 | P17: =O17/O10 -> 0.27938631 | Q17: =Q10+Q11 -> 22.794469 | R17: =Q17/Q10 -> 0.23141105 | S17: =S10+S11 -> 49.017 | T17: =S17/S10 -> 0.46952049 | U17: =U10+U11 -> 31.770657 | V17: =U17/U10 -> 0.29545323 | W17: =W10+W11 -> 24.428705 | X17: 0.49399538 | Y17: =Y10+Y11 -> 13.248564 | Z17: 0.41075452 | AA17: =AA10+AA11 -> 37.857733 | AB17: 0.55890026 | AC17: =AC10+AC11 -> 4.6589627 | AD17: =IFERROR(AC17/AC$10,"") -> 0.035408842 | AE17: =AE10+AE11 -> 9.4036787 | AF17: =IFERROR(AE17/AE$10,"") -> 0.076793631 | AG17: =AG10+AG11 -> -2.4173499 | AH17: =IFERROR(AG17/AG$10,"") -> -0.018614353 | AI17: =AI10+AI11 -> 14.678129 | AJ17: =IFERROR(AI17/AI$10,"") -> 0.1115913 | AK17: =AK10+AK11 -> -14.238199 | AL17: =IFERROR(AK17/AK$10,"") -> -0.10396767 | AM17: =AM10+AM11 -> 88.940015 | AN17: =IFERROR(AM17/AM$10,"") -> 0.3861738 | AO17: 93.305436 | AP17: =IFERROR(AO17/AO$10,"") -> 0.36220412 | AQ17: =AQ10+AQ11 -> 129.93805 | AR17: =IFERROR(AQ17/AQ$10,"") -> 0.50912923 | AS17: =AS10+AS11 -> 102.72618 | AT17: =IFERROR(AS17/AS$10,"") -> 0.39511409 | AU17: =AU10+AU11 -> 107.55645 | AV17: =IFERROR(AU17/AU$10,"") -> 0.42709434 | AW17: 102.91556 | AX17: =IFERROR(AW17/AW$10,"") -> 0.37340308 | AY17: 138.11562 | AZ17: 0.52103081 | BA17: 107.96009 | BB17: 0.38977282 | BC17: 105.26709 | BD17: 0.41088333 | BE17: 110.6434 | BF17: 0.37525402 | BG17: 151.66595 | BH17: 0.53803033 | BI17: 117.10096 | BJ17: 0.41030154 | BK17: 133.97762 | BL17: 0.45625432 | BM17: 135.82451 | BN17: 0.42456555 | BP17: 170.48208 | BQ17: 0.60477995 | BR17: 136.03816 | BS17: 0.47665419 | BT17: 157.25445 | BU17: 0.53552245 | BV17: 157.99921 | BW17: 0.4938801 | BX17: 212.3069 | BY17: 0.62698109 | BZ17: 206.85921 | CA17: 0.58087265 | CB17: 210.73454 | CC17: 0.60044886 | CD17: 216.60869 | CE17: 0.57620148
B18: Sales Expenses | C18: =SUM(C19:C20) -> -5.72559 | D18: =C18/C$10 -> -0.09575808 | E18: =SUM(E19:E20) -> -6.78494 | F18: =E18/E$10 -> -0.11642731 | G18: =SUM(G19:G20) -> -5.441967 | H18: =G18/G$10 -> -0.08984442 | I18: =SUM(I19:I20) -> -6.923643 | J18: =I18/I$10 -> -0.11380107 | K18: =SUM(K19:K20) -> -5.05609 | L18: =K18/K$10 -> -0.064697291 | M18: =SUM(M19:M20) -> -8.35681 | N18: =M18/M$10 -> -0.10211541 | O18: =SUM(O19:O20) -> -5.13009 | P18: =O18/O$10 -> -0.059443424 | Q18: =SUM(Q19:Q20) -> -8.84201 | R18: =Q18/Q$10 -> -0.089764703 | S18: =SUM(S19:S20) -> -6.231 | T18: =S18/S$10 -> -0.059685051 | U18: =SUM(U19:U20) -> -8.4181066 | V18: =U18/U$10 -> -0.078284715 | W18: =SUM(W19:W20) -> -10.90245 | X18: -0.05368875 | Y18: =SUM(Y19:Y20) -> -17.338386 | Z18: -0.08199091 | AA18: =SUM(AA19:AA20) -> -14.096713 | AB18: -0.064521187 | AC18: =SUM(AC19:AC20) -> -11.704945 | AD18: =IFERROR(AC18/AC$10,"") -> -0.088959402 | AE18: =SUM(AE19:AE20) -> -14.909758 | AF18: =IFERROR(AE18/AE$10,"") -> -0.12175814 | AG18: =SUM(AG19:AG20) -> -17.819859 | AH18: =IFERROR(AG18/AG$10,"") -> -0.13721851 | AI18: =SUM(AI19:AI20) -> -12.846106 | AJ18: =IFERROR(AI18/AI$10,"") -> -0.097663241 | AK18: =SUM(AK19:AK20) -> -18.89964 | AL18: =IFERROR(AK18/AK$10,"") -> -0.13800562 | AM18: =SUM(AM19:AM20) -> -15.363612 | AN18: =IFERROR(AM18/AM$10,"") -> -0.066708156 | AO18: -26.299415 | AP18: =IFERROR(AO18/AO$10,"") -> -0.10209219 | AQ18: =SUM(AQ19:AQ20) -> -15.602128 | AR18: =IFERROR(AQ18/AQ$10,"") -> -0.061132971 | AS18: -19.659111 | AT18: =IFERROR(AS18/AS$10,"") -> -0.075614531 | AU18: -18.432253 | AV18: =IFERROR(AU18/AU$10,"") -> -0.073192363 | AW18: =SUM(AW19:AW20) -> -29.248311 | AX18: =IFERROR(AW18/AW$10,"") -> -0.1061201 | AY18: -20.641985 | AZ18: -0.077870344 | BA18: -22.594152 | BB18: -0.081572609 | BC18: -17.729184 | BD18: -0.069201362 | BE18: -31.348535 | BF18: -0.10632053 | BG18: -24.661708 | BH18: -0.087486655 | BI18: -23.393026 | BJ18: -0.08196512 | BK18: -25.070375 | BL18: -0.085375954 | BM18: -31.979471 | BN18: -0.09996268 | BP18: -24.661708 | BQ18: -0.087486655 | BR18: -23.393026 | BS18: -0.08196512 | BT18: -25.070375 | BU18: -0.085375954 | BV18: -31.979471 | BW18: -0.09996268 | BX18: -32.025118 | BY18: -0.094576028 | BZ18: -42.198967 | CA18: -0.11849714 | CB18: -31.946437 | CC18: -0.091025428 | CD18: -58.069899 | CE18: -0.15447193
B19: - Provision for Doubtful Accounts (PDA) | C19: ='Education Income Statement'!C19 -> -4.13213 | D19: =C19/C$10 -> -0.069108133 | E19: ='Education Income Statement'!E19 -> -4.60531 | F19: =E19/E$10 -> -0.079025583 | G19: ='Education Income Statement'!G19 -> -3.679807 | H19: =G19/G$10 -> -0.060751953 | I19: ='Education Income Statement'!I19 -> -4.6692473 | J19: =I19/I$10 -> -0.076746498 | K19: ='Education Income Statement'!K19 -> -3.27854 | L19: =K19/K$10 -> -0.041951915 | M19: ='Education Income Statement'!M19+Others!M19 -> -3.8622 | N19: =M19/M$10 -> -0.047193864 | O19: ='Education Income Statement'!O19+Others!O19 -> -2.33795 | P19: =O19/O$10 -> -0.027090315 | Q19: ='Education Income Statement'!Q19+Others!Q19 -> -4.29931 | R19: =Q19/Q$10 -> -0.043646896 | S19: ='Education Income Statement'!S19+Others!S19 -> -3.463 | T19: =S19/S$10 -> -0.033171134 | U19: ='Education Income Statement'!U19+Others!U19 -> -4.262084 | V19: =U19/U$10 -> -0.03963552 | W19: ='Education Income Statement'!W19+Others!W19 -> -3.6161062 | X19: -0.017807394 | Y19: ='Education Income Statement'!Y19+Others!Y19 -> -7.3920001 | Z19: -0.034955782 | AA19: ='Education Income Statement'!AA19+Others!AA19 -> -8.2309113 | AB19: -0.03767319 | AC19: ='Education Income Statement'!AC19+Others!AC19 -> -5.5428439 | AD19: =IFERROR(AC19/AC$10,"") -> -0.042126476 | AE19: ='Education Income Statement'!AE19+Others!AE19 -> -8.6197606 | AF19: =IFERROR(AE19/AE$10,"") -> -0.070391889 | AG19: ='Education Income Statement'!AG19+Others!AG19 -> -9.0844483 | AH19: =IFERROR(AG19/AG$10,"") -> -0.069953105 | AI19: ='Education Income Statement'!AI19+Others!AI19 -> -6.9696572 | AJ19: =IFERROR(AI19/AI$10,"") -> -0.05298721 | AK19: ='Education Income Statement'!AK19+Others!AK19 -> -12.619259 | AL19: =IFERROR(AK19/AK$10,"") -> -0.092146133 | AM19: ='Education Income Statement'!AM19+Others!AM19 -> -8.6898784 | AN19: =IFERROR(AM19/AM$10,"") -> -0.037731086 | AO19: -17.274811 | AP19: =IFERROR(AO19/AO$10,"") -> -0.06705941 | AQ19: ='Education Income Statement'!AQ19+Others!AQ19 -> -8.859848 | AR19: =IFERROR(AQ19/AQ$10,"") -> -0.034715062 | AS19: -13.165887 | AT19: =IFERROR(AS19/AS$10,"") -> -0.050639746 | AU19: -9.0404231 | AV19: =IFERROR(AU19/AU$10,"") -> -0.035898483 | AW19: -15.100069 | AX19: =IFERROR(AW19/AW$10,"") -> -0.054786782 | AY19: -9.6247198 | AZ19: -0.036308535 | BA19: -12.055999 | BB19: -0.043526275 | BC19: -7.740838 | BD19: -0.030214393 | BE19: -15.344105 | BF19: -0.052040495 | BG19: -7.3240847 | BH19: -0.025981966 | BI19: -11.247987 | BJ19: -0.039411001 | BK19: -10.574937 | BL19: -0.036012436 | BM19: -15.071847 | BN19: -0.04711217 | BP19: -7.3240847 | BQ19: -0.025981966 | BR19: -11.247987 | BS19: -0.039411001 | BT19: -10.574937 | BU19: -0.036012436 | BV19: -15.071847 | BW19: -0.04711217 | BX19: -11.551257 | BY19: -0.034112973 | BZ19: -29.351727 | CA19: -0.082421349 | CB19: -14.804197 | CC19: -0.042181807 | CD19: -29.707836 | CE19: -0.079025911
B20: - Marketing | C20: ='Education Income Statement'!C20 -> -1.59346 | D20: =C20/C$10 -> -0.026649947 | E20: ='Education Income Statement'!E20 -> -2.17963 | F20: =E20/E$10 -> -0.037401724 | G20: ='Education Income Statement'!G20 -> -1.76216 | H20: =G20/G$10 -> -0.029092467 | I20: ='Education Income Statement'!I20 -> -2.2543956 | J20: =I20/I$10 -> -0.037054574 | K20: ='Education Income Statement'!K20 -> -1.77755 | L20: =K20/K$10 -> -0.022745376 | M20: ='Education Income Statement'!M20+Others!M20 -> -4.49461 | N20: =M20/M$10 -> -0.054921551 | O20: ='Education Income Statement'!O20+Others!O20 -> -2.79214 | P20: =O20/O$10 -> -0.032353109 | Q20: ='Education Income Statement'!Q20+Others!Q20 -> -4.5427 | R20: =Q20/Q$10 -> -0.046117808 | S20: ='Education Income Statement'!S20+Others!S20 -> -2.768 | T20: =S20/S$10 -> -0.026513918 | U20: ='Education Income Statement'!U20+Others!U20 -> -4.1560226 | V20: =U20/U$10 -> -0.038649195 | W20: ='Education Income Statement'!W20+Others!W20 -> -7.2863439 | X20: -0.035881356 | Y20: ='Education Income Statement'!Y20+Others!Y20 -> -9.9463854 | Z20: -0.047035129 | AA20: ='Education Income Statement'!AA20+Others!AA20 -> -5.8658021 | AB20: -0.026847997 | AC20: ='Education Income Statement'!AC20+Others!AC20 -> -6.1621009 | AD20: =IFERROR(AC20/AC$10,"") -> -0.046832926 | AE20: ='Education Income Statement'!AE20+Others!AE20 -> -6.2899971 | AF20: =IFERROR(AE20/AE$10,"") -> -0.05136625 | AG20: ='Education Income Statement'!AG20+Others!AG20 -> -8.7354108 | AH20: =IFERROR(AG20/AG$10,"") -> -0.067265406 | AI20: ='Education Income Statement'!AI20+Others!AI20 -> -5.8764486 | AJ20: =IFERROR(AI20/AI$10,"") -> -0.044676031 | AK20: ='Education Income Statement'!AK20+Others!AK20 -> -6.2803801 | AL20: =IFERROR(AK20/AK$10,"") -> -0.045859485 | AM20: ='Education Income Statement'!AM20+Others!AM20 -> -6.6737334 | AN20: =IFERROR(AM20/AM$10,"") -> -0.02897707 | AO20: -9.0246044 | AP20: =IFERROR(AO20/AO$10,"") -> -0.03503278 | AQ20: ='Education Income Statement'!AQ20+Others!AQ20 -> -6.7422796 | AR20: =IFERROR(AQ20/AQ$10,"") -> -0.026417909 | AS20: -6.4932236 | AT20: =IFERROR(AS20/AS$10,"") -> -0.024974784 | AU20: -9.3918302 | AV20: =IFERROR(AU20/AU$10,"") -> -0.03729388 | AW20: -14.148242 | AX20: =IFERROR(AW20/AW$10,"") -> -0.051333319 | AY20: -11.017266 | AZ20: -0.041561809 | BA20: -10.538153 | BB20: -0.038046334 | BC20: -9.988346 | BD20: -0.038986969 | BE20: -16.00443 | BF20: -0.054280031 | BG20: -17.337623 | BH20: -0.061504689 | BI20: -12.145039 | BJ20: -0.042554118 | BK20: -14.495439 | BL20: -0.049363518 | BM20: -16.907623 | BN20: -0.05285051 | BP20: -17.337623 | BQ20: -0.061504689 | BR20: -12.145039 | BS20: -0.042554118 | BT20: -14.495439 | BU20: -0.049363518 | BV20: -16.907623 | BW20: -0.05285051 | BX20: -20.473861 | BY20: -0.060463055 | BZ20: -12.84724 | CA20: -0.036075793 | CB20: -17.142239 | CC20: -0.048843621 | CD20: -28.362064 | CE20: -0.075446019
B21: General & Administrative Expenses | C21: =SUM(C22:C25) -> 13.014711 | D21: =C21/C$10 -> 0.21766555 | E21: =SUM(E22:E25) -> 12.310062 | F21: =E21/E$10 -> 0.21123656 | G21: =SUM(G22:G25) -> 12.977006 | H21: =G21/G$10 -> 0.21424451 | I21: =SUM(I22:I25) -> 14.367134 | J21: =I21/I$10 -> 0.23614668 | K21: =SUM(K22:K25) -> 17.836527 | L21: =K21/K$10 -> 0.22823466 | M21: =SUM(M22:M25) -> 12.312283 | N21: =M21/M$10 -> 0.15044902 | O21: =SUM(O22:O25) -> 14.419375 | P21: =O21/O$10 -> 0.16708031 | Q21: =SUM(Q22:Q25) -> 14.507432 | R21: =Q21/Q$10 -> 0.14728047 | S21: =SUM(S22:S25) -> 16.964 | T21: =S21/S$10 -> 0.16249353 | U21: =SUM(U22:U25) -> 14.97815 | V21: =U21/U$10 -> 0.13929025 | W21: =SUM(W22:W25) -> 52.2566 | X21: -0.11636117 | Y21: =SUM(Y22:Y25) -> 48.619173 | Z21: -0.11819025 | AA21: =SUM(AA22:AA25) -> 61.374183 | AB21: -0.10471205 | AC21: =SUM(AC22:AC25) -> 60.678235 | AD21: =IFERROR(AC21/AC$10,"") -> 0.46116403 | AE21: =SUM(AE22:AE25) -> 60.948193 | AF21: =IFERROR(AE21/AE$10,"") -> 0.49772362 | AG21: =SUM(AG22:AG25) -> 59.897293 | AH21: =IFERROR(AG21/AG$10,"") -> 0.46122796 | AI21: =SUM(AI22:AI25) -> 75.795404 | AJ21: =IFERROR(AI21/AI$10,"") -> 0.57623882 | AK21: =SUM(AK22:AK25) -> 81.00536 | AL21: =IFERROR(AK21/AK$10,"") -> 0.59150307 | AM21: =SUM(AM22:AM25) -> -25.556823 | AN21: =IFERROR(AM21/AM$10,"") -> -0.11096665 | AO21: -29.234302 | AP21: =IFERROR(AO21/AO$10,"") -> -0.11348518 | AQ21: =SUM(AQ22:AQ25) -> -27.310696 | AR21: =IFERROR(AQ21/AQ$10,"") -> -0.10701002 | AS21: -29.213915 | AT21: =IFERROR(AS21/AS$10,"") -> -0.11236502 | AU21: -27.634132 | AV21: =IFERROR(AU21/AU$10,"") -> -0.10973197 | AW21: =SUM(AW22:AW25) -> -29.243058 | AX21: =IFERROR(AW21/AW$10,"") -> -0.10610104 | AY21: -27.471873 | AZ21: -0.10363558 | BA21: -31.915483 | BB21: -0.1152258 | BC21: -28.453006 | BD21: -0.11105907 | BE21: -27.337619 | BF21: -0.092717253 | BG21: -28.634845 | BH21: -0.10158124 | BI21: -33.662926 | BJ21: -0.11794908 | BK21: -32.904366 | BL21: -0.11205423 | BM21: -35.009555 | BN21: -0.10943424 | BP21: -28.474345 | BQ21: -0.10101187 | BR21: -32.232848 | BS21: -0.11293833 | BT21: -30.827139 | BU21: -0.10498033 | BV21: -33.768801 | BW21: -0.10555584 | BX21: -34.666443 | BY21: -0.10237634 | BZ21: -36.206826 | CA21: -0.10167086 | CB21: -44.700016 | CC21: -0.12736438 | CD21: -48.895669 | CE21: -0.13006753
